Workbook
Name _AFC1: #REF!
Name _AFC3: #REF!
Name _AFC5: #REF!
Name _BGC1: #REF!
Name _BGC3: #REF!
Name _BGC5: #REF!
Name _CAC1: #REF!
Name _CAC3: #REF!
Name _CAC5: #REF!
Name _Cod1: #REF!
Name _Cod1: #REF!
Name _Cod1: #REF!
Name _Cod1: #REF!
Name _Cod1: #REF!
Name _Cod1: #REF!
Name _Cod1: #REF!
Name _Cod1: #REF!
Name _Cod1: #REF!
Name _Cod1: #REF!
Name _Cod1: #REF!
Name _Cod1: #REF!
Name _Cod1: #REF!
Name _Cod1: #REF!
Name _Cod1: #REF!
Name _MA2: #REF!
Name _MA2: #REF!
Name _MA2: #REF!
Name _MA2: #REF!
Name _MA2: #REF!
Name _MA2: #REF!
Name _MA2: #REF!
Name _MA2: #REF!
Name _MA2: #REF!
Name _MA2: #REF!
Name _MA2: #REF!
Name _MA2: #REF!
Name _MA2: #REF!
Name _MA2: #REF!
Name _MA2: #REF!
Name _Pa1: #REF!
Name _Pa2: #REF!
Name _Pa3: #REF!
Name _Pa4: #REF!
Name _SBC1: #REF!
Name _SBC3: #REF!
Name _SBC5: #REF!
Name a: #REF!
Name a: #REF!
Name a: #REF!
Name a: #REF!
Name a: #REF!
Name a: #REF!
Name a: #REF!
Name a: #REF!
Name a: #REF!
Name a: #REF!
Name a: #REF!
Name a: #REF!
Name a: #REF!
Name a: #REF!

Sheet Instructivo
F1: Sistema de Gestión Integral (SGI) Instructivo - Componente Financiero EP Código: F-PGC-21. Versión: 05
F2: Hoja "Instructivo"
A5: Color | B5: Hoja | D5: Color | E5: Celda
A6: Gris | B6: Informativa | D6: Azul | E6: Protegida
A7: Vinotinto | B7: Formatos
A8: Morado | B8: Variables
A10: Para un mejor diligenciamiento de los formatos y uso de las variables y hojas informativas que se encuentran en este libro, se recomienda, antes de empezar a diligenciar, leer el instructivo, que se encuentra consignado en la presente hoja, igualmente, cada hoja contiene un número significativo de comentarios, los cuales, pretenden ayudar al diligenciamiento, se recomienda leerlos y aplicarlos de manera atenta. En caso de requerir apoyo, favor comunicarse con el asesor(a) financiero(a) asignado para el proceso.
A12: HOJAS INFORMATIVAS
A13: Nombre | D13: Descripción
A14: Cuantías de contratación (por pluralidad de oferentes) | D14: En la hoja se encuentran los valores establecidos anualmente, para identificar dentro de la contratación por pluralidad de oferentes, de acuerdo al valor del presupuesto, si se clasifica dentro de una mínima cuantía, menor cuantía o licitación pública, en los casos que aplique.
A15: Documentos de apoyo | D15: En la hoja se encuentran listas enunciativas de documentos de apoyo, que pueden presentar interés, al igual, que guíar el accionar en el ámbito general de la contratación pública y específico de la asesoría financiera a la misma. Se deberá considerar que las listas no son exhaustivas, es decir, no contemplan todos los documentos de cada categoría, al igual, que depende de la actualización constante de la Subdirección Administrativa y Financiera.
A16: Impuestos y garantías | D16: En la hoja se encuentra una lista enunciativa de los impuestos y las garantías en los que puede incurrir el ejecutor, las cuales dependen de la especificidad del proceso. La lista es de carácter informativa en caso que se emitan consultas al respecto.
A17: Información anticipos y pagos anticipados | D17: En la hoja se encuentra una corta explicación sobre la consideración normativa de los anticipos y pagos anticipados, que tiene como objeto orientar respecto a este tema de frecuente consulta e inquietud; tema sobre el cual, se requiere tener claridad para la estipulación de la ejecución física y financiera de los procesos.
A18: Información procesos de obra pública y capacidad residual (K) | D18: En la hoja se encuentra una corta explicación sobre los procesos de obra, y el cálculo de la capacidad residual (K) en los casos que se requiera, que tiene como objeto suministrar información de interés general respecto a este tema de frecuente consulta e inquietud; tener en cuenta que este tema es de competencia tanto jurídica como técnica y financiera.
A19: Información IVA | D19: En la hoja se encuentra una corta explicación sobre las consideraciones respecto al IVA, que tiene como objeto orientar respecto a este tema de frecuente consulta e inquietud.
A20: Notas propuesta económica | D20: En la hoja se encuentra una lista enunciativa de notas, las cuales deberán ser elegidas de acuerdo a la especificidad del proceso contractual, con el fin de incluirlas en el formato de propuesta económica. Las notas tienen como objeto orientar a los oferentes en el diligenciamiento de dicho formato.
A21: Requisitos habilitantes capacidad financiera y organizacional | D21: En la hoja se encuentran los requisitos de capacidad financiera y organizacional vigentes
A23: FORMATOS (PARA DILIGENCIAR) | I23: DILIGENCIAR EN CASO DE:
A24: Nombre | D24: Descripción | I24: Contratos por contratación directa | J24: Contratos por pluralidad de oferentes | K24: Convenios
A25: DILIGENCIAR PARA EVALUACIÓN POR PARTE DEL COMITÉ DE CONTRATACIÓN (Asesor técnico)
A26: Se recomienda que el asesor técnico para la planeación financiera del proceso contractual, empiece con el diligenciamiento paralelo de la memoria de cálculo con su debido estudio de mercado, para seguir con la estipulación de los gastos de administración, si aplican. En un segundo momento, se recomienda diligenciar, el presupuesto de acuerdo a la modalidad del proceso, y el plan de ejecución física y de inversiones. El técnico podrá anexar al presente libro las hojas que considere necesarias con el fin de suportar la estimación de los valores. NOTA: Se recomienda iniciar escribiendo en el formato del Plan de ejecución los datos básicos de modalidad de contratación y objeto a contratar, ya que está información alimenta a las demás hojas.
A27: Plan de ejecución física y de inversiones | D27: Diligenciar la programación física y financiera del proceso, tanto en la étapa inicial, como en el caso de solicitud de Otrosí de adición de recursos o prórroga, o cuando el Otrosí de modificación implique cambios en el presupuesto. | I27: X | J27: X | K27: X
A28: Plan de ejecución física y de inversiones - Prestación de Servicios Personales | D28: Diligenciar exclusivamente para los contratos de Prestación de Servicios Personales que suscribe la Corporación con una persona natural. Este formato simplificado permite la programación física y financiera del proceso, tanto en la étapa inicial, como en el caso de solicitud de Otrosí de adición de recursos o prórroga, o cuando el Otrosí de modificación implique cambios en el presupuesto. | I28: X
A29: Presupuesto - Modalidad contrato | D29: Diligenciar en caso que el proceso se tipifique dentro de las modalidades de contratos. El presupuesto es un documento donde se plasman los recursos económicos requeridos para llevar a cabo de manera exitosa el proceso contractual. | I29: X | J29: X
A30: Presupuesto - Modalidad contrato - Prestación de Servicios Personales | D30: Diligenciar exclusivamente para los contratos de Prestación de Servicios Personales que suscribe la Corporación con una persona natural. En este formato simplificado se plasma el presupuesto, donde se relacionan los recursos económicos requeridos para llevar a cabo de manera exitosa el proceso contractual. | I30: X
A31: Presupuesto - Modalidad convenio | D31: Diligenciar en caso que el proceso se tipifique dentro de las modalidades de convenios. El presupuesto es un documento donde se plasman los recursos económicos requeridos para llevar a cabo de manera exitosa el proceso contractual. | K31: X
A32: Memoria de cálculo - Opción 1 | D32: Diligenciar de acuerdo a las características del proceso, alcance y/o actividad. La memoria de cálculo es un documento descriptivo donde se refleja de manera exhaustiva y detallada, todos y cada uno de los elementos que intervienen en el proceso, alcance y/o actividad que se está valorando. Esta memoria de cálculo es útil para la compra de productos terminados, bienes con características homogéneas, o bienes y servicios que se valoren a todo costo, entre otras opciones, por ejemplo: compra de equipos o insumos. Nota: Tener en cuenta que para valorar una variable o ítem se utiliza una sola memoria de cálculo y no las tres opciones, por ejemplo, si se quiere valorar la adquisición de 1 equipo de cómputo, dicha adquisición se deja consignada en solo una de las memorias de cálculo, no se tiene que utilizar las tres opciones para este mismo ítem. | I32: Se seleccionará el formato de memoria de cálculo que mejor se adapte a las características del proceso, alcance y/o actividad a valorar.
A33: Memoria de cálculo - Opción 2 | D33: Diligenciar de acuerdo a las características del proceso, alcance y/o actividad. La memoria de cálculo es un documento descriptivo donde se refleja de manera exhaustiva y detallada, todos y cada uno de los elementos que intervienen en el proceso, alcance y/o actividad que se está valorando. Esta memoria de cálculo es útil para los procesos de obra. Nota: Tener en cuenta que para valorar una variable o ítem se utiliza una sola memoria de cálculo y no las tres opciones, por ejemplo, si se quiere valorar la adquisición de 1 equipo de cómputo, dicha adquisición se deja consignada en solo una de las memorias de cálculo, no se tiene que utilizar las tres opciones para este mismo ítem. | I33: Se seleccionará el formato de memoria de cálculo que mejor se adapte a las características del proceso, alcance y/o actividad a valorar.
A34: Memoria de cálculo - Opción 3 | D34: Diligenciar de acuerdo a las características del proceso, alcance y/o actividad. La memoria de cálculo es un documento descriptivo donde se refleja de manera exhaustiva y detallada, todos y cada uno de los elementos que intervienen en el proceso, alcance y/o actividad que se está valorando. Esta memoria de cálculo es útil para procesos que requieran detallar todos los elementos del costo, por ejemplo, realización de talleres, donde se debe considerar los materiales, los refrigerios, alquiler de equipos, entre otros. Nota: Tener en cuenta que para valorar una variable o ítem se utiliza una sola memoria de cálculo y no las tres opciones, por ejemplo, si se quiere valorar la adquisición de 1 equipo de cómputo, dicha adquisición se deja consignada en solo una de las memorias de cálculo, no se tiene que utilizar las tres opciones para este mismo ítem. | I34: Se seleccionará el formato de memoria de cálculo que mejor se adapte a las características del proceso, alcance y/o actividad a valorar.
A35: Estudio de mercado | D35: Un estudio de mercado es el proceso mediante el cual, se recoge y análiza información que sirve para identificar las características, valores y condiciones del bien o servicio a adquirir, con el fin de obtenerlos acuerdo a las estipulaciones del mercado, bajo el principio de plena competencia. En la corporación el estudio de mercado se realiza mediante la identificación de valores por medio de cotizaciones debidamente radicadas, valores históricos de los bienes y servicios de interés, recolección de información de sitios de internet soportados con los debidos pantallazos, y demás información de diferentes fuentes con sus correspondientes medios de verificación. El estudio de mercado no se puede confundir con el estudio de sector, este último, requerido solo para algunos procesos contractuales. En el estudio de mercado, pueden hacer parte, debidamente soportados o en todo caso que permita realizar la trazabilidad, los valores establecidos en otros procesos contractuales para los mismos bienes y servicios, de la misma vigencia o de anteriores vigencias, en caso de utilizar valores de vigencias anteriores se deberá realizar la respectiva actualización con la inflación anual de la o las vigencias pasadas. | I35: X | J35: X | K35: X
A36: Determinación de gastos de administración | D36: Diligenciar para determinar el porcentaje de los gastos de administración o administración del proceso, de acuerdo a las características del mismo, considerando no tener duplicidad en ítems ya contemplados en el presupuesto general del proceso. | I36: X | J36: X | K36: X
A37: Identificación de bienes nacionales relevantes | D37: Diligenciar para identificar los bienes nacionales relevantes en los procesos que apliquen. | J37: X
A38: DILIGENCIAR COMO PARTE DE LOS DOCUMENTOS A SUBIR A LA PLATAFORMA SECOP (Asesor financiero)
A39: Propuesta económica - Opción 1 | D39: Diligenciar con el objeto de suministrarle a los oferentes la estructura y condiciones de la presentación de las respectivas propuestas económicas, se recomienda su uso para procesos que se hayan planeado en el formato memoria de cálculo - opción 1. | J39: X
A40: Propuesta económica - Opción 2 | D40: Diligenciar con el objeto de suministrarle a los oferentes la estructura y condiciones de la presentación de las respectivas propuestas económicas, se recomienda su uso para procesos que se hayan planeado en el formato memoria de cálculo - opción 2. | J40: X
A41: Propuesta económica - Opción 3 | D41: Diligenciar con el objeto de suministrarle a los oferentes la estructura y condiciones de la presentación de las respectivas propuestas económicas, se recomienda su uso para procesos que se hayan planeado en el formato memoria de cálculo - opción 3. | J41: X
A42: Estimación PAB comparación absoluta | D42: Diligenciar con el objeto realizar el acta del Precio Artificialmente Bajo (PAB). La cual, se elabora paralelamente con el formato de propuesta económica para el proceso. | J42: X
A43: DILIGENCIAR PARA EVALUACIÓN FINANCIERA DE OFERENTES (Asesor financiero)
A44: Verificación de requisitos habilitantes de los proponentes sobre capacidad financiera y organizacional | D44: Diligenciar con el fin de consignar la verificación de los requisitos habilitantes de los proponentes, sobre capacidad financiera y organizacional, en los casos que apliquen. | J44: X
A45: Estimación PAB comparación relativa | D45: Diligenciar solamente en el caso que sea necesario aplicar la metodología de comparación relativa, es decir, cuando se hayan presentado más de 5 ofertas, con el fin de evaluar los PAB de los oferentes. | J45: X
A46: DILIGENCIAR EN CASO DE PROCESOS DE SELECCIÓN ABREVIADA POR SUBASTA INVERSA (Asesor financiero)
A47: Subasta inversa - Análisis de habilitados | D47: Diligenciar (de manera física o virtual) en caso de realizarse una subasta inversa | J47: X
A48: Subasta inversa presencial - Análisis de lances | D48: Diligenciar (de manera física o virtual) en caso de realizarse una subasta inversa presencial | J48: X
A49: Subasta inversa presencial - Lances de precios | D49: Imprimir para diligenciar de manera física por parte de los oferentes, en caso de realizarse una subasta inversa presencial | J49: X
A50: Subasta inversa presencial - Declinación de lances | D50: Imprimir para diligenciar de manera física por parte de los oferentes, en caso de realizarse una subasta inversa presencial | J50: X
A52: VARIABLES (ESTIPULACIÓN DE VALORES DE CARÁCTER CORPORATIVO)
A53: Nombre | D53: Descripción
A54: Valores de gastos de desplazamiento y manutención | D54: Determinación de los valores de los gastos de desplazamiento (transporte) y manutención (alimentación y/o alojamiento) a reconocer en las comisiones que se requieran realizar en la ejecución del proceso contractual.
A55: Valores de honorarios (prestadores de servicios) | D55: Determinación de los valores para el reconocimiento de los honorarios a pagar en el caso de vinculación por contrato de prestación de servicios personales (contrato civil).
A56: Valores de jornales | D56: Determinación de los valores para el reconocimiento del pago, cuando el mismo se realiza de manera diaria al trabajador.
A57: Valores de salarios | D57: Determinación de los valores de los salarios percibidos por el personal con vinculación laboral a la corporación, estos valores se utilizan únicamente para cuantificar el aporte en especie corporativo de su personal, en los casos que aplique.
A58: Valores de alimentación | D58: Determinación de los valores a reconocer por el suministro de alimentación, tales como refrigerios y almuerzos, entre otros.
A59: Valores de distintivos corporativos | D59: Determinación de los valores a reconocer por el suministro de distintivos corporativos, tales como gorras, pavas, camisetas, chalecos, entre otros.
A61: Nota 1: El presente libro en excel contiene los formatos y variables de frecuente y general uso para la planeación financiera de los procesos contractuales de la entidad, los mismos se diligenciarán y utilizarán de acuerdo a la especificidad del proceso, el diligenciamiento es de responsabilidad del técnico del proceso (a excepción de los formatos donde expresamente se señale que el diligenciamiento es por el asesor financiero), el cual, tendrá acompañamiento por parte del respectivo asesor financiero del proceso. En caso de no requerir una o varias hojas del presente libro, favor ocultarlas (no eliminarlas).
A62: Nota 2: En los contratos por pluralidad de oferentes al momento de subir el presente libro a la plataforma SECOP, el asesor jurídico y el asesor técnico deberán coordinar con el asesor financiero las hojas del presente libro a publicar y su debida protección, considerando que se recomienda dejar visibles las hojas que hayan sido diligenciadas o se hayan utilizado para el diligenciamiento del presupuesto y el soporte de las estimaciones del mismo, en los casos que se puedan, lo que implica que las demás hojas se deben ocultar, y el libro proteger, con el fin de evitar confusiones innecesarias a los posibles oferentes. Así mismo, con el fin de proporcionarles claridades a las oferentes, se publicará la hoja de propuesta económica que estos deben diligenciar aparte del libro con las hojas de la planeación del proceso, y se debe ocultar la hoja de la estimación del PAB por comparación absoluta. En todo caso, para la publicación de la información, se debe considerar lo dispuesto en el Decreto 1510 de 2013 artículos 19 y 20.
A63: Nota 3: La actualización del presente libro es responsabilidad de la Subdirección Administrativa y Financiera, quien actualizará los formatos en caso de alguna novedad, y actualizará las variables a inicio de cada año con la expedición del respectivo memorando, en caso de las variables que se actualicen por parte de otras dependencias, por ejemplo, costos de alimentación por parte de la Subdirección de Cultura y Participación, o Distintivos por parte de la Subdirección de Comunicaciones, la Subdirección Administrativa y Financiera actualizará la variable posterior a que la subdirección encargada emita el memorando, para estos casos, si hay cambio de vigencia (de un año a otro), se utilizará el valor que actualmente esté establecido por memorando, actualizado con la inflación anual de la o las vigencias pasadas, cifra a expresar redondeada a la centena más cercana.

Sheet Plan Ejecución
F1: =Instructivo!F1 -> Sistema de Gestión Integral (SGI) Instructivo - Componente Financiero EP Código: F-PGC-21. Versión: 05
F2: Hoja "Plan Ejecución física y de inversiones"
A4: MODALIDAD DE CONTRATACIÓN: | C4: Convenio Interadministrativo | J4: =C4 -> Convenio Interadministrativo
A5: OBJETO A CONTRATAR: | C5: Aunar esfuerzos para ejecutar acciones enfocadas al apoyo del PGIRS mediante acciones y estrategias enfocadas en la gestión, el aprovechamiento y la economía circular, en el municipio de Concordia | J5: =C5 -> Aunar esfuerzos para ejecutar acciones enfocadas al apoyo del PGIRS mediante acciones y estrategias enfocadas en la gestión, el aprovechamiento y la economía circular, en el municipio de Concordia
A7: CONTRATISTA/CONVENIANTE: | C7: Municipio de Concordia
A8: NOMBRE DEL TÉCNICO (A):
A9: DURACIÓN Y/O PLAZO DEL CONTRATO (MESES): | C9: 2.5
A10: PERIODO DE PROGRAMACIÓN Y SEGUIMIENTO: | C10: Mensual
A12: PROGRAMACIÓN FÍSICA
B13: Descripción | C13: % de importancia | D13: % de importancia subactividades | E13: Unidad de medida | F13: Cantidad Programada | G13: Distribución física
G14: Período 1 | H14: Período 2 | I14: Período 3
A15: META/ PRODUCTO A OBTENER: | D15: =SUM(D16:D50) -> 1 | F15: =F16+F25 -> 139 | J15: =F15-SUM(G15:I15) -> 139
A16: Alcance 1 | B16: Fortalecimiento de la gestión de residuos peligrosos y especiales. | C16: 0.4 | F16: =F17+F21 -> 25 | G16: =G17+G21 -> 3 | H16: =H17+H21 -> 22 | I16: =I17+I21 -> 0 | J16: =F16-SUM(G16:I16) -> 0
A17: Actividad 1.1 | B17: Censo y clasificación de establecimientos generadores de residuos peligrosos. | C17: =3/4 -> 0.75 | F17: =SUM(F18:F20) -> 3 | G17: =SUM(G18:G20) -> 3 | H17: =SUM(H18:H20) -> 0 | I17: =SUM(I18:I20) -> 0 | J17: =F17-SUM(G17:I17) -> 0
A18: Subactividad/Producto 1.1.1 | B18: Un (1) documento con las evidencias comunicacionales de la invitación a la capacitación. | C18: 0.3 | D18: =C18*$C$17*$C$16 -> 0.09 | E18: Documento | F18: =SUM(G18:I18) -> 1 | G18: 1 | J18: =F18-SUM(G18:I18) -> 0
A19: Subactividad/Producto 1.1.2 | B19: Una (1) base de datos en Excel con el censo y la clasificación de los establecimientos generadores de residuos peligrosos. | C19: 0.4 | D19: =C19*$C$17*$C$16 -> 0.12 | E19: Documento | F19: =SUM(G19:I19) -> 1 | G19: 1 | J19: =F19-SUM(G19:I19) -> 0
A20: Subactividad/Producto 1.1.3 | B20: Un (1) documento tipo tabla con los registros de visita a los establecimientos, incluye registro fotográfico. | C20: 0.3 | D20: =C20*$C$17*$C$16 -> 0.09 | E20: Documento | F20: =SUM(G20:I20) -> 1 | G20: 1 | J20: =F20-SUM(G20:I20) -> 0
A21: Actividad 1.2 | B21: Capacitación a representantes de los establecimientos generadores de residuos peligrosos. | C21: =1/4 -> 0.25 | F21: =SUM(F22:F24) -> 22 | G21: =SUM(G22:G24) -> 0 | H21: =SUM(H22:H24) -> 22 | I21: =SUM(I22:I24) -> 0 | J21: =F21-SUM(G21:I21) -> 0
A22: Subactividad/Producto 1.2.1 | B22: Un (1) acta de capacitación con registro de asistencia y entrega de refrigerios (registro fotográfico). | C22: 0.4 | D22: =C22*$C$21*$C$16 -> 0.04 | E22: Acta | F22: =SUM(G22:I22) -> 1 | H22: 1 | J22: =F22-SUM(G22:I22) -> 0
A23: Subactividad/Producto 1.2.2 | B23: Un (1) documento con las evidencias comunicacionales de la convocatoria a la capacitación. | C23: 0.3 | D23: =C23*$C$21*$C$16 -> 0.03 | E23: Documento | F23: =SUM(G23:I23) -> 1 | H23: 1 | J23: =F23-SUM(G23:I23) -> 0
A24: Subactividad/Producto 1.2.3 | B24: Veinte (20) refrigerios entregados en la jornada de capacitación (registro fotográfico). | C24: 0.3 | D24: =C24*$C$21*$C$16 -> 0.03 | E24: Unidad | F24: =SUM(G24:I24) -> 20 | H24: 20 | J24: =F24-SUM(G24:I24) -> 0
A25: Alcance 2 | B25: Promoción del aprovechamiento de residuos sólidos y la economía circular. | C25: 0.6 | F25: =F26+F30+F32+F35+F38+F41+F45 -> 114 | G25: =G26+G30+G32+G35+G38+G41+G45 -> 0 | H25: =H26+H30+H32+H35+H38+H41+H45 -> 68 | I25: =I26+I30+I32+I35+I38+I41+I45 -> 46 | J25: =F25-SUM(G25:I25) -> 0
A26: Actividad 2.1 | B26: Formación a recicladores de oficio. | C26: =7/48 -> 0.14583333 | F26: =SUM(F27:F29) -> 23 | G26: =SUM(G27:G29) -> 0 | H26: =SUM(H27:H29) -> 23 | I26: =SUM(I27:I29) -> 0 | J26: =F26-SUM(G26:I26) -> 0
A27: Subactividad/Producto 2.1.1 | B27: Un (1) documento con las evidencias comunicacionales de la invitación a las 2 capacitaciones. | C27: 0.3 | D27: =C27*$C$26*$C$25 -> 0.02625 | E27: Documento | F27: =SUM(G27:I27) -> 1 | H27: 1 | J27: =F27-SUM(G27:I27) -> 0
A28: Subactividad/Producto 2.1.2 | B28: Dos (2) actas de reunión de las capacitaciones, con listado de asistencia, presentación y registro fotográfico. | C28: 0.4 | D28: =C28*$C$26*$C$25 -> 0.035 | E28: Acta | F28: =SUM(G28:I28) -> 2 | H28: 2 | J28: =F28-SUM(G28:I28) -> 0
A29: Subactividad/Producto 2.1.3 | B29: Veinte (20) refrigerios entregados en los 2 talleres de capacitación (registro fotográfico). | C29: 0.3 | D29: =C29*$C$26*$C$25 -> 0.02625 | E29: Unidad | F29: =SUM(G29:I29) -> 20 | H29: 20 | J29: =F29-SUM(G29:I29) -> 0
A30: Actividad 2.2 | B30: Dotación a recicladores | C30: =7/48 -> 0.14583333 | F30: =SUM(F31:F31) -> 3 | G30: =SUM(G31:G31) -> 0 | H30: =SUM(H31:H31) -> 3 | I30: =SUM(I31:I31) -> 0 | J30: =F30-SUM(G30:I30) -> 0
A31: Subactividad/Producto 2.2.1 | B31: Tres (3) actas de entrega de la dotación (camibuso y gorra tipo pava) a cada reciclador, con registro fotográfico. | C31: 1 | D31: =C31*$C$30*$C$25 -> 0.0875 | E31: Acta | F31: =SUM(G31:I31) -> 3 | H31: 3 | J31: =F31-SUM(G31:I31) -> 0
A32: Actividad 2.3 | B32: Entrega de suministros para promover la separación en la fuente y la ruta selectiva de materiales aprovechables. | C32: =5/36 -> 0.13888889 | F32: =SUM(F33:F34) -> 19 | G32: =SUM(G33:G34) -> 0 | H32: =SUM(H33:H34) -> 9 | I32: =SUM(I33:I34) -> 10 | J32: =F32-SUM(G32:I32) -> 0
A33: Subactividad/Producto 2.3.1 | B33: Dieciocho (18) puntos ecológicos vaciados en plástico reciclado entregados e instalados. | C33: 0.6 | D33: =C33*$C$32*$C$25 -> 0.05 | E33: Documento | F33: 18 | H33: 9 | I33: 9 | J33: =F33-SUM(G33:I33) -> 0
A34: Subactividad/Producto 2.3.2 | B34: Un (1) paquete documental con el registro fotográfico de las entregas. | C34: 0.4 | D34: =C34*$C$32*$C$25 -> 0.033333333 | E34: Documento | F34: =SUM(G34:I34) -> 1 | I34: 1 | J34: =F34-SUM(G34:I34) -> 0
A35: Actividad 2.4 | B35: Tratamiento de residuos orgánicos. | C35: =5/36 -> 0.13888889 | F35: =SUM(F36:F37) -> 27 | G35: =SUM(G36:G37) -> 0 | H35: =SUM(H36:H37) -> 13 | I35: =SUM(I36:I37) -> 14 | J35: =F35-SUM(G35:I35) -> 0
A36: Subactividad/Producto 2.4.1 | B36: Veintiséis (26) actas de entrega, con ficha técnica de las composteras instaladas. | C36: 0.6 | D36: =C36*$C$35*$C$25 -> 0.05 | E36: Acta | F36: =SUM(G36:I36) -> 26 | H36: 13 | I36: 13 | J36: =F36-SUM(G36:I36) -> 0
A37: Subactividad/Producto 2.4.2 | B37: Un (1) informe de las capacitaciones realizadas, con listado de asistencia y registro fotográfico. | C37: 0.4 | D37: =C37*$C$35*$C$25 -> 0.033333333 | E37: Documento | F37: =SUM(G37:I37) -> 1 | I37: 1 | J37: =F37-SUM(G37:I37) -> 0
A38: Actividad 2.5 | B38: Acciones de educación ambiental y comunicacionales para fomentar las buenas prácticas en la gestión integral de residuos. | C38: =5/36 -> 0.13888889 | F38: =SUM(F39:F40) -> 34 | G38: =SUM(G39:G40) -> 0 | H38: =SUM(H39:H40) -> 15 | I38: =SUM(I39:I40) -> 19 | J38: =F38-SUM(G38:I38) -> 0
A39: Subactividad/Producto 2.5.1 | B39: Diecisiete (17) encuentros de sensibilización, formación y educación ambiental realizados. | C39: 0.65 | D39: =C39*$C$38*$C$25 -> 0.054166667 | E39: Encuentro | F39: =SUM(G39:I39) -> 17 | H39: 8 | I39: 9 | J39: =F39-SUM(G39:I39) -> 0
A40: Subactividad/Producto 2.5.2 | B40: Diecisiete (17) soportes de la entrega de refrigerios para cada uno de los eventos (registro fotográfico). | C40: 0.35 | D40: =C40*$C$38*$C$25 -> 0.029166667 | E40: Unidad | F40: =SUM(G40:I40) -> 17 | H40: 7 | I40: 10 | J40: =F40-SUM(G40:I40) -> 0
A41: Actividad 2.6 | B41: Suministro de centros de acopio de material aprovechable. | C41: =7/48 -> 0.14583333 | F41: =SUM(F42:F44) -> 3 | G41: =SUM(G42:G44) -> 0 | H41: =SUM(H42:H44) -> 0 | I41: =SUM(I42:I44) -> 3 | J41: =F41-SUM(G41:I41) -> 0
A42: Subactividad/Producto 2.6.1 | B42: Un (1) paquete documental con las actas de entrega e instalación de los dos (2) centros de acopio. | C42: 0.35 | D42: =C42*$C$41*$C$25 -> 0.030625 | E42: Documento | F42: =SUM(G42:I42) -> 1 | I42: 1 | J42: =F42-SUM(G42:I42) -> 0
A43: Subactividad/Producto 2.6.2 | B43: Un (1) paquete documental con los soportes de capacitación a los beneficiarios de los centros de acopio. | C43: 0.35 | D43: =C43*$C$41*$C$25 -> 0.030625 | E43: Documento | F43: =SUM(G43:I43) -> 1 | I43: 1 | J43: =F43-SUM(G43:I43) -> 0
A44: Subactividad/Producto 2.6.3 | B44: Un (1) documento con el registro fotográfico de la instalación y de las capacitaciones. | C44: 0.3 | D44: =C44*$C$41*$C$25 -> 0.02625 | E44: Documento | F44: =SUM(G44:I44) -> 1 | I44: 1 | J44: =F44-SUM(G44:I44) -> 0
A45: Actividad 2.7 | B45: Suministro de equipo de apoyo logístico para la ruta selectiva de residuos aprovechables. | C45: =7/48 -> 0.14583333 | F45: =SUM(F46:F50) -> 5 | G45: =SUM(G46:G50) -> 0 | H45: =SUM(H46:H50) -> 5 | I45: =SUM(I46:I50) -> 0 | J45: =F45-SUM(G45:I45) -> 0
A46: Subactividad/Producto 2.7.1 | B46: Un (1) acta de entrega y recibo a satisfacción del vehículo. | C46: 0.2 | D46: =C46*$C$45*$C$25 -> 0.0175 | E46: Acta | F46: =SUM(G46:I46) -> 1 | H46: 1 | J46: =F46-SUM(G46:I46) -> 0
A47: Subactividad/Producto 2.7.2 | B47: Un (1) paquete documental del vehículo (factura, ficha técnica, garantía, placa, licencia y matrícula). | C47: 0.2 | D47: =C47*$C$45*$C$25 -> 0.0175 | E47: Documento | F47: =SUM(G47:I47) -> 1 | H47: 1 | J47: =F47-SUM(G47:I47) -> 0
A48: Subactividad/Producto 2.7.3 | B48: Un (1) soporte del SOAT vigente y la póliza contratada por el municipio. | C48: 0.2 | D48: =C48*$C$45*$C$25 -> 0.0175 | E48: Documento | F48: =SUM(G48:I48) -> 1 | H48: 1 | J48: =F48-SUM(G48:I48) -> 0
A49: Subactividad/Producto 2.7.4 | B49: Una (1) ficha de incorporación al inventario municipal y registro fotográfico de la entrega. | C49: 0.2 | D49: =C49*$C$45*$C$25 -> 0.0175 | E49: Documento | F49: =SUM(G49:I49) -> 1 | H49: 1 | J49: =F49-SUM(G49:I49) -> 0
A50: Subactividad/Producto 2.7.5 | B50: Un (1) soporte del transporte hasta el lugar de entrega. | C50: 0.2 | D50: =C50*$C$45*$C$25 -> 0.0175 | E50: Documento | F50: =SUM(G50:I50) -> 1 | H50: 1 | J50: =F50-SUM(G50:I50) -> 0
A51: TOTAL | G51: =(IFERROR(((G18/$F$18)*$D$18),0))+(IFERROR(((G19/$F$19)*$D$19),0))+(IFERROR(((G20/$F$20)*$D$20),0))+(IFERROR(((G22/$F$22)*$D$22),0))+(IFERROR(((G23/$F$23)*$D$23),0))+(IFERROR(((G24/$F$24)*$D$24),0))+(IFERROR(((G27/$F$27)*$D$27),0))+(IFERROR(((G28/$F$28)*$D$28),0))+(IFERROR(((G29/$F$29)*$D$29),0))+(IFERROR(((G31/$F$31)*$D$31),0))+(IFERROR(((G33/$F$33)*$D$33),0))+(IFERROR(((G34/$F$34)*$D$34),0))+(IFERROR(((G36/$F$36)*$D$36),0))+(IFERROR(((G37/$F$37)*$D$37),0))+(IFERROR(((G39/$F$39)*$D$39),0))+(IFERROR(((G40/$F$40)*$D$40),0))+(IFERROR(((G42/$F$42)*$D$42),0))+(IFERROR(((G43/$F$43)*$D$43),0))+(IFERROR(((G44/$F$44)*$D$44),0))+(IFERROR(((G46/$F$46)*$D$46),0))+(IFERROR(((G47/$F$47)*$D$47),0))+(IFERROR(((G48/$F$48)*$D$48),0))+(IFERROR(((G49/$F$49)*$D$49),0))+(IFERROR(((G50/$F$50)*$D$50),0)) -> 0.3 | H51: =(IFERROR(((H18/$F$18)*$D$18),0))+(IFERROR(((H19/$F$19)*$D$19),0))+(IFERROR(((H20/$F$20)*$D$20),0))+(IFERROR(((H22/$F$22)*$D$22),0))+(IFERROR(((H23/$F$23)*$D$23),0))+(IFERROR(((H24/$F$24)*$D$24),0))+(IFERROR(((H27/$F$27)*$D$27),0))+(IFERROR(((H28/$F$28)*$D$28),0))+(IFERROR(((H29/$F$29)*$D$29),0))+(IFERROR(((H31/$F$31)*$D$31),0))+(IFERROR(((H33/$F$33)*$D$33),0))+(IFERROR(((H34/$F$34)*$D$34),0))+(IFERROR(((H36/$F$36)*$D$36),0))+(IFERROR(((H37/$F$37)*$D$37),0))+(IFERROR(((H39/$F$39)*$D$39),0))+(IFERROR(((H40/$F$40)*$D$40),0))+(IFERROR(((H42/$F$42)*$D$42),0))+(IFERROR(((H43/$F$43)*$D$43),0))+(IFERROR(((H44/$F$44)*$D$44),0))+(IFERROR(((H46/$F$46)*$D$46),0))+(IFERROR(((H47/$F$47)*$D$47),0))+(IFERROR(((H48/$F$48)*$D$48),0))+(IFERROR(((H49/$F$49)*$D$49),0))+(IFERROR(((H50/$F$50)*$D$50),0)) -> 0.45 | I51: =(IFERROR(((I18/$F$18)*$D$18),0))+(IFERROR(((I19/$F$19)*$D$19),0))+(IFERROR(((I20/$F$20)*$D$20),0))+(IFERROR(((I22/$F$22)*$D$22),0))+(IFERROR(((I23/$F$23)*$D$23),0))+(IFERROR(((I24/$F$24)*$D$24),0))+(IFERROR(((I27/$F$27)*$D$27),0))+(IFERROR(((I28/$F$28)*$D$28),0))+(IFERROR(((I29/$F$29)*$D$29),0))+(IFERROR(((I31/$F$31)*$D$31),0))+(IFERROR(((I33/$F$33)*$D$33),0))+(IFERROR(((I34/$F$34)*$D$34),0))+(IFERROR(((I36/$F$36)*$D$36),0))+(IFERROR(((I37/$F$37)*$D$37),0))+(IFERROR(((I39/$F$39)*$D$39),0))+(IFERROR(((I40/$F$40)*$D$40),0))+(IFERROR(((I42/$F$42)*$D$42),0))+(IFERROR(((I43/$F$43)*$D$43),0))+(IFERROR(((I44/$F$44)*$D$44),0))+(IFERROR(((I46/$F$46)*$D$46),0))+(IFERROR(((I47/$F$47)*$D$47),0))+(IFERROR(((I48/$F$48)*$D$48),0))+(IFERROR(((I49/$F$49)*$D$49),0))+(IFERROR(((I50/$F$50)*$D$50),0)) -> 0.25
A52: ACUMULADO | G52: =G51 -> 0.3 | H52: =H51+G52 -> 0.75 | I52: =I51+H52 -> 1
E54: La programación financiera debe ser coherente con la programación física, todo pago que no sea soportado en la ejecución física efectiva y certificada es un anticipo o pago anticipado, de acuerdo al caso; para tener más información sobre anticipos y pagos anticipados remitirse a la hoja
E55: PROGRAMACIÓN FINANCIERA INICIAL
E56: Valor del contrato o convenio | F56: Valor aportado por Corantioquia | G56: Distribución de recursos del valor aportado por Corantioquia
G57: Período 1 | H57: Período 2 | I57: Período 3
E58: ='Presupuesto Convenio'!G116 -> 1.8344697e+08 | F58: ='Presupuesto Convenio'!I116 -> 149978157 | G58: =$F$58*G59 -> 44993447 | H58: =$F$58*H59 -> 67490171 | I58: =$F$58*I59 -> 37494539
E59: Porcentaje (%) | G59: =G51 -> 0.3 | H59: =H51 -> 0.45 | I59: =I51 -> 0.25
E60: Porcentaje Acumulado (%) | G60: =+G59 -> 0.3 | H60: =+G59+H59 -> 0.75 | I60: =+G59+H59+I59 -> 1
C61: Diligenciar esta información solo en caso de solicitud de Otrosí de adición de recursos o prórroga, o cuando el Otrosí de modificación implique cambios en el presupuesto. | E61: Valores ya ejecutados
E62: Porcentaje (%) PGAR | G62: =IFERROR(G61/$F$58,0) -> 0 | H62: =IFERROR(H61/$F$58,0) -> 0 | I62: =IFERROR(I61/$F$58,0) -> 0
E63: Porcentaje Acumulado (%) PGAR | G63: =G62 -> 0 | H63: =G63+H62 -> 0 | I63: =H63+I62 -> 0
C65: PROGRAMACIÓN FINANCIERA EN CASO DE ADICIÓN DE RECURSOS O PRÓRROGA
C66: Valor total del contrato o convenio (incluida la adición) | D66: Valor de la adición aportado por Corantioquia | E66: Valor total aportado por Corantioquia (incluida la adición) | F66: Distribución de recursos del valor aportado por Corantioquia
G67: Período 1 | H67: Período 2 | I67: Período 3 | J67: Total Valores
C68: =E58+D68 -> 1.8344697e+08 | E68: =F58+D68 -> 149978157 | F68: Valores ya ejecutados | G68: =G61 -> 0 | H68: =H61 -> 0 | I68: =I61 -> 0 | J68: =SUM(G68:I68) -> 0
F69: Porcentaje (%) | G69: =IFERROR(G68/$E$68,0) -> 0 | H69: =IFERROR(H68/$E$68,0) -> 0 | I69: =IFERROR(I68/$E$68,0) -> 0
F70: Porcentaje Acumulado (%) | G70: =+G69 -> 0 | H70: =+G70+H69 -> 0 | I70: =+H70+I69 -> 0
F71: Valores por ejecutar | J71: =SUM(G71:I71) -> 0
F72: Porcentaje (%) | G72: =IFERROR(G71/$E$68,0) -> 0 | H72: =IFERROR(H71/$E$68,0) -> 0 | I72: =IFERROR(I71/$E$68,0) -> 0
F73: Porcentaje Acumulado (%) | G73: =+G72 -> 0 | H73: =+G73+H72 -> 0 | I73: =+H73+I72 -> 0
C74: PORCENTAJE ACUMULADO (%) TOTAL | G74: =G70+G73 -> 0 | H74: =H70+H73 -> 0 | I74: =I70+I73 -> 0 | J74: =IFERROR((J68+J71)/E68,0) -> 0
J75: =J68+J71 -> 0 | K75: =E68-J75 -> 149978157
B82: GERENTE PROGRAMA € | H82: COORDINADOR GIT

Sheet Presupuesto Convenio
F1: =Instructivo!F1 -> Sistema de Gestión Integral (SGI) Instructivo - Componente Financiero EP Código: F-PGC-21. Versión: 05 | M1: Instructivo
F2: Hoja "Presupuesto - Modalidad convenio"
A5: MODALIDAD DE CONTRATACIÓN: | C5: ='Plan Ejecución'!J4 -> Convenio Interadministrativo
A6: OBJETO A CONTRATAR: | C6: ='Plan Ejecución'!J5 -> Aunar esfuerzos para ejecutar acciones enfocadas al apoyo del PGIRS mediante acciones y estrategias enfocadas en la gestión, el aprovechamiento y la economía circular, en el municipio de Concordia
A8: COSTOS DE PERSONAL | I8: FUENTES DE COFINANCIACIÓN | N8: Recursos en dinero de CORANTIOQUIA por alcance, actividad o subactividad
A9: Ítem | B9: Cantidad personal | C9: (%) Dedicación | D9: Unidad de medida | E9: Cantidad | F9: Valor unitario base | G9: Valor total | H9: (%) PP | I9: CORANTIOQUIA | K9: Entidad 1:
I10: DINERO | J10: ESPECIE | K10: DINERO | L10: ESPECIE | N10: Alcance 1 | O10: Alcance 2 | P10: Alcance 3 | Q10: Alcance 4 | R10: Alcance 5 | S10: Alcance 6
A11: Mano de Obra Calificada
A12: Tecnólogo ambiental | B12: 1 | C12: 1 | D12: ='ALCANCE 1'!D16 -> Mes | E12: ='ALCANCE 1'!E16 -> 2.5 | F12: ='ALCANCE 1'!F16 -> 4824450 | G12: =IFERROR(B12*C12*E12*F12,0) -> 12061125 | H12: =IFERROR(G12/$G$59,0) -> 0.3440028 | I12: =+G12*'Presupuesto Convenio'!$B$137 -> 12061125 | K12: =+G12*'Presupuesto Convenio'!$B$138 -> 0 | M12: =IFERROR(G12-SUM(I12:L12),"") -> 0 | N12: ='ALCANCE 1'!G16*'Presupuesto Convenio'!$B$137 -> 6030562.5 | O12: ='ALCANCE 2'!G16*'Presupuesto Convenio'!$B$137 -> 6030562.5 | T12: =I12-SUM(N12:S12) -> 0
A13: Asistencial | B13: 2 | C13: 1 | D13: ='ALCANCE 1'!D17 -> Mes | E13: ='ALCANCE 1'!E17 -> 2.5 | F13: =IFERROR(VLOOKUP(A13,Honorarios!$A$8:$C$14,2,FALSE()),"") -> 3000000 | G13: =IFERROR(B13*C13*E13*F13,0) -> 15000000 | H13: =IFERROR(G13/$G$59,0) -> 0.42782426 | I13: =+G13*'Presupuesto Convenio'!$B$137 -> 15000000 | K13: =+G13*'Presupuesto Convenio'!$B$138 -> 0 | M13: =IFERROR(G13-SUM(I13:L13),"") -> 0 | N13: ='ALCANCE 1'!G17*'Presupuesto Convenio'!$B$137 -> 7500000 | O13: ='ALCANCE 2'!G17*'Presupuesto Convenio'!$B$137 -> 7500000 | T13: =I13-SUM(N13:S13) -> 0
A14: Tecnólogo ambiental o afín (aporte en especie - Municipio, contrato de prestación de servicios 36 de 2026) | B14: 1 | C14: 1 | D14: Mes | E14: 2.5 | F14: 3200000 | G14: =IFERROR(B14*C14*E14*F14,0) -> 8000000 | H14: =IFERROR(G14/$G$59,0) -> 0.22817294 | I14: 0 | J14: 0 | K14: 0 | L14: =+G14 -> 8000000 | M14: =IFERROR(G14-SUM(I14:L14),"") -> 0 | T14: =I14-SUM(N14:S14) -> 0
T15: =I15-SUM(N15:S15) -> 0
F16: =IFERROR(VLOOKUP(A16,Honorarios!$A$8:$C$14,2,FALSE()),"") | G16: =IFERROR(B16*C16*E16*F16*#REF!,0) -> 0 | H16: =IFERROR(G16/$G$59,0) -> 0 | M16: =IFERROR(G16-SUM(I16:L16),"") -> 0 | T16: =I16-SUM(N16:S16) -> 0
F17: =IFERROR(VLOOKUP(A17,Honorarios!$A$8:$C$14,2,FALSE()),"") | G17: =IFERROR(B17*C17*E17*F17*#REF!,0) -> 0 | H17: =IFERROR(G17/$G$59,0) -> 0 | M17: =IFERROR(G17-SUM(I17:L17),"") -> 0 | T17: =I17-SUM(N17:S17) -> 0
F18: =IFERROR(VLOOKUP(A18,Honorarios!$A$8:$C$14,2,FALSE()),"") | G18: =IFERROR(B18*C18*E18*F18*#REF!,0) -> 0 | H18: =IFERROR(G18/$G$59,0) -> 0 | M18: =IFERROR(G18-SUM(I18:L18),"") -> 0 | T18: =I18-SUM(N18:S18) -> 0
F19: =IFERROR(VLOOKUP(A19,Honorarios!$A$8:$C$14,2,FALSE()),"") | G19: =IFERROR(B19*C19*E19*F19*#REF!,0) -> 0 | H19: =IFERROR(G19/$G$59,0) -> 0 | M19: =IFERROR(G19-SUM(I19:L19),"") -> 0 | T19: =I19-SUM(N19:S19) -> 0
F20: =IFERROR(VLOOKUP(A20,Honorarios!$A$8:$C$14,2,FALSE()),"") | G20: =IFERROR(B20*C20*E20*F20*#REF!,0) -> 0 | H20: =IFERROR(G20/$G$59,0) -> 0 | M20: =IFERROR(G20-SUM(I20:L20),"") -> 0 | T20: =I20-SUM(N20:S20) -> 0
F21: =IFERROR(VLOOKUP(A21,Honorarios!$A$8:$C$14,2,FALSE()),"") | G21: =IFERROR(B21*C21*E21*F21*#REF!,0) -> 0 | H21: =IFERROR(G21/$G$59,0) -> 0 | M21: =IFERROR(G21-SUM(I21:L21),"") -> 0 | T21: =I21-SUM(N21:S21) -> 0
F22: =IFERROR(VLOOKUP(A22,Honorarios!$A$8:$C$14,2,FALSE()),"") | G22: =IFERROR(B22*C22*E22*F22*#REF!,0) -> 0 | H22: =IFERROR(G22/$G$59,0) -> 0 | M22: =IFERROR(G22-SUM(I22:L22),"") -> 0 | T22: =I22-SUM(N22:S22) -> 0
F23: =IFERROR(VLOOKUP(A23,Honorarios!$A$8:$C$14,2,FALSE()),"") | G23: =IFERROR(B23*C23*E23*F23*#REF!,0) -> 0 | H23: =IFERROR(G23/$G$59,0) -> 0 | M23: =IFERROR(G23-SUM(I23:L23),"") -> 0 | T23: =I23-SUM(N23:S23) -> 0
F24: =IFERROR(VLOOKUP(A24,Honorarios!$A$8:$C$14,2,FALSE()),"") | G24: =IFERROR(B24*C24*E24*F24*#REF!,0) -> 0 | H24: =IFERROR(G24/$G$59,0) -> 0 | M24: =IFERROR(G24-SUM(I24:L24),"") -> 0 | T24: =I24-SUM(N24:S24) -> 0
F25: =IFERROR(VLOOKUP(A25,Honorarios!$A$8:$C$14,2,FALSE()),"") | G25: =IFERROR(B25*C25*E25*F25*#REF!,0) -> 0 | H25: =IFERROR(G25/$G$59,0) -> 0 | M25: =IFERROR(G25-SUM(I25:L25),"") -> 0 | T25: =I25-SUM(N25:S25) -> 0
F26: =IFERROR(VLOOKUP(A26,Honorarios!$A$8:$C$14,2,FALSE()),"") | G26: =IFERROR(B26*C26*E26*F26*#REF!,0) -> 0 | H26: =IFERROR(G26/$G$59,0) -> 0 | M26: =IFERROR(G26-SUM(I26:L26),"") -> 0 | T26: =I26-SUM(N26:S26) -> 0
F27: =IFERROR(VLOOKUP(A27,Honorarios!$A$8:$C$14,2,FALSE()),"") | G27: =IFERROR(B27*C27*E27*F27*#REF!,0) -> 0 | H27: =IFERROR(G27/$G$59,0) -> 0 | M27: =IFERROR(G27-SUM(I27:L27),"") -> 0 | T27: =I27-SUM(N27:S27) -> 0
... F57: =IFERROR(VLOOKUP(A57,Honorarios!$A$8:$C$14,2,FALSE()),"") | G57: =IFERROR(B57*C57*E57*F57*#REF!,0) -> 0 | H57: =IFERROR(G57/$G$59,0) -> 0 | M57: =IFERROR(G57-SUM(I57:L57),"") -> 0 | T57: =I57-SUM(N57:S57) -> 0
A58: Subtotal Mano de Obra calificada | G58: =SUM(G12:G57) -> 35061125 | H58: =SUM(H12:H57) -> 1 | I58: =SUM(I12:I57) -> 27061125 | J58: =SUM(J12:J57) -> 0 | K58: =SUM(K12:K57) -> 0 | L58: =SUM(L12:L57) -> 8000000 | M58: =G58-SUM(I58:L58) -> 0
A59: SUBTOTAL PERSONAL (Mano de Obra Calificada + Mano de Obra no Calificada) | G59: =G58 -> 35061125 | H59: =H58 -> 1 | I59: =I58 -> 27061125 | J59: =J58 -> 0 | K59: =K58 -> 0 | L59: =L58 -> 8000000 | M59: =G59-SUM(I59:L59) -> 0
A61: COSTOS (Diferentes a los costos del personal) | I61: FUENTES DE COFINANCIACIÓN
A62: Ítem | D62: Unidad de medida | E62: Cantidad | F62: Valor unitario | G62: Valor total | H62: (%) PP | I62: CORANTIOQUIA | K62: Entidad 1:
I63: DINERO | J63: ESPECIE | K63: DINERO | L63: ESPECIE
A64: ='ALCANCE 1'!A41 -> Refrigerios - Actividad 1.2 (1 jornada x 20) | D64: ='ALCANCE 1'!D41 -> Unidad | E64: ='ALCANCE 1'!E41 -> 20 | F64: ='ALCANCE 1'!F41 -> 12000 | G64: ='ALCANCE 1'!G41 -> 240000 | H64: =IFERROR(G64/$G$107,0) -> 0.001617405 | I64: =+G64*'Presupuesto Convenio'!$B$137 -> 240000 | K64: =+G64*'Presupuesto Convenio'!$B$138 -> 0 | M64: =G64-SUM(I64:L64) -> 0 | N64: =+I64 -> 240000 | T64: =I64-SUM(N64:S64) -> 0
A65: ='ALCANCE 1'!A42 -> Dotación equipo de trabajo: camiseta tipo polo (100% - Alcance 1) | D65: ='ALCANCE 1'!D42 -> Unidad | E65: ='ALCANCE 1'!E42 -> 4 | F65: ='ALCANCE 1'!F42 -> 64849 | G65: ='ALCANCE 1'!G42 -> 259396 | H65: =IFERROR(G65/$G$107,0) -> 0.0017481183 | I65: =+G65*'Presupuesto Convenio'!$B$137 -> 259396 | K65: =+G65*'Presupuesto Convenio'!$B$138 -> 0 | M65: =G65-SUM(I65:L65) -> 0 | N65: =+I65 -> 259396 | T65: =I65-SUM(N65:S65) -> 0
A66: ='ALCANCE 2'!A41 -> Refrigerios - Actividad 2.1 (2 talleres x 10) | D66: ='ALCANCE 2'!D41 -> Unidad | E66: ='ALCANCE 2'!E41 -> 20 | F66: ='ALCANCE 2'!F41 -> 12000 | G66: ='ALCANCE 2'!G41 -> 240000 | H66: =IFERROR(G66/$G$107,0) -> 0.001617405 | I66: =+G66*'Presupuesto Convenio'!$B$137 -> 240000 | K66: =+G66*'Presupuesto Convenio'!$B$138 -> 0 | M66: =G66-SUM(I66:L66) -> 0 | O66: =+I66 -> 240000 | T66: =I66-SUM(N66:S66) -> 0
A67: ='ALCANCE 2'!A42 -> Refrigerios - Actividad 2.5 (17 encuentros x 20) | D67: ='ALCANCE 2'!D42 -> Unidad | E67: ='ALCANCE 2'!E42 -> 340 | F67: ='ALCANCE 2'!F42 -> 12000 | G67: ='ALCANCE 2'!G42 -> 4080000 | H67: =IFERROR(G67/$G$107,0) -> 0.027495885 | I67: =+G67*'Presupuesto Convenio'!$B$137 -> 4080000 | K67: =+G67*'Presupuesto Convenio'!$B$138 -> 0 | M67: =G67-SUM(I67:L67) -> 0 | O67: =+I67 -> 4080000 | T67: =I67-SUM(N67:S67) -> 0
A68: ='ALCANCE 2'!A43 -> Dotación recicladores: camibuso (100% - Alcance 2) | D68: ='ALCANCE 2'!D43 -> Unidad | E68: ='ALCANCE 2'!E43 -> 3 | F68: ='ALCANCE 2'!F43 -> 72383.5 | G68: ='ALCANCE 2'!G43 -> 217151 | H68: =IFERROR(G68/$G$107,0) -> 0.0014634213 | I68: =+G68*'Presupuesto Convenio'!$B$137 -> 217151 | K68: =+G68*'Presupuesto Convenio'!$B$138 -> 0 | M68: =G68-SUM(I68:L68) -> 0 | O68: =+I68 -> 217151 | T68: =I68-SUM(N68:S68) -> 0
A69: ='ALCANCE 2'!A44 -> Dotación recicladores: gorra tipo PAVA (100% - Alcance 2) | D69: ='ALCANCE 2'!D44 -> Unidad | E69: ='ALCANCE 2'!E44 -> 3 | F69: ='ALCANCE 2'!F44 -> 49206 | G69: ='ALCANCE 2'!G44 -> 147618 | H69: =IFERROR(G69/$G$107,0) -> 0.00099482538 | I69: =+G69*'Presupuesto Convenio'!$B$137 -> 147618 | K69: =+G69*'Presupuesto Convenio'!$B$138 -> 0 | M69: =G69-SUM(I69:L69) -> 0 | O69: =+I69 -> 147618 | T69: =I69-SUM(N69:S69) -> 0
A70: ='ALCANCE 2'!A45 -> Talleristas de capacitación (Actividad 2.1) | D70: ='ALCANCE 2'!D45 -> Global | E70: ='ALCANCE 2'!E45 -> 1 | F70: ='ALCANCE 2'!F45 -> 1200000 | G70: ='ALCANCE 2'!G45 -> 1200000 | H70: =IFERROR(G70/$G$107,0) -> 0.008087025 | I70: =+G70*'Presupuesto Convenio'!$B$137 -> 1200000 | K70: =+G70*'Presupuesto Convenio'!$B$138 -> 0 | M70: =G70-SUM(I70:L70) -> 0 | O70: =+I70 -> 1200000 | T70: =I70-SUM(N70:S70) -> 0
A71: ='ALCANCE 2'!A46 -> Puntos ecológicos vaciados en plástico reciclado con techo (Actividad 2.3) | D71: ='ALCANCE 2'!D46 -> Unidad | E71: ='ALCANCE 2'!E46 -> 18 | F71: ='ALCANCE 2'!F46 -> 1648891.7 | G71: ='ALCANCE 2'!G46 -> 29680050 | H71: =IFERROR(G71/$G$107,0) -> 0.20001942 | I71: =+G71*'Presupuesto Convenio'!$B$137 -> 29680050 | K71: =+G71*'Presupuesto Convenio'!$B$138 -> 0 | M71: =G71-SUM(I71:L71) -> 0 | O71: =+I71 -> 29680050 | T71: =I71-SUM(N71:S71) -> 0
A72: ='ALCANCE 2'!A47 -> Composteras agrícolas de 1 m³ con techo (Actividad 2.4) | D72: ='ALCANCE 2'!D47 -> Unidad | E72: ='ALCANCE 2'!E47 -> 26 | F72: ='ALCANCE 2'!F47 -> 1611435.3 | G72: ='ALCANCE 2'!G47 -> 41897319 | H72: =IFERROR(G72/$G$107,0) -> 0.28235389 | I72: =+G72*'Presupuesto Convenio'!$B$137 -> 41897319 | K72: =+G72*'Presupuesto Convenio'!$B$138 -> 0 | M72: =G72-SUM(I72:L72) -> 0 | O72: =+I72 -> 41897319 | T72: =I72-SUM(N72:S72) -> 0
A73: ='ALCANCE 2'!A48 -> Centro de acopio de material aprovechable en 16 m² (Actividad 2.6) | D73: ='ALCANCE 2'!D48 -> Unidad | E73: ='ALCANCE 2'!E48 -> 2 | F73: ='ALCANCE 2'!F48 -> 18445418 | G73: ='ALCANCE 2'!G48 -> 36890835 | H73: =IFERROR(G73/$G$107,0) -> 0.24861425 | I73: =+G73*'Presupuesto Convenio'!$B$137 -> 36890835 | K73: =+G73*'Presupuesto Convenio'!$B$138 -> 0 | M73: =G73-SUM(I73:L73) -> 0 | O73: =+I73 -> 36890835 | T73: =I73-SUM(N73:S73) -> 0
A74: ='ALCANCE 2'!A49 -> Motocarguera para apoyo a la ruta selectiva de residuos aprovechables (Actividad 2.7) | D74: ='ALCANCE 2'!D49 -> Unidad | E74: ='ALCANCE 2'!E49 -> 1 | F74: ='ALCANCE 2'!F49 -> 25468808 | G74: ='ALCANCE 2'!G49 -> 25468808 | H74: =IFERROR(G74/$G$107,0) -> 0.17163907 | I74: 0 | K74: =+G74 -> 25468808 | M74: =G74-SUM(I74:L74) -> 0 | O74: =+I74 -> 0 | T74: =I74-SUM(N74:S74) -> 0
A75: ='ALCANCE 2'!A50 -> Transporte de personal a la vereda El Socorro (1 persona por viaje, ida, espera y regreso; 3 viajes del tecnólogo agroambiental y 3 viajes del tecnólogo aportado en especie por el municipio) - Actividades 2.3, 2.4 y 2.6 | D75: ='ALCANCE 2'!D50 -> Viaje | E75: ='ALCANCE 2'!E50 -> 10 | F75: ='ALCANCE 2'!F50 -> 120000 | G75: ='ALCANCE 2'!G50 -> 1200000 | H75: =IFERROR(G75/$G$107,0) -> 0.008087025 | I75: =+G75*'Presupuesto Convenio'!$B$137 -> 1200000 | K75: =+G75*'Presupuesto Convenio'!$B$138 -> 0 | M75: =G75-SUM(I75:L75) -> 0 | O75: =+I75 -> 1200000 | T75: =I75-SUM(N75:S75) -> 0
A76: ='ALCANCE 2'!A51 -> Transporte de personal a la vereda La Arboleda (1 persona por viaje, ida, espera y regreso; 3 viajes del tecnólogo agroambiental y 3 viajes del tecnólogo aportado en especie por el municipio) - Actividades 2.3, 2.4 y 2.6 | D76: ='ALCANCE 2'!D51 -> Viaje | E76: ='ALCANCE 2'!E51 -> 8 | F76: ='ALCANCE 2'!F51 -> 120000 | G76: ='ALCANCE 2'!G51 -> 960000 | H76: =IFERROR(G76/$G$107,0) -> 0.00646962 | I76: =+G76*'Presupuesto Convenio'!$B$137 -> 960000 | K76: =+G76*'Presupuesto Convenio'!$B$138 -> 0 | M76: =G76-SUM(I76:L76) -> 0 | O76: =+I76 -> 960000 | T76: =I76-SUM(N76:S76) -> 0
A77: ='ALCANCE 2'!A52 -> Transporte de personal a la vereda Morelia (1 persona por viaje, ida, espera y regreso; 3 viajes del tecnólogo agroambiental y 3 viajes del tecnólogo aportado en especie por el municipio) - Actividades 2.3, 2.4 y 2.6 | D77: ='ALCANCE 2'!D52 -> Viaje | E77: ='ALCANCE 2'!E52 -> 9 | F77: ='ALCANCE 2'!F52 -> 80000 | G77: ='ALCANCE 2'!G52 -> 720000 | H77: =IFERROR(G77/$G$107,0) -> 0.004852215 | I77: =+G77*'Presupuesto Convenio'!$B$137 -> 720000 | K77: =+G77*'Presupuesto Convenio'!$B$138 -> 0 | M77: =G77-SUM(I77:L77) -> 0 | O77: =+I77 -> 720000 | T77: =I77-SUM(N77:S77) -> 0
A78: ='ALCANCE 2'!A53 -> Transporte de suministros a la vereda El Socorro - Actividades 2.3, 2.4 y 2.6 | D78: ='ALCANCE 2'!D53 -> Viaje | E78: ='ALCANCE 2'!E53 -> 1 | F78: ='ALCANCE 2'!F53 -> 400000 | G78: ='ALCANCE 2'!G53 -> 400000 | H78: =IFERROR(G78/$G$107,0) -> 0.002695675 | I78: =+G78*'Presupuesto Convenio'!$B$137 -> 400000 | K78: =+G78*'Presupuesto Convenio'!$B$138 -> 0 | M78: =G78-SUM(I78:L78) -> 0 | O78: =+I78 -> 400000 | T78: =I78-SUM(N78:S78) -> 0
A79: ='ALCANCE 2'!A54 -> Transporte de suministros a la vereda La Arboleda - Actividades 2.3, 2.4 y 2.6 | D79: ='ALCANCE 2'!D54 -> Viaje | E79: ='ALCANCE 2'!E54 -> 1 | F79: ='ALCANCE 2'!F54 -> 400000 | G79: ='ALCANCE 2'!G54 -> 400000 | H79: =IFERROR(G79/$G$107,0) -> 0.002695675 | I79: =+G79*'Presupuesto Convenio'!$B$137 -> 400000 | K79: =+G79*'Presupuesto Convenio'!$B$138 -> 0 | M79: =G79-SUM(I79:L79) -> 0 | O79: =+I79 -> 400000 | T79: =I79-SUM(N79:S79) -> 0
A80: ='ALCANCE 2'!A55 -> Transporte de suministros a la vereda Morelia - Actividades 2.3, 2.4 y 2.6 | D80: ='ALCANCE 2'!D55 -> Viaje | E80: ='ALCANCE 2'!E55 -> 1 | F80: ='ALCANCE 2'!F55 -> 320000 | G80: ='ALCANCE 2'!G55 -> 320000 | H80: =IFERROR(G80/$G$107,0) -> 0.00215654 | I80: =+G80*'Presupuesto Convenio'!$B$137 -> 320000 | K80: =+G80*'Presupuesto Convenio'!$B$138 -> 0 | M80: =G80-SUM(I80:L80) -> 0 | O80: =+I80 -> 320000 | T80: =I80-SUM(N80:S80) -> 0
A81: ='ALCANCE 2'!A56 -> Kit de papelería (material de apoyo para actividades de capacitación, formación y educación ambiental - Actividades 1.2, 2.1 y 2.5) | D81: ='ALCANCE 2'!D56 -> Global | E81: ='ALCANCE 2'!E56 -> 1 | F81: ='ALCANCE 2'!F56 -> 2942498 | G81: ='ALCANCE 2'!G56 -> 2942498 | H81: =IFERROR(G81/$G$107,0) -> 0.019830046 | I81: =+G81*'Presupuesto Convenio'!$B$137 -> 2942498 | K81: =+G81*'Presupuesto Convenio'!$B$138 -> 0 | M81: =G81-SUM(I81:L81) -> 0 | O81: =+I81 -> 2942498 | T81: =I81-SUM(N81:S81) -> 0
A82: ='ALCANCE 2'!A57 -> Transporte de la motocarguera al lugar de ejecución del convenio (Actividad 2.7) | D82: ='ALCANCE 2'!D57 -> Global | E82: ='ALCANCE 2'!E57 -> 1 | F82: ='ALCANCE 2'!F57 -> 950000 | G82: ='ALCANCE 2'!G57 -> 950000 | H82: =IFERROR(G82/$G$107,0) -> 0.0064022281 | I82: =+G82*'Presupuesto Convenio'!$B$137 -> 950000 | K82: =+G82*'Presupuesto Convenio'!$B$138 -> 0 | M82: =G82-SUM(I82:L82) -> 0 | O82: =+I82 -> 950000 | T82: =I82-SUM(N82:S82) -> 0
A83: ='ALCANCE 1'!A43 -> Dotación equipo de trabajo: gorra frente sua (100% - Alcance 1) | D83: ='ALCANCE 1'!D43 -> Unidad | E83: ='ALCANCE 1'!E43 -> 4 | F83: ='ALCANCE 1'!F43 -> 43041.243 | G83: ='ALCANCE 1'!G43 -> 172165 | H83: =IFERROR(G83/$G$107,0) -> 0.0011602522 | I83: =+G83*'Presupuesto Convenio'!$B$137 -> 172165 | K83: =+G83*'Presupuesto Convenio'!$B$138 -> 0 | M83: =G83-SUM(I83:L83) -> 0 | N83: =+I83 -> 172165 | T83: =I83-SUM(N83:S83) -> 0
G84: =+F84*E84 -> 0 | H84: =IFERROR(G84/$G$107,0) -> 0 | M84: =G84-SUM(I84:L84) -> 0 | T84: =I84-SUM(N84:S84) -> 0
G85: =+F85*E85 -> 0 | H85: =IFERROR(G85/$G$107,0) -> 0 | M85: =G85-SUM(I85:L85) -> 0 | T85: =I85-SUM(N85:S85) -> 0
G86: =+F86*E86 -> 0 | H86: =IFERROR(G86/$G$107,0) -> 0 | M86: =G86-SUM(I86:L86) -> 0 | T86: =I86-SUM(N86:S86) -> 0
G87: =+F87*E87 -> 0 | H87: =IFERROR(G87/$G$107,0) -> 0 | M87: =G87-SUM(I87:L87) -> 0 | T87: =I87-SUM(N87:S87) -> 0
G88: =+F88*E88 -> 0 | H88: =IFERROR(G88/$G$107,0) -> 0 | M88: =G88-SUM(I88:L88) -> 0 | T88: =I88-SUM(N88:S88) -> 0
G89: =+F89*E89 -> 0 | H89: =IFERROR(G89/$G$107,0) -> 0 | M89: =G89-SUM(I89:L89) -> 0 | T89: =I89-SUM(N89:S89) -> 0
G90: =+F90*E90 -> 0 | H90: =IFERROR(G90/$G$107,0) -> 0 | M90: =G90-SUM(I90:L90) -> 0 | T90: =I90-SUM(N90:S90) -> 0
G91: =+F91*E91 -> 0 | H91: =IFERROR(G91/$G$107,0) -> 0 | M91: =G91-SUM(I91:L91) -> 0 | T91: =I91-SUM(N91:S91) -> 0
G92: =+F92*E92 -> 0 | H92: =IFERROR(G92/$G$107,0) -> 0 | M92: =G92-SUM(I92:L92) -> 0 | T92: =I92-SUM(N92:S92) -> 0
G93: =+F93*E93 -> 0 | H93: =IFERROR(G93/$G$107,0) -> 0 | M93: =G93-SUM(I93:L93) -> 0 | T93: =I93-SUM(N93:S93) -> 0
G94: =+F94*E94 -> 0 | H94: =IFERROR(G94/$G$107,0) -> 0 | M94: =G94-SUM(I94:L94) -> 0 | T94: =I94-SUM(N94:S94) -> 0
G95: =+F95*E95 -> 0 | H95: =IFERROR(G95/$G$107,0) -> 0 | M95: =G95-SUM(I95:L95) -> 0 | T95: =I95-SUM(N95:S95) -> 0
... G106: =+F106*E106 -> 0 | H106: =IFERROR(G106/$G$107,0) -> 0 | M106: =G106-SUM(I106:L106) -> 0 | T106: =I106-SUM(N106:S106) -> 0
A107: SUBTOTAL COSTOS (Diferentes a los costos del personal) | G107: =SUM(G64:G106) -> 1.4838584e+08 | H107: =SUM(H64:H106) -> 1 | I107: =SUM(I64:I106) -> 122917032 | J107: =SUM(J64:J106) -> 0 | K107: =SUM(K64:K106) -> 25468808 | L107: =SUM(L64:L106) -> 0 | M107: =G107-SUM(I107:L107) -> 0
N108: =SUM(N11:N107) -> 14202124 | O108: =SUM(O11:O107) -> 1.3577603e+08 | P108: =SUM(P11:P107) -> 0 | Q108: =SUM(Q11:Q107) -> 0 | R108: =SUM(R11:R107) -> 0 | S108: =SUM(S11:S107) -> 0
I110: FUENTES DE COFINANCIACIÓN
I111: CORANTIOQUIA | K111: Entidad 1:
I112: DINERO | J112: ESPECIE | K112: DINERO | L112: ESPECIE
A113: SUBTOTAL (antes de administración) | G113: =G59+G107 -> 1.8344697e+08 | I113: =I59+I107 -> 149978157 | J113: =J59+J107 -> 0 | K113: =K59+K107 -> 25468808 | L113: =L59+L107 -> 8000000 | M113: =G113-SUM(I113:L113) -> 0
A114: TOTAL APORTES EN DINERO (antes de administración) | G114: =I114 -> 149978157 | I114: =I113 -> 149978157 | K114: =IF(G112="Si",K113,0) -> 0 | M114: =G114-SUM(I114:L114) -> 0
A115: Gastos de administración u operativos | F115: 0 | G115: =F115*G114 -> 0 | I115: =I114*F115 -> 0 | K115: =IF($G$112="Si",K114*#REF!,0) -> 0 | M115: =G115-SUM(I115:L115) -> 0
A116: TOTAL (incluido administración) | G116: =G113+G115 -> 1.8344697e+08 | I116: =SUM(I114:I115) -> 149978157 | J116: =J113 -> 0 | K116: =IF(G112="Si",SUM(K114:K115),K113) -> 25468808 | L116: =L113 -> 8000000 | M116: =G116-SUM(I116:L116) -> 0
I117: =I116+J116 -> 149978157 | K117: =K116+L116 -> 33468808 | M117: Total | N117: =G116-I117-K117 -> 0
I118: =IFERROR(I117/G116,0) -> 0.81755594 | K118: =IFERROR(K117/G116,0) -> 0.18244406 | M118: %
A119: RESUMEN POR CONCEPTO
A120: Ítem | D120: Valor total | E120: (%) PP (SUBTOTAL) | F120: (%) PP (TOTAL)
A121: =A59 -> SUBTOTAL PERSONAL (Mano de Obra Calificada + Mano de Obra no Calificada) | D121: =G59 -> 35061125 | E121: =IFERROR(D121/$G$113,0) -> 0.19112404 | F121: =IFERROR(D121/$G$116,0) -> 0.19112404
A122: =A61 -> COSTOS (Diferentes a los costos del personal) | D122: =G107 -> 1.4838584e+08 | E122: =IFERROR(D122/$G$113,0) -> 0.80887596 | F122: =IFERROR(D122/$G$116,0) -> 0.80887596
A123: =A115 -> Gastos de administración u operativos | D123: =G115 -> 0 | E123: NA | F123: =IFERROR(D123/$G$116,0) -> 0
E124: =SUM(E121:E122) -> 1 | F124: =SUM(F121:F123) -> 1
A126: Realizar el análisis respectivo en caso que el conveniante - ejecutor vaya a realizar un contrato derivado, con la claridad que en este momento se está planeando la relación del convenio CAR - 3ro conveniante, y en caso de una subcontratación por parte del 3ro conveniante ejecutor, este debe considerar las implicaciones financieras de dicho contrato derivado, y realizar la respectiva planeación del mismo. Como se está planeando el convenio, el mismo solo lleva gastos de administración u operativos, ahora bien, para efectos de planeación, se puede hacer el análisis del contrato derivado que en vez de gastos de administración puede acarrear AU e IVA, los cuales en caso de que procedan se deberán considerar dentro de los gastos administrativos u operativos del convenio en la proporción que corresponda a los aportes en dinero de la entidad. Teniendo en cuenta que nuestra competencia se circunscribe al convenio a celebrar, y la forma de ejecución del mismo por parte del conveniante ejecutor, sea directamente o por intermedio de un tercero, es discrecional a él.
A127: Ir a estimar gastos de administración | C127: Info IVA
A129: RESUMEN POR ALCANCES, ACTIVIDADES O SUBACTIVIDADES - RECURSOS EN DINERO CORANTIOQUIA
A130: Alcance, actividad o subactividad | B130: Subtotal en dinero (Costos de personal y diferentes de personal) | C130: Costos de administración u operativos, si aplica | D130: TOTAL | E130: ¿Es alcance de obra? (Si, No) | F130: (%) PP (TOTAL)
A131: Alcance 1 | B131: =+N108 -> 14202124 | C131: =+B131*$F$115 -> 0 | D131: =SUM(B131:C131) -> 14202124 | E131: No | F131: =IFERROR(D131/$I$116,0) -> 0.094694613 | G131: Residuos peligrosos y especiales
A132: Alcance 2 | B132: =+O108 -> 1.3577603e+08 | C132: =+B132*$F$115 -> 0 | D132: =SUM(B132:C132) -> 1.3577603e+08 | E132: No | F132: =IFERROR(D132/$I$116,0) -> 0.90530539 | G132: Aprovechamiento y economía circular
B133: =SUM(B131:B132) -> 149978157 | C133: =SUM(C131:C132) -> 0 | D133: =SUM(D131:D132) -> 149978157 | F133: =SUM(F131:F132) -> 1
B134: =B133-I114 -> 0 | C134: =C133-I115 -> 0 | D134: =D133-I116 -> 0
A136: PARÁMETROS DE DISTRIBUCIÓN (ajuste del convenio)
A137: Tasa CORANTIOQUIA (ítems distintos al aporte en especie del municipio) | B137: 1
A138: Tasa MUNICIPIO (ítems distintos al aporte en especie del municipio) | B138: 0
A139: El "Tecnólogo ambiental o afín (aporte en especie - Municipio)" y la "Motocarguera para apoyo a la ruta selectiva de residuos aprovechables" (sin incluir su transporte) quedan 100% a cargo del municipio, dentro de su aporte total; la tasa residual anterior se aplica a todos los demás ítems para que el aporte de Corantioquia sobre el total del convenio se mantenga exacto.

Sheet Memoria de cálculo O2
B1: =Instructivo!F1 -> Sistema de Gestión Integral (SGI) Instructivo - Componente Financiero EP Código: F-PGC-21. Versión: 05 | H1: Instructivo
B2: Hoja "Memoria de cálculo - opción 2"
A5: MODALIDAD DE CONTRATACIÓN: | F5: ='Plan Ejecución'!J4 -> Convenio Interadministrativo
A6: OBJETO A CONTRATAR: | F6: ='Plan Ejecución'!J5 -> Aunar esfuerzos para ejecutar acciones enfocadas al apoyo del PGIRS mediante acciones y estrategias enfocadas en la gestión, el aprovechamiento y la economía circular, en el municipio de Concordia
A8: PROCESO/ ALCANCE / ACTIVIDAD:
A9: UNIDAD DE MEDIDA PARA EL PRECIO UNITARIO:
A10: ESPECIFICACIÓN TÉCNICA PARA EL PRECIO UNITARIO:
A12: DISCRIMINACIÓN DE COSTOS | H12: FUENTES DE COFINANCIACIÓN
H13: CORANTIOQUIA | J13: Entidad 1:
A14: Ítem | B14: Cantidad personal | C14: (%) Dedicación | D14: Unidad de medida | E14: Cantidad | F14: Valor unitario base | G14: Valor total | H14: DINERO | I14: ESPECIE | J14: DINERO | K14: ESPECIE
A15: COSTOS DE PERSONAL
G16: =B16*C16*E16*F16 -> 0
G17: =B17*C17*E17*F17 -> 0
G18: =B18*C18*E18*F18 -> 0
G19: =B19*C19*E19*F19 -> 0
G20: =B20*C20*E20*F20 -> 0
G21: =B21*C21*E21*F21 -> 0
G22: =B22*C22*E22*F22 -> 0
G23: =B23*C23*E23*F23 -> 0
G24: =B24*C24*E24*F24 -> 0
G25: =B25*C25*E25*F25 -> 0
G26: =B26*C26*E26*F26 -> 0
G27: =B27*C27*E27*F27 -> 0
... G40: =B40*C40*E40*F40 -> 0
A41: SUBTOTAL COSTOS DE PERSONAL | G41: =SUM(G16:G40) -> 0 | H41: =SUM(H16:H40) -> 0 | I41: =SUM(I16:I40) -> 0 | J41: =SUM(J16:J40) -> 0 | K41: =SUM(K16:K40) -> 0
A42: Ítem | D42: Unidad de medida | E42: Cantidad | F42: Valor unitario | G42: Valor total oferente | H42: DINERO | I42: ESPECIE | J42: DINERO | K42: ESPECIE
A43: COSTOS DE MATERIALES Y SUMINISTROS
G44: =E44*F44 -> 0
G45: =E45*F45 -> 0
G46: =E46*F46 -> 0
G47: =E47*F47 -> 0
G48: =E48*F48 -> 0
G49: =E49*F49 -> 0
G50: =E50*F50 -> 0
G51: =E51*F51 -> 0
G52: =E52*F52 -> 0
G53: =E53*F53 -> 0
G54: =E54*F54 -> 0
G55: =E55*F55 -> 0
... G119: =E119*F119 -> 0
A120: SUBTOTAL COSTOS DE MATERIALES Y SUMINISTROS | G120: =SUM(G44:G119) -> 0 | H120: =SUM(H44:H119) -> 0 | I120: =SUM(I44:I119) -> 0 | J120: =SUM(J44:J119) -> 0 | K120: =SUM(K44:K119) -> 0
A121: COSTOS DE MAQUINARIA Y EQUIPO
G122: =E122*F122 -> 0
G123: =E123*F123 -> 0
G124: =E124*F124 -> 0
G125: =E125*F125 -> 0
G126: =E126*F126 -> 0
G127: =E127*F127 -> 0
G128: =E128*F128 -> 0
G129: =E129*F129 -> 0
G130: =E130*F130 -> 0
G131: =E131*F131 -> 0
G132: =E132*F132 -> 0
G133: =E133*F133 -> 0
... G176: =E176*F176 -> 0
A177: SUBTOTAL COSTOS DE MAQUINARIA Y EQUIPO | G177: =SUM(G122:G176) -> 0 | H177: =SUM(H122:H176) -> 0 | I177: =SUM(I122:I176) -> 0 | J177: =SUM(J122:J176) -> 0 | K177: =SUM(K122:K176) -> 0
A178: OTROS COSTOS
G179: =E179*F179 -> 0
G180: =E180*F180 -> 0
G181: =E181*F181 -> 0
G182: =E182*F182 -> 0
G183: =E183*F183 -> 0
G184: =E184*F184 -> 0
G185: =E185*F185 -> 0
G186: =E186*F186 -> 0
G187: =E187*F187 -> 0
G188: =E188*F188 -> 0
G189: =E189*F189 -> 0
G190: =E190*F190 -> 0
... G232: =E232*F232 -> 0
A233: SUBTOTAL OTROS COSTOS | G233: =SUM(G179:G232) -> 0 | H233: =SUM(H179:H232) -> 0 | I233: =SUM(I179:I232) -> 0 | J233: =SUM(J179:J232) -> 0 | K233: =SUM(K179:K232) -> 0
A235: ¿ES UN CONTRATO O REQUIERE CONTRATO DERIVADO? | G235: No
A236: =IF(G235="Si","SUBTOTAL (antes de AU e IVA)", "SUBTOTAL (antes de administración)") -> SUBTOTAL (antes de administración) | G236: =G41+G120+G177+G233 -> 0 | H236: =H41+H120+H177+H233 -> 0 | I236: =I41+I120+I177+I233 -> 0 | J236: =J41+J120+J177+J233 -> 0 | K236: =K41+K120+K177+K233 -> 0
A237: =IF(G235="Si","Administración","Gastos de administración") -> Gastos de administración | G237: =G236*F237 -> 0 | L237: Gastos de administración
A238: =IF(G235="Si","Utilidad","") | G238: =G236*F238 -> 0
A239: =IF(G235="Si","IVA","") | G239: =F239*(G236+G237+G238) -> 0 | L239: Info IVA
A240: =IF(G235="Si","TOTAL (incluido AU e IVA)", "TOTAL (incluido administración)") -> TOTAL (incluido administración) | G240: =SUM(G236:G239) -> 0 | H240: =SUM(H236:H239) -> 0 | I240: =SUM(I236:I239) -> 0 | J240: =SUM(J236:J239) -> 0 | K240: =SUM(K236:K239) -> 0
A241: Unidades | C241: Unidad de medida | E241: =IF(G235="Si","Costo unitario (antes de AU e IVA)", "Costo unitario (antes de administración)") -> Costo unitario (antes de administración) | F241: =IFERROR(G236/B241,0) -> 0 | G241: Observaciones:
A242: Unidades | C242: Unidad de medida | E242: =IF(G235="Si","Costo unitario (AU e IVA incluido)", "Costo unitario (administración incluida)") -> Costo unitario (administración incluida) | F242: =IFERROR(G240/B242,0) -> 0
A244: Unidades | C244: Unidad de medida | E244: =IF(G235="Si","Costo unitario sin MO (antes de AU e IVA)", "Costo unitario sin MO (antes de administración)") -> Costo unitario sin MO (antes de administración) | F244: =IFERROR((G236-G41)/B244,0) -> 0 | G244: Observaciones:
A245: Unidades | C245: Unidad de medida | E245: =IF(G235="Si","Costo unitario sin MO (AU e IVA incluido)", "Costo unitario sin MO(administración incluida)") -> Costo unitario sin MO(administración incluida) | F245: =IFERROR((G240-G41)/B245,0) -> 0

Sheet ALCANCE 1
B1: =Instructivo!F1 -> Sistema de Gestión Integral (SGI) Instructivo - Componente Financiero EP Código: F-PGC-21. Versión: 05 | H1: Instructivo
B2: Hoja "Memoria de cálculo - opción 2"
A5: MODALIDAD DE CONTRATACIÓN: | F5: ='Plan Ejecución'!J4 -> Convenio Interadministrativo
A6: OBJETO A CONTRATAR: | F6: ='Plan Ejecución'!J5 -> Aunar esfuerzos para ejecutar acciones enfocadas al apoyo del PGIRS mediante acciones y estrategias enfocadas en la gestión, el aprovechamiento y la economía circular, en el municipio de Concordia
A8: PROCESO/ ALCANCE / ACTIVIDAD: Alcance 1. Ejecución de acciones tendientes a promover la gestión de los residuos peligrosos y especiales por parte de generadores (Actividad 1.1. Censo y clasificación de establecimientos generadores de residuos peligrosos, y Actividad 1.2. Capacitación a representantes de los establecimientos generadores de residuos peligrosos).
A9: UNIDAD DE MEDIDA PARA EL PRECIO UNITARIO:
A10: ESPECIFICACIÓN TÉCNICA PARA EL PRECIO UNITARIO:
A12: DISCRIMINACIÓN DE COSTOS | H12: FUENTES DE COFINANCIACIÓN
H13: CORANTIOQUIA | J13: Entidad 1:
A14: Ítem | B14: Cantidad personal | C14: (%) Dedicación | D14: Unidad de medida | E14: Cantidad | F14: Valor unitario base | G14: Valor total | H14: DINERO | I14: ESPECIE | J14: DINERO | K14: ESPECIE
A15: COSTOS DE PERSONAL
A16: Tecnólogo ambiental (50% dedicación - Alcance 1) | B16: 1 | C16: 0.5 | D16: Mes | E16: 2.5 | F16: =+Honorarios!B11 -> 4824450 | G16: =B16*C16*E16*F16 -> 6030562.5 | H16: =+G16*'Presupuesto Convenio'!$B$137 -> 6030562.5 | J16: =+G16*'Presupuesto Convenio'!$B$138 -> 0
A17: Asistencial / Promotor ambiental (50% dedicación - Alcance 1) | B17: 2 | C17: 0.5 | D17: Mes | E17: 2.5 | F17: =+Honorarios!B8 -> 3000000 | G17: =B17*C17*E17*F17 -> 7500000 | H17: =+G17*'Presupuesto Convenio'!$B$137 -> 7500000 | J17: =+G17*'Presupuesto Convenio'!$B$138 -> 0
A18: Tecnólogo ambiental o afín (aporte en especie - Municipio, contrato de prestación de servicios 36 de 2026) | B18: 1 | C18: 0.5 | D18: Mes | E18: 2.5 | F18: 3200000 | G18: =B18*C18*E18*F18 -> 4000000 | H18: 0 | I18: 0 | J18: 0 | K18: =+G18 -> 4000000
G19: =B19*C19*E19*F19 -> 0
G20: =B20*C20*E20*F20 -> 0
G21: =B21*C21*E21*F21 -> 0
G22: =B22*C22*E22*F22 -> 0
G23: =B23*C23*E23*F23 -> 0
G24: =B24*C24*E24*F24 -> 0
G25: =B25*C25*E25*F25 -> 0
G26: =B26*C26*E26*F26 -> 0
G27: =B27*C27*E27*F27 -> 0
G28: =B28*C28*E28*F28 -> 0
G29: =B29*C29*E29*F29 -> 0
G30: =B30*C30*E30*F30 -> 0
... G37: =B37*C37*E37*F37 -> 0
A38: SUBTOTAL COSTOS DE PERSONAL | G38: =SUM(G16:G37) -> 17530562 | H38: =SUM(H16:H37) -> 13530562 | I38: =SUM(I16:I37) -> 0 | J38: =SUM(J16:J37) -> 0 | K38: =SUM(K16:K37) -> 4000000
A39: Ítem | D39: Unidad de medida | E39: Cantidad | F39: Valor unitario | G39: Valor total oferente | H39: DINERO | I39: ESPECIE | J39: DINERO | K39: ESPECIE
A40: COSTOS DE MATERIALES Y SUMINISTROS
A41: Refrigerios - Actividad 1.2 (1 jornada x 20) | D41: Unidad | E41: 20 | F41: =Alimentación!B24 -> 12000 | G41: =E41*F41 -> 240000 | H41: =+G41*'Presupuesto Convenio'!$B$137 -> 240000 | J41: =+G41*'Presupuesto Convenio'!$B$138 -> 0
A42: Dotación equipo de trabajo: camiseta tipo polo (100% - Alcance 1) | D42: Unidad | E42: ='Estudio de mercado'!C15 -> 4 | F42: =+'Estudio de mercado'!R15 -> 64849 | G42: =E42*F42 -> 259396 | H42: =+G42*'Presupuesto Convenio'!$B$137 -> 259396 | J42: =+G42*'Presupuesto Convenio'!$B$138 -> 0
A43: Dotación equipo de trabajo: gorra frente sua (100% - Alcance 1) | D43: Unidad | E43: ='Estudio de mercado'!C16 -> 4 | F43: =+'Estudio de mercado'!R16 -> 43041.243 | G43: =ROUND(E43*F43,0) -> 172165 | H43: =+G43*'Presupuesto Convenio'!$B$137 -> 172165 | J43: =+G43*'Presupuesto Convenio'!$B$138 -> 0
A44: SUBTOTAL COSTOS DE MATERIALES Y SUMINISTROS | G44: =SUM(G41:G43) -> 671561 | H44: =SUM(H41:H43) -> 671561 | I44: =SUM(I41:I43) -> 0 | J44: =SUM(J41:J43) -> 0 | K44: =SUM(K41:K43) -> 0
A46: ¿ES UN CONTRATO O REQUIERE CONTRATO DERIVADO? | G46: No
A47: =IF(G46="Si","SUBTOTAL (antes de AU e IVA)", "SUBTOTAL (antes de administración)") -> SUBTOTAL (antes de administración) | G47: =G38+G44 -> 18202124 | H47: =H38+H44 -> 14202124 | I47: =I38+I44 -> 0 | J47: =J38+J44 -> 0 | K47: =K38+K44 -> 4000000
A48: =IF(G46="Si","Administración","Gastos de administración") -> Gastos de administración | F48: 0 | G48: =G47*F48 -> 0 | L48: Gastos de administración
A49: =IF(G46="Si","Utilidad","") | G49: =G47*F49 -> 0
A50: =IF(G46="Si","IVA","") | G50: =F50*(G47+G48+G49) -> 0 | L50: Info IVA
A51: =IF(G46="Si","TOTAL (incluido AU e IVA)", "TOTAL (incluido administración)") -> TOTAL (incluido administración) | G51: =SUM(G47:G50) -> 18202124 | H51: =SUM(H47:H50) -> 14202124 | I51: =SUM(I47:I50) -> 0 | J51: =SUM(J47:J50) -> 0 | K51: =SUM(K47:K50) -> 4000000
A52: Unidades | C52: Unidad de medida | E52: =IF(G46="Si","Costo unitario (antes de AU e IVA)", "Costo unitario (antes de administración)") -> Costo unitario (antes de administración) | F52: =IFERROR(G47/B52,0) -> 0 | G52: Observaciones:
A53: Unidades | C53: Unidad de medida | E53: =IF(G46="Si","Costo unitario (AU e IVA incluido)", "Costo unitario (administración incluida)") -> Costo unitario (administración incluida) | F53: =IFERROR(G51/B53,0) -> 0
A55: Unidades | C55: Unidad de medida | E55: =IF(G46="Si","Costo unitario sin MO (antes de AU e IVA)", "Costo unitario sin MO (antes de administración)") -> Costo unitario sin MO (antes de administración) | F55: =IFERROR((G47-G38)/B55,0) -> 0 | G55: Observaciones:
A56: Unidades | C56: Unidad de medida | E56: =IF(G46="Si","Costo unitario sin MO (AU e IVA incluido)", "Costo unitario sin MO(administración incluida)") -> Costo unitario sin MO(administración incluida) | F56: =IFERROR((G51-G38)/B56,0) -> 0

Sheet ALCANCE 2
B1: =Instructivo!F1 -> Sistema de Gestión Integral (SGI) Instructivo - Componente Financiero EP Código: F-PGC-21. Versión: 05 | H1: Instructivo
B2: Hoja "Memoria de cálculo - opción 2"
A5: MODALIDAD DE CONTRATACIÓN: | F5: ='Plan Ejecución'!J4 -> Convenio Interadministrativo
A6: OBJETO A CONTRATAR: | F6: ='Plan Ejecución'!J5 -> Aunar esfuerzos para ejecutar acciones enfocadas al apoyo del PGIRS mediante acciones y estrategias enfocadas en la gestión, el aprovechamiento y la economía circular, en el municipio de Concordia
A8: PROCESO/ ALCANCE / ACTIVIDAD: Alcance 2. Promoción del aprovechamiento de residuos sólidos y la economía circular (Actividades 2.1 Formación a recicladores de oficio, 2.2 Dotación a recicladores, 2.3 Entrega de suministros para promover la separación en la fuente y la ruta selectiva de materiales aprovechables, 2.4 Tratamiento de residuos orgánicos, 2.5 Acciones de educación ambiental y comunicacionales, 2.6 Suministro de centros de acopio de material aprovechable, y 2.7 Suministro de equipo de apoyo logístico para la ruta selectiva de residuos aprovechables.
A9: UNIDAD DE MEDIDA PARA EL PRECIO UNITARIO:
A10: ESPECIFICACIÓN TÉCNICA PARA EL PRECIO UNITARIO:
A12: DISCRIMINACIÓN DE COSTOS | H12: FUENTES DE COFINANCIACIÓN
H13: CORANTIOQUIA | J13: Entidad 1:
A14: Ítem | B14: Cantidad personal | C14: (%) Dedicación | D14: Unidad de medida | E14: Cantidad | F14: Valor unitario base | G14: Valor total | H14: DINERO | I14: ESPECIE | J14: DINERO | K14: ESPECIE
A15: COSTOS DE PERSONAL
A16: Tecnólogo ambiental (50% dedicación - Alcance 2) | B16: 1 | C16: 0.5 | D16: Mes | E16: 2.5 | F16: =+Honorarios!B11 -> 4824450 | G16: =B16*C16*E16*F16 -> 6030562.5 | H16: =+G16*'Presupuesto Convenio'!$B$137 -> 6030562.5 | J16: =+G16*'Presupuesto Convenio'!$B$138 -> 0
A17: Asistencial / Promotor ambiental (50% dedicación - Alcance 2) | B17: 2 | C17: 0.5 | D17: Mes | E17: 2.5 | F17: =+Honorarios!B8 -> 3000000 | G17: =B17*C17*E17*F17 -> 7500000 | H17: =+G17*'Presupuesto Convenio'!$B$137 -> 7500000 | J17: =+G17*'Presupuesto Convenio'!$B$138 -> 0
A18: Tecnólogo ambiental o afín (aporte en especie - Municipio, contrato de prestación de servicios 36 de 2026) | B18: 1 | C18: 0.5 | D18: Mes | E18: 2.5 | F18: 3200000 | G18: =B18*C18*E18*F18 -> 4000000 | H18: 0 | I18: 0 | J18: 0 | K18: =+G18 -> 4000000
G19: =B19*C19*E19*F19 -> 0
G20: =B20*C20*E20*F20 -> 0
G21: =B21*C21*E21*F21 -> 0
G22: =B22*C22*E22*F22 -> 0
G23: =B23*C23*E23*F23 -> 0
G24: =B24*C24*E24*F24 -> 0
G25: =B25*C25*E25*F25 -> 0
G26: =B26*C26*E26*F26 -> 0
G27: =B27*C27*E27*F27 -> 0
G28: =B28*C28*E28*F28 -> 0
G29: =B29*C29*E29*F29 -> 0
G30: =B30*C30*E30*F30 -> 0
... G37: =B37*C37*E37*F37 -> 0
A38: SUBTOTAL COSTOS DE PERSONAL | G38: =SUM(G16:G37) -> 17530562 | H38: =SUM(H16:H37) -> 13530562 | I38: =SUM(I16:I37) -> 0 | J38: =SUM(J16:J37) -> 0 | K38: =SUM(K16:K37) -> 4000000
A39: Ítem | D39: Unidad de medida | E39: Cantidad | F39: Valor unitario | G39: Valor total oferente | H39: DINERO | I39: ESPECIE | J39: DINERO | K39: ESPECIE
A40: COSTOS DE MATERIALES Y SUMINISTROS
A41: Refrigerios - Actividad 2.1 (2 talleres x 10) | D41: Unidad | E41: 20 | F41: =Alimentación!B24 -> 12000 | G41: =E41*F41 -> 240000 | H41: =+G41*'Presupuesto Convenio'!$B$137 -> 240000 | J41: =+G41*'Presupuesto Convenio'!$B$138 -> 0
A42: Refrigerios - Actividad 2.5 (17 encuentros x 20) | D42: Unidad | E42: 340 | F42: =Alimentación!B24 -> 12000 | G42: =E42*F42 -> 4080000 | H42: =+G42*'Presupuesto Convenio'!$B$137 -> 4080000 | J42: =+G42*'Presupuesto Convenio'!$B$138 -> 0
A43: Dotación recicladores: camibuso (100% - Alcance 2) | D43: Unidad | E43: ='Estudio de mercado'!C17 -> 3 | F43: =+'Estudio de mercado'!R17 -> 72383.5 | G43: =ROUND(E43*F43,0) -> 217151 | H43: =+G43*'Presupuesto Convenio'!$B$137 -> 217151 | J43: =+G43*'Presupuesto Convenio'!$B$138 -> 0
A44: Dotación recicladores: gorra tipo PAVA (100% - Alcance 2) | D44: Unidad | E44: ='Estudio de mercado'!C18 -> 3 | F44: =+'Estudio de mercado'!R18 -> 49206 | G44: =E44*F44 -> 147618 | H44: =+G44*'Presupuesto Convenio'!$B$137 -> 147618 | J44: =+G44*'Presupuesto Convenio'!$B$138 -> 0
A45: Talleristas de capacitación (Actividad 2.1) | D45: Global | E45: 1 | F45: =('Estudio de mercado'!R28*'Estudio de mercado'!C28) -> 1200000 | G45: =E45*F45 -> 1200000 | H45: =+G45*'Presupuesto Convenio'!$B$137 -> 1200000 | J45: =+G45*'Presupuesto Convenio'!$B$138 -> 0
A46: Puntos ecológicos vaciados en plástico reciclado con techo (Actividad 2.3) | D46: Unidad | E46: 18 | F46: ='Estudio de mercado'!R12 -> 1648891.7 | G46: =E46*F46 -> 29680050 | H46: =+G46*'Presupuesto Convenio'!$B$137 -> 29680050 | J46: =+G46*'Presupuesto Convenio'!$B$138 -> 0
A47: Composteras agrícolas de 1 m³ con techo (Actividad 2.4) | D47: Unidad | E47: 26 | F47: ='Estudio de mercado'!R13 -> 1611435.3 | G47: =ROUND(E47*F47,0) -> 41897319 | H47: =+G47*'Presupuesto Convenio'!$B$137 -> 41897319 | J47: =+G47*'Presupuesto Convenio'!$B$138 -> 0
A48: Centro de acopio de material aprovechable en 16 m² (Actividad 2.6) | D48: Unidad | E48: 2 | F48: ='Estudio de mercado'!R14 -> 18445418 | G48: =ROUND(E48*F48,0) -> 36890835 | H48: =+G48*'Presupuesto Convenio'!$B$137 -> 36890835 | J48: =+G48*'Presupuesto Convenio'!$B$138 -> 0
A49: Motocarguera para apoyo a la ruta selectiva de residuos aprovechables (Actividad 2.7) | D49: Unidad | E49: 1 | F49: ='Estudio de mercado'!R19 -> 25468808 | G49: =E49*F49 -> 25468808 | H49: 0 | J49: =+G49 -> 25468808
A50: Transporte de personal a la vereda El Socorro (1 persona por viaje, ida, espera y regreso; 3 viajes del tecnólogo agroambiental y 3 viajes del tecnólogo aportado en especie por el municipio) - Actividades 2.3, 2.4 y 2.6 | D50: Viaje | E50: 10 | F50: ='Estudio de mercado'!R20 -> 120000 | G50: =E50*F50 -> 1200000 | H50: =+G50*'Presupuesto Convenio'!$B$137 -> 1200000 | J50: =+G50*'Presupuesto Convenio'!$B$138 -> 0
A51: Transporte de personal a la vereda La Arboleda (1 persona por viaje, ida, espera y regreso; 3 viajes del tecnólogo agroambiental y 3 viajes del tecnólogo aportado en especie por el municipio) - Actividades 2.3, 2.4 y 2.6 | D51: Viaje | E51: 8 | F51: ='Estudio de mercado'!R21 -> 120000 | G51: =E51*F51 -> 960000 | H51: =+G51*'Presupuesto Convenio'!$B$137 -> 960000 | J51: =+G51*'Presupuesto Convenio'!$B$138 -> 0
A52: Transporte de personal a la vereda Morelia (1 persona por viaje, ida, espera y regreso; 3 viajes del tecnólogo agroambiental y 3 viajes del tecnólogo aportado en especie por el municipio) - Actividades 2.3, 2.4 y 2.6 | D52: Viaje | E52: 9 | F52: ='Estudio de mercado'!R22 -> 80000 | G52: =E52*F52 -> 720000 | H52: =+G52*'Presupuesto Convenio'!$B$137 -> 720000 | J52: =+G52*'Presupuesto Convenio'!$B$138 -> 0
A53: Transporte de suministros a la vereda El Socorro - Actividades 2.3, 2.4 y 2.6 | D53: Viaje | E53: 1 | F53: ='Estudio de mercado'!R23 -> 400000 | G53: =E53*F53 -> 400000 | H53: =+G53*'Presupuesto Convenio'!$B$137 -> 400000 | J53: =+G53*'Presupuesto Convenio'!$B$138 -> 0
A54: Transporte de suministros a la vereda La Arboleda - Actividades 2.3, 2.4 y 2.6 | D54: Viaje | E54: 1 | F54: ='Estudio de mercado'!R24 -> 400000 | G54: =E54*F54 -> 400000 | H54: =+G54*'Presupuesto Convenio'!$B$137 -> 400000 | J54: =+G54*'Presupuesto Convenio'!$B$138 -> 0
A55: Transporte de suministros a la vereda Morelia - Actividades 2.3, 2.4 y 2.6 | D55: Viaje | E55: 1 | F55: ='Estudio de mercado'!R25 -> 320000 | G55: =E55*F55 -> 320000 | H55: =+G55*'Presupuesto Convenio'!$B$137 -> 320000 | J55: =+G55*'Presupuesto Convenio'!$B$138 -> 0
A56: Kit de papelería (material de apoyo para actividades de capacitación, formación y educación ambiental - Actividades 1.2, 2.1 y 2.5) | D56: Global | E56: 1 | F56: ='Estudio de mercado'!R26 -> 2942498 | G56: =E56*F56 -> 2942498 | H56: =+G56*'Presupuesto Convenio'!$B$137 -> 2942498 | J56: =+G56*'Presupuesto Convenio'!$B$138 -> 0
A57: Transporte de la motocarguera al lugar de ejecución del convenio (Actividad 2.7) | D57: Global | E57: 1 | F57: ='Estudio de mercado'!R27 -> 950000 | G57: =E57*F57 -> 950000 | H57: =+G57*'Presupuesto Convenio'!$B$137 -> 950000 | J57: =+G57*'Presupuesto Convenio'!$B$138 -> 0
G58: =E58*F58 -> 0
G59: =E59*F59 -> 0
G60: =E60*F60 -> 0
G61: =E61*F61 -> 0
G62: =E62*F62 -> 0
G63: =E63*F63 -> 0
G64: =E64*F64 -> 0
G65: =E65*F65 -> 0
G66: =E66*F66 -> 0
G67: =E67*F67 -> 0
G68: =E68*F68 -> 0
G69: =E69*F69 -> 0
... G114: =E114*F114 -> 0
A115: SUBTOTAL COSTOS DE MATERIALES Y SUMINISTROS | G115: =SUM(G41:G114) -> 1.4771428e+08 | H115: =SUM(H41:H114) -> 122245471 | I115: =SUM(I41:I114) -> 0 | J115: =SUM(J41:J114) -> 25468808 | K115: =SUM(K41:K114) -> 0
A117: ¿ES UN CONTRATO O REQUIERE CONTRATO DERIVADO? | G117: No
A118: =IF(G117="Si","SUBTOTAL (antes de AU e IVA)", "SUBTOTAL (antes de administración)") -> SUBTOTAL (antes de administración) | G118: =G38+G115 -> 1.6524484e+08 | H118: =H38+H115 -> 1.3577603e+08 | I118: =I38+I115 -> 0 | J118: =J38+J115 -> 25468808 | K118: =K38+K115 -> 4000000
A119: =IF(G117="Si","Administración","Gastos de administración") -> Gastos de administración | F119: 0 | G119: =G118*F119 -> 0 | L119: Gastos de administración
A120: =IF(G117="Si","Utilidad","") | G120: =G118*F120 -> 0
A121: =IF(G117="Si","IVA","") | G121: =F121*(G118+G119+G120) -> 0 | L121: Info IVA
A122: =IF(G117="Si","TOTAL (incluido AU e IVA)", "TOTAL (incluido administración)") -> TOTAL (incluido administración) | G122: =SUM(G118:G121) -> 1.6524484e+08 | H122: =SUM(H118:H121) -> 1.3577603e+08 | I122: =SUM(I118:I121) -> 0 | J122: =SUM(J118:J121) -> 25468808 | K122: =SUM(K118:K121) -> 4000000
A123: Unidades | C123: Unidad de medida | E123: =IF(G117="Si","Costo unitario (antes de AU e IVA)", "Costo unitario (antes de administración)") -> Costo unitario (antes de administración) | F123: =IFERROR(G118/B123,0) -> 0 | G123: Observaciones: | L123: IVA
A124: Unidades | C124: Unidad de medida | E124: =IF(G117="Si","Costo unitario (AU e IVA incluido)", "Costo unitario (administración incluida)") -> Costo unitario (administración incluida) | F124: =IFERROR(G122/B124,0) -> 0
A126: Unidades | C126: Unidad de medida | E126: =IF(G117="Si","Costo unitario sin MO (antes de AU e IVA)", "Costo unitario sin MO (antes de administración)") -> Costo unitario sin MO (antes de administración) | F126: =IFERROR((G118-G38)/B126,0) -> 0 | G126: Observaciones:
A127: Unidades | C127: Unidad de medida | E127: =IF(G117="Si","Costo unitario sin MO (AU e IVA incluido)", "Costo unitario sin MO(administración incluida)") -> Costo unitario sin MO(administración incluida) | F127: =IFERROR((G122-G38)/B127,0) -> 0

Sheet Estudio de mercado
E1: =Instructivo!F1 -> Sistema de Gestión Integral (SGI) Instructivo - Componente Financiero EP Código: F-PGC-21. Versión: 05
E2: Hoja "Estudio de mercado"
A5: MODALIDAD DE CONTRATACIÓN: | D5: ='Plan Ejecución'!J4 -> Convenio Interadministrativo
A6: OBJETO A CONTRATAR: | D6: ='Plan Ejecución'!J5 -> Aunar esfuerzos para ejecutar acciones enfocadas al apoyo del PGIRS mediante acciones y estrategias enfocadas en la gestión, el aprovechamiento y la economía circular, en el municipio de Concordia
D8: 1 | E8: 2 | F8: 3 | G8: 4 | H8: 5 | I8: 6 | J8: 7 | K8: 8 | L8: 9 | M8: 10 | N8: 11 | O8: 12 | P8: 13 | Q8: 14
A9: NÚMERO DE RADICADO: | D9: 110-COE2609-35719 | E9: 110-COE2408-30417 | F9: 110-COE2608-34401 | G9: 110-COE2609-36037 | H9: 110-COE2608-33045 | I9: 110-COE2609-35421 | J9: 110-COE2609-37152 | K9: 110-COE2609-35473 | L9: 110-COE2609-37089 | M9: 110-COE2609-38613 | N9: 110-COE2610-41260 | O9: 110-COE2609-38184 | P9: 110-COE2609-37944 | Q9: 180-COE2609-36504
A10: PROVEEDOR: | D10: PPROYECPLAST | E10: CONSTRUIR ECOVIDA | F10: AMBIENPLAST | G10: P&G Medios | H10: SANTIAGO PROMOCIONALES Y TEXTILES CORPORATIVOS | I10: Bonna Inversiones S.A.S | J10: DISMERCA S.A.S | K10: SUPERMOTOSCAR S.A.S. | L10: Jorge Elieser Agudelo | M10: Municipio de Concordia | N10: Municipio de Concordia | O10: Grúas Express | P10: PPROYECPLAST | Q10: Areciclar
A11: Ítem | B11: Unidad de medida | C11: Cantidad | D11: Valor unitario después de IVA | E11: Valor unitario después de IVA | F11: Valor unitario después de IVA | G11: Valor unitario después de IVA | H11: Valor unitario después de IVA | I11: Valor unitario después de IVA | J11: Valor unitario después de IVA | K11: Valor unitario después de IVA | L11: Valor unitario después de IVA | M11: Valor unitario después de IVA | N11: Valor unitario después de IVA | O11: Valor unitario después de IVA | P11: Valor unitario después de IVA | Q11: Valor unitario después de IVA | R11: PROMEDIO Valor unitario después de IVA | T11: MEDIANA Valor unitario después de IVA
A12: Punto ecológico vaciado en plástico reciclado con 3 compartimentos y techo (IVA incluido en cotización original) | B12: Unidad | C12: 15 | D12: 1573775 | E12: 1677900 | F12: 1695000 | R12: =IFERROR(AVERAGEIF(D12:Q12,">0",D12:Q12),"") -> 1648891.7 | T12: =IFERROR(MEDIAN(D12:Q12),"") -> 1677900
A13: Compostera agrícola capacidad 1 m³ con techo (exenta de IVA) | B13: Unidad | C13: 26 | D13: 1828402 | E13: 1579014 | F13: 1426890 | R13: =IFERROR(AVERAGEIF(D13:Q13,">0",D13:Q13),"") -> 1611435.3 | T13: =IFERROR(MEDIAN(D13:Q13),"") -> 1579014
A14: Centro de acopio de material aprovechable en 16 m² (IVA incluido en cotización original) | B14: Unidad | C14: 2 | D14: 17963253 | E14: 18674000 | F14: 18699000 | R14: =IFERROR(AVERAGEIF(D14:Q14,">0",D14:Q14),"") -> 18445418 | T14: =IFERROR(MEDIAN(D14:Q14),"") -> 18674000
A15: Camiseta tipo polo (dotación equipo de trabajo) | B15: Unidad | C15: 4 | G15: 76440 | H15: =45200+(45200*0.19) -> 53788 | P15: 64319 | R15: =IFERROR(AVERAGEIF(D15:Q15,">0",D15:Q15),"") -> 64849 | T15: =IFERROR(MEDIAN(D15:Q15),"") -> 64319
A16: Gorra frente sua (dotación equipo de trabajo) | B16: Unidad | C16: 4 | D16: 43316 | G16: 44316 | H16: =34867+(34867*0.19) -> 41491.73 | R16: =IFERROR(AVERAGEIF(D16:Q16,">0",D16:Q16),"") -> 43041.243 | T16: =IFERROR(MEDIAN(D16:Q16),"") -> 43316
A17: Camibuso (dotación a recicladores - Actividad 2.2) | B17: Unidad | C17: 3 | G17: 64680 | P17: 80087 | R17: =IFERROR(AVERAGEIF(D17:Q17,">0",D17:Q17),"") -> 72383.5 | T17: =IFERROR(MEDIAN(D17:Q17),"") -> 72383.5
A18: Gorra tipo PAVA (dotación a recicladores - Actividad 2.2) | B18: Unidad | C18: 3 | D18: 37652 | G18: 60760 | R18: =IFERROR(AVERAGEIF(D18:Q18,">0",D18:Q18),"") -> 49206 | T18: =IFERROR(MEDIAN(D18:Q18),"") -> 49206
A19: Motocarguera (ceronte tricargo 200), matrícula incluida (IVA incluido) | B19: Unidad | C19: 1 | I19: 26197175 | J19: 25809250 | K19: 24400000 | R19: =IFERROR(AVERAGEIF(D19:Q19,">0",D19:Q19),"") -> 25468808 | T19: =IFERROR(MEDIAN(D19:Q19),"") -> 25809250
A20: Transporte de personal (1 persona por viaje) a la vereda El Socorro (ida, espera y regreso) | B20: Viaje | C20: 1 | L20: 120000 | R20: =IFERROR(AVERAGEIF(D20:Q20,">0",D20:Q20),"") -> 120000 | T20: =IFERROR(MEDIAN(D20:Q20),"") -> 120000
A21: Transporte de personal (1 persona por viaje) a la vereda La Arboleda (ida, espera y regreso) | B21: Viaje | C21: 1 | L21: 120000 | R21: =IFERROR(AVERAGEIF(D21:Q21,">0",D21:Q21),"") -> 120000 | T21: =IFERROR(MEDIAN(D21:Q21),"") -> 120000
A22: Transporte de personal (1 persona por viaje) a la vereda Morelia (ida, espera y regreso) | B22: Viaje | C22: 1 | L22: 80000 | R22: =IFERROR(AVERAGEIF(D22:Q22,">0",D22:Q22),"") -> 80000 | T22: =IFERROR(MEDIAN(D22:Q22),"") -> 80000
A23: Transporte de suministros a la vereda El Socorro | B23: Viaje | C23: 1 | M23: 400000 | R23: =IFERROR(AVERAGEIF(D23:Q23,">0",D23:Q23),"") -> 400000 | T23: =IFERROR(MEDIAN(D23:Q23),"") -> 400000
A24: Transporte de suministros a la vereda La Arboleda | B24: Viaje | C24: 1 | M24: 400000 | R24: =IFERROR(AVERAGEIF(D24:Q24,">0",D24:Q24),"") -> 400000 | T24: =IFERROR(MEDIAN(D24:Q24),"") -> 400000
A25: Transporte de suministros a la vereda Morelia | B25: Viaje | C25: 1 | M25: 320000 | R25: =IFERROR(AVERAGEIF(D25:Q25,">0",D25:Q25),"") -> 320000 | T25: =IFERROR(MEDIAN(D25:Q25),"") -> 320000
A26: Kit de papelería (material de apoyo para actividades de capacitación, formación y educación ambiental) | B26: Global | C26: 1 | N26: 2942498 | R26: =IFERROR(AVERAGEIF(D26:Q26,">0",D26:Q26),"") -> 2942498 | T26: =IFERROR(MEDIAN(D26:Q26),"") -> 2949525
A27: Transporte de la motocarguera al lugar de ejecución del convenio | B27: Global | C27: 1 | O27: 950000 | R27: =IFERROR(AVERAGEIF(D27:Q27,">0",D27:Q27),"") -> 950000 | T27: =IFERROR(MEDIAN(D27:Q27),"") -> 950000
A28: Tallerista: Todo costo incluye: Tallerista profesional social o administrativo con experiencia en trabajo social con organizaciones de recicladores (4 horas tallerista), viáticos (desplazamiento, pernoctada y alimentación) | B28: Unidad | C28: 2 | Q28: 600000 | R28: =IFERROR(AVERAGEIF(D28:Q28,">0",D28:Q28),"") -> 600000 | T28: =IFERROR(MEDIAN(D28:Q28),"") -> 600000
A29: NOTA: A la hora de solicitar la cotización se deberá considerar que la misma esté expresada en los términos y unidades del presupuesto, igualmente, que en la medida de lo posible se encuentre en pesos colombianos, en caso de usar otra moneda explicitar la tasa de cambio utilizada, y la fecha y fuente de consulta de la misma.

Sheet Gastos de adm
E1: =Instructivo!F1 -> Sistema de Gestión Integral (SGI) Instructivo - Componente Financiero EP Código: F-PGC-21. Versión: 05 | J1: Instructivo
E2: Hoja "Determinación de gastos de administración" | J2: Impuestos y garantías
A5: MODALIDAD DE CONTRATACIÓN: | B5: ='Plan Ejecución'!J4 -> Convenio Interadministrativo
A6: OBJETO A CONTRATAR: | B6: ='Plan Ejecución'!J5 -> Aunar esfuerzos para ejecutar acciones enfocadas al apoyo del PGIRS mediante acciones y estrategias enfocadas en la gestión, el aprovechamiento y la economía circular, en el municipio de Concordia
A8: COSTOS DIRECTOS EN DINERO NO EJECUTOR | B8: ='Presupuesto Convenio'!G116 -> 1.8344697e+08 | D8: MESES | E8: 2,5
A10: GASTOS DE ADMINISTRACIÓN
A11: Ítem | B11: Unidad de medida | C11: Cantidad | D11: Valor unitario | E11: Valor total | F11: (%) PP
E12: =C12*D12 -> 0 | F12: =IFERROR(E12/$B$8,0) -> 0
E13: =C13*D13 -> 0 | F13: =IFERROR(E13/$B$8,0) -> 0
E14: =C14*D14 -> 0 | F14: =IFERROR(E14/$B$8,0) -> 0
E15: =C15*D15 -> 0 | F15: =IFERROR(E15/$B$8,0) -> 0
E16: =C16*D16 -> 0 | F16: =IFERROR(E16/$B$8,0) -> 0
E17: =C17*D17 -> 0 | F17: =IFERROR(E17/$B$8,0) -> 0
E18: =C18*D18 -> 0 | F18: =IFERROR(E18/$B$8,0) -> 0
E19: =C19*D19 -> 0 | F19: =IFERROR(E19/$B$8,0) -> 0
E20: =C20*D20 -> 0 | F20: =IFERROR(E20/$B$8,0) -> 0
E21: =C21*D21 -> 0 | F21: =IFERROR(E21/$B$8,0) -> 0
E22: =C22*D22 -> 0 | F22: =IFERROR(E22/$B$8,0) -> 0
E23: =C23*D23 -> 0 | F23: =IFERROR(E23/$B$8,0) -> 0
... E59: =C59*D59 -> 0 | F59: =IFERROR(E59/$B$8,0) -> 0
A60: TOTAL GASTOS DE ADMINISTRACIÓN | E60: =SUM(E12:E59) -> 0 | F60: =SUM(F12:F59) -> 0
A62: En caso de convenios, si el conveniante ejecutor va a realizar un contrato derivado, considerar para el análisis:
A63: TOTAL APORTES EN DINERO NO EJECUTOR (antes de AU e IVA) | E63: =B8 -> 1.8344697e+08
A64: Administración(13%) | D64: 0 | E64: =D64*E63 -> 0
A65: Utilidad | D65: 0 | E65: =E63*D65 -> 0
A66: IVA | D66: 0 | E66: =(E63+E64+E65)*D66 -> 0 | F66: Info IVA
A67: TOTAL (incluido AU e IVA) | E67: =SUM(E63:E66) -> 1.8344697e+08
A69: TOTAL Porcentaje de gastos de administración a reconocer por análisis de contrato derivado (Sobre los costos directos en dinero del no ejecutor) | E69: =E64+E65+E66 -> 0 | F69: =IFERROR(E69/E63,0) -> 0

Sheet Gtos DyM
B1: =Instructivo!F1 -> Sistema de Gestión Integral (SGI) Instructivo - Componente Financiero EP Código: F-PGC-21. Versión: 05
B2: Hoja "Valores de gastos de desplazamiento y manutención"
A5: AÑO VIGENTE: | B5: =Honorarios!B4 -> 2025
A6: MEMORANDO: | B6: 190-MEM2505-3559
A8: Cuatro N.1 Gastos de desplazamiento y manutención por municipio
A9: Municipio | B9: Valor total desplazamiento | C9: Valor total desplazamiento y manutención más de 4 horas sin pernocta | D9: Valor total desplazamiento y manutención con (1) una pernocta*
A10: Amaga | B10: 57000 | C10: 124000 | D10: 190000
A11: Amalfi | B11: 112000 | C11: 179000 | D11: 245000
A12: Andes | B12: 97000 | C12: 164000 | D12: 230000
A13: Angelópolis | B13: 57000 | C13: 124000 | D13: 190000
A14: Angostura | B14: 102000 | C14: 169000 | D14: 235000
A15: Anorí | B15: 137000 | C15: 204000 | D15: 270000
A16: Anzá | B16: 87000 | C16: 154000 | D16: 220000
A17: Armenia mantequilla | B17: 67000 | C17: 134000 | D17: 200000
A18: Barbosa | B18: 17000 | C18: 50000 | D18: N/A
A19: Bello | B19: 15000 | C19: 48000 | D19: N/A
A20: Belmira | B20: 67000 | C20: 134000 | D20: 200000
A21: Betania | B21: 107000 | C21: 174000 | D21: 240000
A22: Betulia | B22: 112000 | C22: 179000 | D22: 245000
A23: Briceño | B23: 112000 | C23: 179000 | D23: 245000
A24: Buriticá | B24: 92000 | C24: 159000 | D24: 225000
A25: Cáceres | B25: 233000 | C25: 300000 | D25: 366000
A26: Caicedo | B26: 112000 | C26: 179000 | D26: 245000
A27: Caldas | B27: 17000 | C27: 50000 | D27: 0
A28: Campamento | B28: 107000 | C28: 174000 | D28: 240000
A29: Caracolí | B29: 107000 | C29: 174000 | D29: 240000
A30: Caramanta | B30: 122000 | C30: 189000 | D30: 255000
A31: Carolina del Príncipe | B31: 92000 | C31: 159000 | D31: 225000
... A35: Concordia | B35: 92000 | C35: 159000 | D35: 225000
A36: Copacabana | B36: 17000 | C36: 50000 | D36: N/A
A37: Don Matías | B37: 52000 | C37: 119000 | D37: 185000
A38: Ebéjico | B38: 92000 | C38: 159000 | D38: 225000
A39: El Bagre | B39: 307000 | C39: 374000 | D39: 440000
A40: Entrerríos | B40: 72000 | C40: 139000 | D40: 205000
A41: Envigado | B41: 15000 | C41: 48000 | D41: 0
A42: Fredonia | B42: 72000 | C42: 139000 | D42: 205000
A43: Girardota | B43: 17000 | C43: 50000 | D43: N/A
A44: Gómez Plata | B44: 87000 | C44: 154000 | D44: 220000
A45: Guadalupe | B45: 97000 | C45: 164000 | D45: 230000
A46: Heliconia | B46: 87000 | C46: 154000 | D46: 220000
A47: Hispania | B47: 92000 | C47: 159000 | D47: 225000
A48: Itagüí | B48: 15000 | C48: 48000 | D48: 0
A49: Ituango | B49: 137000 | C49: 204000 | D49: 270000
A50: Jardín | B50: 122000 | C50: 189000 | D50: 255000
A51: Jericó | B51: 119000 | C51: 186000 | D51: 252000
A52: La Estrella | B52: 15000 | C52: 48000 | D52: 0
A53: La Pintada | B53: 82000 | C53: 149000 | D53: 215000
A54: Liborina | B54: 99000 | C54: 166000 | D54: 232000
A55: Maceo | B55: 102000 | C55: 169000 | D55: 235000
A56: Medellín | B56: 15000 | C56: 48000 | D56: N/A
A57: Montebello | B57: 67000 | C57: 134000 | D57: 200000
A58: Nechí | B58: 307000 | C58: 374000 | D58: 440000
A59: Olaya | B59: 87000 | C59: 154000 | D59: 220000
A60: Pueblo Rico | B60: 117000 | C60: 184000 | D60: 250000
A61: Puerto Berrío | B61: 112000 | C61: 179000 | D61: 245000
A62: Puerto Nare | B62: 127000 | C62: 194000 | D62: 260000
A63: Remedios | B63: 137000 | C63: 204000 | D63: 270000
A64: Sabanalarga | B64: 107000 | C64: 174000 | D64: 240000
A65: Sabaneta | B65: 15000 | C65: 48000 | D65: 0
A66: Salgar | B66: 92000 | C66: 159000 | D66: 225000
A67: San Andrés de Cuerquia | B67: 102000 | C67: 169000 | D67: 235000
A68: San Jerónimo | B68: 67000 | C68: 134000 | D68: 200000
... A89: Zaragoza | B89: 307000 | C89: 374000 | D89: 440000
A90: * Por cada día de pernocta adicional se reconocerán $133.000.
A91: ** El valor para reconocer por más de 4 horas sin pernocta corresponde a $67.000 y por cada pernocta $133.000. En los casos de los municipios del Área Metropolitana del Valle de Aburrá, se reconocerán $33.000 por manutención más los gastos de desplazamiento, de acuerdo con la tabla N°1; se aclara que en estos municipios está prohibido la pernocta.
A93: Tabla N.2 Gastos de desplazamiento y manutención por Territorial
A94: Territorial | B94: Promedio Valor total desplazamiento | C94: Valor total desplazamiento y manutención más de 4 horas sin pernocta | D94: Valor total desplazamiento y manutención con (1) pernocta*
A95: Aburrá Norte | B95: 16000 | C95: 49000 | D95: 0
A96: Aburrá Sur | B96: 42000 | C96: 92000 | D96: 109000
A97: Cartama | B97: 94000 | C97: 161000 | D97: 227000
A98: Citará | B98: 103000 | C98: 170000 | D98: 236000
A99: Hevéxicos | B99: 89000 | C99: 156000 | D99: 222000
A100: Panzenú | B100: 262000 | C100: 329000 | D100: 395000
A101: Tahamíes | B101: 95000 | C101: 162000 | D101: 228000
A102: Zenufaná | B102: 128000 | C102: 195000 | D102: 261000
A103: * Por cada día de pernocta adicional se reconocerán $133.000.
A104: ** El valor para reconocer por más de 4 horas sin pernocta corresponde a $67.000 y por cada pernocta $133.000. En los casos de los municipios del Área Metropolitana del Valle de Aburrá, se reconocerán $33.000 por manutención más los gastos de desplazamiento; se aclara que en estos municipios está prohibido la pernocta.
A105: *** Para la Oficina Territorial Aburra Sur, el valor promedio total desplazamiento y manutención con (1) pernocta, solo aplica para los municipios que siendo de esa jurisdicción no pertenecen al Área Metropolitana del Valle de Aburrá.
A106: *** En los municipios que se encuentren ubicados en el Área Metropolitana del Valle de Aburrá, no se autoriza a pernoctar.
A108: Cuatro N.3 Gastos de desplazamiento y manutención general
A109: Valor total desplazamiento | B109: Valor total desplazamiento y manutención más de 4 horas sin pernocta | C109: Valor total desplazamiento y manutención con (1) pernocta*
A110: 98000 | B110: 158000 | C110: 21800
A111: * Por cada día de pernocta adicional se reconocerán $120.000.
A112: ** En caso de reconocer solo gastos de manutención, se contemplará $60.000 por más de 4 horas sin pernocta y $120.000 por cada pernocta. En los casos de los municipios de Medellín, Bello, Itagüí, Sabaneta y Envigado, se reconocerá el 50% del valor de la manutención correspondiente a $30.000.
A113: *** En los municipios que se encuentren ubicados en el Área Metropolitana del Valle de Aburrá, no se autoriza a pernoctar.
A114: Se sugiere un valor de $30.000 para el trasporte entre municipios basado en el promedio valor de un solo tramo de Medellín al promedio de los municipios.

Sheet Honorarios
B1: =Instructivo!F1 -> Sistema de Gestión Integral (SGI) Instructivo - Componente Financiero EP Código: F-PGC-21. Versión: 05 | F1: Instructivo
B2: Hoja "Valores de honorarios (Prestadores de servicios)
A4: AÑO VIGENTE: | B4: 2025
A5: MEMORANDO: | B5: 190-MEM2512-8910
A7: Nivel Académico Requerido | B7: Valor mes Honorarios
A8: Asistencial | B8: 3000000
A9: Técnico | B9: 3752350
A10: Tecnólogo sin experiencia
A11: Tecnólogo | B11: 4824450
A12: Profesional | B12: 5463336
A13: Profesional especializado con experiencia | B13: 8034253
A14: Asesor o coordinador | B14: 9638479
A16: Nota
A17: El presente valor de los honorarios es el reconocido por la Corporación para la ejecución de sus contratos o convenios, cualquier cambio por parte del ejecutor en la modalidad de contratación de prestación de servicios a laboral será bajo cuenta y riesgo del este último y no podrá trasladar o solidarizar a la Corporación con la carga o gastos adicionales en los cuales incurra.

Sheet Jornal
E1: =Instructivo!F1 -> Sistema de Gestión Integral (SGI) Instructivo - Componente Financiero EP Código: F-PGC-21. Versión: 05 | J1: Instructivo
E2: Hoja "Valores de jornales"
A5: AÑO VIGENTE: | D5: 2025
A6: MEMORANDO: | D6: 190-MEM2503-2165
A7: SMMLVC: | D7: 1423500
A8: AUX TRANSPORTE MENSUAL: | D8: 200000
A10: DETERMINACIÓN DEL VALOR DEL JORNAL POR BASE
A11: Salario base en SMMLV | C11: 1 | D11: 1.25 | E11: 1.5 | F11: 1.75 | G11: 2 | H11: 3 | I11: 4 | J11: 5
A12: Salario base expresión monetaria | C12: =$D$7*C11 -> 1423500 | D12: =$D$7*D11 -> 1779375 | E12: =$D$7*E11 -> 2135250 | F12: =$D$7*F11 -> 2491125 | G12: =$D$7*G11 -> 2847000 | H12: =$D$7*H11 -> 4270500 | I12: =$D$7*I11 -> 5694000 | J12: =$D$7*J11 -> 7117500
A13: Total jornal diario a reconocer | C13: =C29/30 -> 82954.631 | D13: =D29/30 -> 101732.18 | E13: =E29/30 -> 120509.72 | F13: =F29/30 -> 139287.27 | G13: =G29/30 -> 158064.82 | H13: =H29/30 -> 225330.56 | I13: =I29/30 -> 300440.75 | J13: =J29/30 -> 375550.93
A14: Ítem | B14: Porcentaje | C14: Valor | D14: Valor | E14: Valor | F14: Valor | G14: Valor | H14: Valor | I14: Valor | J14: Valor
A15: Seguridad Social
A16: Salud (EPS) - Empleador | B16: 0.085 | C16: =$C$12*B16 -> 120997.5 | D16: =$D$12*B16 -> 151246.88 | E16: =$E$12*B16 -> 181496.25 | F16: =$F$12*B16 -> 211745.63 | G16: =$G$12*B16 -> 241995 | H16: =$H$12*B16 -> 362992.5 | I16: =$I$12*B16 -> 483990 | J16: =$J$12*B16 -> 604987.5
A17: Pensión - Empleador | B17: 0.12 | C17: =$C$12*B17 -> 170820 | D17: =$D$12*B17 -> 213525 | E17: =$E$12*B17 -> 256230 | F17: =$F$12*B17 -> 298935 | G17: =$G$12*B17 -> 341640 | H17: =$H$12*B17 -> 512460 | I17: =$I$12*B17 -> 683280 | J17: =$J$12*B17 -> 854100
A18: ARL - Riesgo V | B18: 0.0696 | C18: =$C$12*B18 -> 99075.6 | D18: =$D$12*B18 -> 123844.5 | E18: =$E$12*B18 -> 148613.4 | F18: =$F$12*B18 -> 173382.3 | G18: =$G$12*B18 -> 198151.2 | H18: =$H$12*B18 -> 297226.8 | I18: =$I$12*B18 -> 396302.4 | J18: =$J$12*B18 -> 495378
A19: Parafiscales
A20: Caja de compensación | B20: 0.04 | C20: =$C$12*B20 -> 56940 | D20: =$D$12*B20 -> 71175 | E20: =$E$12*B20 -> 85410 | F20: =$F$12*B20 -> 99645 | G20: =$G$12*B20 -> 113880 | H20: =$H$12*B20 -> 170820 | I20: =$I$12*B20 -> 227760 | J20: =$J$12*B20 -> 284700
A21: ICBF | B21: 0.03 | C21: =$C$12*B21 -> 42705 | D21: =$D$12*B21 -> 53381.25 | E21: =$E$12*B21 -> 64057.5 | F21: =$F$12*B21 -> 74733.75 | G21: =$G$12*B21 -> 85410 | H21: =$H$12*B21 -> 128115 | I21: =$I$12*B21 -> 170820 | J21: =$J$12*B21 -> 213525
A22: Sena | B22: 0.02 | C22: =$C$12*B22 -> 28470 | D22: =$D$12*B22 -> 35587.5 | E22: =$E$12*B22 -> 42705 | F22: =$F$12*B22 -> 49822.5 | G22: =$G$12*B22 -> 56940 | H22: =$H$12*B22 -> 85410 | I22: =$I$12*B22 -> 113880 | J22: =$J$12*B22 -> 142350
A23: Prestaciones sociales
A24: Cesantías | B24: 0.083333333 | C24: =($C$12+$D$8)*B24 -> 135291.67 | D24: =($D$12+$D$8)*B24 -> 164947.92 | E24: =(E12+$D$8)*$B$24 -> 194604.17 | F24: =(F12+$D$8)*$B$24 -> 224260.42 | G24: =(G12+$D$8)*$B$24 -> 253916.67 | H24: =H12*$B$24 -> 355875 | I24: =I12*$B$24 -> 474500 | J24: =J12*$B$24 -> 593125
A25: Intereses de cesantías | B25: 0.12 | C25: =C24*$B$25 -> 16235 | D25: =D24*$B$25 -> 19793.75 | E25: =E24*$B$25 -> 23352.5 | F25: =F24*$B$25 -> 26911.25 | G25: =G24*$B$25 -> 30470 | H25: =H24*$B$25 -> 42705 | I25: =I24*$B$25 -> 56940 | J25: =J24*$B$25 -> 71175
A26: Prima de servicios | B26: 0.083333333 | C26: =(C12+$D$8)*$B$26 -> 135291.67 | D26: =(D12+$D$8)*$B$26 -> 164947.92 | E26: =(E12+$D$8)*$B$26 -> 194604.17 | F26: =(F12+$D$8)*$B$26 -> 224260.42 | G26: =(G12+$D$8)*$B$26 -> 253916.67 | H26: =H12*$B$26 -> 355875 | I26: =I12*$B$26 -> 474500 | J26: =J12*$B$26 -> 593125
A27: Vacaciones | B27: =B24/2 -> 0.041666667 | C27: =C12*$B$27 -> 59312.5 | D27: =D12*$B$27 -> 74140.625 | E27: =E12*$B$27 -> 88968.75 | F27: =F12*$B$27 -> 103796.87 | G27: =G12*$B$27 -> 118625 | H27: =H12*$B$27 -> 177937.5 | I27: =I12*$B$27 -> 237250 | J27: =J12*$B$27 -> 296562.5
A28: Valor mensual prestaciones | C28: =SUM(C16:C27) -> 865138.93 | D28: =SUM(D16:D27) -> 1072590.3 | E28: =SUM(E16:E27) -> 1280041.7 | F28: =SUM(F16:F27) -> 1487493.1 | G28: =SUM(G16:G27) -> 1694944.5 | H28: =SUM(H16:H27) -> 2489416.8 | I28: =SUM(I16:I27) -> 3319222.4 | J28: =SUM(J16:J27) -> 4149028
A29: Total valor mensual | C29: =C12+$D$8+C28 -> 2488638.9 | D29: =D12+$D$8+D28 -> 3051965.3 | E29: =E12+$D$8+E28 -> 3615291.7 | F29: =F12+$D$8+F28 -> 4178618.1 | G29: =G12+$D$8+G28 -> 4741944.5 | H29: =H12+H28 -> 6759916.8 | I29: =I12+I28 -> 9013222.4 | J29: =J12+J28 -> 11266528
A31: CÁLCULO DEL FACTOR PRESTACIONAL (Para efectos de planeación)
A32: % factor prestacional | C32: =(C29-C12)/C12 -> 0.74825355 | D32: =(D29-D12)/D12 -> 0.71518951 | E32: =(E29-E12)/E12 -> 0.69314681 | F32: =(F29-F12)/F12 -> 0.67740203 | G32: =(G29-G12)/G12 -> 0.66559344 | H32: =(H29-H12)/H12 -> 0.58293333 | I32: =(I29-I12)/I12 -> 0.58293333 | J32: =(J29-J12)/J12 -> 0.58293333
A33: Jornal sin FP | C33: =C34/(1+C32) -> 47450 | D33: =D34/(1+D32) -> 59312.5 | E33: =E34/(1+E32) -> 71175 | F33: =F34/(1+F32) -> 83037.5 | G33: =G34/(1+G32) -> 94900 | H33: =H34/(1+H32) -> 142350 | I33: =I34/(1+I32) -> 189800 | J33: =J34/(1+J32) -> 237250
A34: Jornal con FP | C34: =C13 -> 82954.631 | D34: =D13 -> 101732.18 | E34: =E13 -> 120509.72 | F34: =F13 -> 139287.27 | G34: =G13 -> 158064.82 | H34: =H13 -> 225330.56 | I34: =I13 -> 300440.75 | J34: =J13 -> 375550.93
A36: Notas:
A37: Código Sustantivo del Trabajo Artículo 133. Jornal y sueldo: “Se denomina jornal el salario estipulado por días, y sueldo el estipulado por períodos mayores.”
A38: Independientemente la forma de pago pactada con el trabajador, en ningún caso el trabajador puede devengar un salario inferior al salario mínimo legal establecido, teniendo en cuenta también que los aportes a seguridad social y las acreencias laborales se siguen causando ya que las formas de pago no infieren en el desconocimiento de los derechos ciertos e indiscutibles de los trabajadores.
A40: Pago SS por cada jornal a cargo del trabajador
A41: Salud | B41: 0.125 | C41: =C33*$B$41 -> 5931.25 | D41: =D33*$B$41 -> 7414.0625 | E41: =E33*$B$41 -> 8896.875 | F41: =F33*$B$41 -> 10379.688 | G41: =G33*$B$41 -> 11862.5 | H41: =H33*$B$41 -> 17793.75 | I41: =I33*$B$41 -> 23725 | J41: =J33*$B$41 -> 29656.25
A42: Pensión | B42: 0.16 | C42: =C33*$B$42 -> 7592 | D42: =D33*$B$42 -> 9490 | E42: =E33*$B$42 -> 11388 | F42: =F33*$B$42 -> 13286 | G42: =G33*$B$42 -> 15184 | H42: =H33*$B$42 -> 22776 | I42: =I33*$B$42 -> 30368 | J42: =J33*$B$42 -> 37960
A43: ARL | B43: =B18 -> 0.0696 | C43: =C33*$B$43 -> 3302.52 | D43: =D33*$B$43 -> 4128.15 | E43: =E33*$B$43 -> 4953.78 | F43: =F33*$B$43 -> 5779.41 | G43: =G33*$B$43 -> 6605.04 | H43: =H33*$B$43 -> 9907.56 | I43: =I33*$B$43 -> 13210.08 | J43: =J33*$B$43 -> 16512.6
A44: Pago a entidades SS | C44: =SUM(C41:C43) -> 16825.77 | D44: =SUM(D41:D43) -> 21032.212 | E44: =SUM(E41:E43) -> 25238.655 | F44: =SUM(F41:F43) -> 29445.097 | G44: =SUM(G41:G43) -> 33651.54 | H44: =SUM(H41:H43) -> 50477.31 | I44: =SUM(I41:I43) -> 67303.08 | J44: =SUM(J41:J43) -> 84128.85

Sheet Salarios
B1: =Instructivo!F1 -> Sistema de Gestión Integral (SGI) Instructivo - Componente Financiero EP Código: F-PGC-21. Versión: 05 | F1: Instructivo
B2: Hoja "Valores de salarios"
A5: AÑO VIGENTE: | B5: 2025
A6: DECRETO NACIONAL: | B6: 611 de 2025-06-03
A8: Salarios percibidos por el personal con vinculación laboral en la corporación, estos valores se utilizan únicamente para cuantificar el aporte en especie corporativo de su personal, en los casos que aplique.
A10: Salarios personal vinculado laboralmente a la corporación
A11: Cargo | B11: Salario mensual 2025 | C11: Proyección Salario mensual 2026 | D11: Salario mensual con factor prestacional | E11: Salario diario con factor prestacional | F11: Salario por hora con factor prestacional
A12: Asistencial 5 | B12: 0 | C12: =B12*1.1088 -> 0 | D12: =C12*1.67 -> 0 | E12: =D12/21 -> 0 | F12: =E12/8.8 -> 0
A13: Asistencial 6 | B13: 1423500 | C13: =B13*1.1088 -> 1578376.8 | D13: =C13*1.67 -> 2635889.3 | E13: =D13/21 -> 125518.54 | F13: =E13/8.8 -> 14263.47
A14: Asistencial 7 | B14: 1527564 | C14: =B14*1.1088 -> 1693763 | D14: =C14*1.67 -> 2828584.1 | E14: =D14/21 -> 134694.48 | F14: =E14/8.8 -> 15306.191
A15: Asistencial 8 | B15: 1618569 | C15: =B15*1.1088 -> 1794669.3 | D15: =C15*1.67 -> 2997097.7 | E15: =D15/21 -> 142718.94 | F15: =E15/8.8 -> 16218.061
A16: Asistencial 9 | B16: 1721822 | C16: =B16*1.1088 -> 1909156.2 | D16: =C16*1.67 -> 3188290.9 | E16: =D16/21 -> 151823.38 | F16: =E16/8.8 -> 17252.656
A17: Asistencial 10 | B17: 1892480 | C17: =B17*1.1088 -> 2098381.8 | D17: =C17*1.67 -> 3504297.6 | E17: =D17/21 -> 166871.32 | F17: =E17/8.8 -> 18962.65
A18: Asistencial 11 | B18: 2042712 | C18: =B18*1.1088 -> 2264959.1 | D18: =C18*1.67 -> 3782481.6 | E18: =D18/21 -> 180118.17 | F18: =E18/8.8 -> 20467.974
A19: Asistencial 12 | B19: 2193336 | C19: =B19*1.1088 -> 2431971 | D19: =C19*1.67 -> 4061391.5 | E19: =D19/21 -> 193399.6 | F19: =E19/8.8 -> 21977.227
A20: Asistencial 13 | B20: 2264237 | C20: =B20*1.1088 -> 2510586 | D20: =C20*1.67 -> 4192678.6 | E20: =D20/21 -> 199651.36 | F20: =E20/8.8 -> 22687.655
A21: Asistencial 14 | B21: 2313840 | C21: =B21*1.1088 -> 2565585.8 | D21: =C21*1.67 -> 4284528.3 | E21: =D21/21 -> 204025.16 | F21: =E21/8.8 -> 23184.677
A22: Asistencial 15 | B22: 2385758 | C22: =B22*1.1088 -> 2645328.5 | D22: =C22*1.67 -> 4417698.5 | E22: =D22/21 -> 210366.6 | F22: =E22/8.8 -> 23905.295
A23: Asistencial 16 | B23: 2491836 | C23: =B23*1.1088 -> 2762947.8 | D23: =C23*1.67 -> 4614122.8 | E23: =D23/21 -> 219720.13 | F23: =E23/8.8 -> 24968.197
... A120: Directivo 28 | B120: 21623851 | C120: =B120*1.1088 -> 23976526 | D120: =C120*1.67 -> 40040798 | E120: =D120/21 -> 1906704.7 | F120: =E120/8.8 -> 216670.99

Sheet Alimentación
B1: =Instructivo!F1 -> Sistema de Gestión Integral (SGI) Instructivo - Componente Financiero EP Código: F-PGC-21. Versión: 05 | F1: Instructivo
B2: Hoja "Valores de alimentación"
A10: Año vigente: | B10: 2025
A11: Memorando: | B11: 190-MEM2510-7726
A13: Relación de costos a considerar en actividades comunitarias de convenios, contratos o actividades propias, de acuerdo con el Lineamientos Suministro Alimentacion Logistica Eventos (G-PGC-01)
A15: Según el memorando 040OC-MEM2510-7598, el presupuesto oficial se calcula con base en los gastos históricos para este tipo de adquisiciones. En aras de preservar los principios de transparencia, eficiencia y responsabilidad en el gasto público, el contratista o conveniante, previo al inicio de su proceso interno de contratación con los proveedores, debe presentar un estudio de mercado que contemple como mínimo tres cotizaciones y con un análisis de precios unitarios de cada bien o servicio a ejecutar. Dicho estudio es objeto de revisión y aprobación por parte de la supervisión del contrato o convenio, quien verifica la razonabilidad de los valores propuestos, asegurando que la selección del proveedor responda a criterios de precio, calidad y experiencia.
A17: De conformidad con el memorando 190-MEM2510-7726 y la Guia de Elaboración de Estudios de Sector los estudios de mercado o del sector se pueden realizar tres (3) metodologías: I) Sondeos de mercado II) Revisión de bases de datos especializadas III) Revisión de precios históricos.
A19: DESAYUNO SERVIDO EN VAJILLA CUANDO SON EVENTOS QUE LA LAS PERSONAS LLEGAN DESDE TEMPRANO A UN EVENTO DE MAS DE SEIS HORAS | B19: COSTO | C19: OBSERVACIONES
A20: Arroz | B20: 10000 | C20: El valor depende de la zona, el Bajo Cauca, Magadalena Medio y Nordeste minero son mas costosos que otras zonas
A21: Huevo revuelto o Chorizo o Salchichas
A22: Queso en bajo Cauca y Magdalena Medio o quesito en otras zonas | B22: a
A23: Platano o Yuca en Bajo Cauca, Nordeste minero y Magdalena Medios o Tajadas en otras zonas
A24: Arepa | B24: 12000
A25: Mantequilla o Suero en Bajo Cauca
A26: ALMUERZO O COMIDA SERVIDO EN VAJILLA RETORNABLE | B26: COSTO | C26: OBSERVACIONES
A27: Sopa o crema: Un plato sopero | B27: 15000 a 18000 | C27: El valor depende de la zona, el Bajo Cauca, Magadalena Medio y Nordeste minero son mas costosos que otras zonas
A28: Arroz: 150 gramos
A29: Acompañante: 80 gramos
A30: Proteico o carne en cocido: 100 gramos, en el caso de atender comunidades indigenas o afrocolombianas si se ofrece pescado debe ser entero frito o sudado nunca filete y si es pollo o gallina una presa nunca filete de pechuga.
A31: Verdura o ensalada: 80 gramos
A32: Arepa: 30 gramos
A33: Jugo de Fruta Natural: un Vaso de 12 onzas
A34: Postre: 30 gramos
A35: ALMUERZO TIPO FIAMBRE ENVUELTO EN HOJA Y AMARRADO CON CABUYA NATURAL cuando hay recorridos | B35: COSTO | C35: OBSERVACIONES
A36: Cereal: Arroz Blanco | B36: 15000 a 18000 | C36: El valor depende de la zona, el Bajo Cauca, Magadalena Medio y Nordeste minero son mas costosos que otras zonas
A37: Acompañante: Maduro, yuca y papa cocido o frito
A38: Proteico: Carne sofrita y Huevo cocido ó Chorizo, huevo y Chicharron
A39: Jugo de Fruta Natural: Jugo de mango, mora o tomate de árbol o guayaba o guandolo
A40: Fruta de Mano: Banano criollo, Banano Bocadillo o Murrapo, Mandarina, Pera o Manzana
A41: Postre: Pastel de guayaba o arequipe
A42: REFRIGERIO CUANDO LA ACTIVIDAD DURA HASTA CUATRO HORAS Y NO SE DA ALMUERZO | B42: COSTO | C42: OBSERVACIONES
A43: Bebida: Jugo de fruta natural (mango, guayaba, mora o tomate de árbol) | B43: 8000 | C43: El valor depende de la zona, el Bajo Cauca, Magadalena Medio y Nordeste minero son mas costosos que otras zonas
A44: Acompañante: Emparedado de Pan, Jamón, carnes frias, queso , lechuga y tomate
A45: Fruta Manzana o Pera
A46: Postre o chocolatina mediana
A47: REFRIGERIO EN LA MAÑANA CUANDO HAY DESAYUNO se recomienda fruta | B47: COSTO
A48: Fruta: mango, piña, papaya o melón en porción | B48: 2500
A49: REFRIGERIO EN LA TARDE | B49: COSTO
A50: Torta con Helado, Salpicón sin sandia y con helado, Yogur con cereal, Porción de Helado | B50: 4500
A51: REFRIGERIO DE LA MAÑANA O CUANDO LA ACTIVIDAD ES DE TODO EL DIA Y SE INCLUYEN DOS REFRIGERIOS | B51: COSTO
A52: Bebida: café con leche o chocolate UNA PORCION GRANDE = Taza | B52: 5000 a 8000
A53: Acompañanate: en la mañana o en la tarde segun los climas: Arepa GRANDE con quesito de 60 gramos, Empanadas grandes, Pastel de Pollo grande, Arepa de Huevo, Buñuelo dos unidades, Pandequeso dos unidades, en la tarde se puede ofrecer arroz con leche y quesito o mazamorra con bocadillo en taza grande, PORCIONES GRANDES
A54: Para el caso de atencion de eventos con Niñas y Niños se puede ofrecer
A55: PREPARACIONES PROPUESTAS | B55: COSTO | C55: OBSERVACIONES
A56: • Bebida: jugo de fruta natural, bebida con leche o bebida achocolatada. • Acompañante: Emparedado de jamón y queso. • Arroz con leche, quesito • Colada de avena y galletas con Mantequilla. • Ensalada de frutas con leche condensada • Salpicón con helado • Yogurt, banano y cereal • Chocolate con leche y pandequeso, buñuelos o empanadas • Malteada con torta • Pastel de Guayaba o arequipe con un vaso con leche. • Jugo de fruta natural con un perro pequeño o un pan salchicha • Palito de queso con bebida achocolatada. • Natilla con buñuelos. | B56: 40000 | C56: con este dinero alcanza para preparar refrigerios para 15 niños, tal como se describe en el listado

Sheet Distintivos
B1: =Instructivo!F1 -> Sistema de Gestión Integral (SGI) Instructivo - Componente Financiero EP Código: F-PGC-21. Versión: 05 | E1: Instructivo
B2: Hoja "Valores de distintivos corporativos"
A5: Año vigente: | B5: 2025
A6: Memorando: | B6: 040OC-MEM2510-7598 190-MEM2510-7726
A8: Según el memorando 040OC-MEM2510-7598, el presupuesto oficial se calcula con base en los gastos históricos para este tipo de adquisiciones. En aras de preservar los principios de transparencia, eficiencia y responsabilidad en el gasto público, el contratista o conveniante, previo al inicio de su proceso interno de contratación con los proveedores, debe presentar un estudio de mercado que contemple como mínimo tres cotizaciones y con un análisis de precios unitarios de cada bien o servicio a ejecutar. Dicho estudio es objeto de revisión y aprobación por parte de la supervisión del contrato o convenio, quien verifica la razonabilidad de los valores propuestos, asegurando que la selección del proveedor responda a criterios de precio, calidad y experiencia. Con lo anterior, se busca garantizar que los procesos contractuales asociados a los distintivos corporativos se desarrollen conforme a las condiciones reales del mercado y bajo los principios de economía y transparencia que orientan la gestión pública.
A10: De conformidad con el memorando 190-MEM2510-7726 y la Guia de Elaboración de Estudios de Sector los estudios de mercado o del sector se pueden realizar tres (3) metodologías: I) Sondeos de mercado II) Revisión de bases de datos especializadas III) Revisión de precios históricos.

Sheet Cuantías
B1: =Instructivo!F1 -> Sistema de Gestión Integral (SGI) Instructivo - Componente Financiero EP Código: F-PGC-21. Versión: 05 | F1: Instructivo
B2: Hoja "Cuantías para contratar"
A5: AÑO VIGENTE: | B5: =Honorarios!B4 -> 2025
A6: CIRCULAR: | B6: 190-ACT2312-7519
A8: SMMLVC | B8: =Jornal!D7 -> 1423500
A9: Presupuesto corporativo | B9: 164498279934
A11: De conformidad con el literal b, artículo 2 de la Ley 1150 de 2007 adicionado por el artículo 274 de la Ley 1450 de 2011, en consonancia con lo dispuesto en el artículo 2.2.1.2.1.5.2 del Decreto 1082 de 2015; las cuantías para los diferentes procesos de selección que debe adelantar la Corporación quedarán de la siguiente manera:
A13: CUANTÍAS PARA CONTRATAR
A14: Modalidad | B14: Límite inferior | C14: Límite inferior
A15: Mínima cuantía | B15: 1 | C15: 58500000
A16: Menor cuantía | B16: 58500001 | C16: 585000000
A17: Licitación pública | B17: 585000001 | C17: En adelante

Sheet Apoyo
B1: =Instructivo!F1 -> Sistema de Gestión Integral (SGI) Instructivo - Componente Financiero EP Código: F-PGC-21. Versión: 05 | D1: Instructivo
B2: Hoja "Documentos de apoyo"
A5: NORMATIVIDAD
A6: Norma | B6: Fecha | C6: Título
A7: Ley 80 de 1993 | B7: 34270 | C7: Por la cual se expide el Estatuto General de Contratación de la Administración Pública
A8: Ley 816 de 2003 | B8: 37809 | C8: Por medio de la cual se apoya a la industria nacional a través de la contratación pública
A9: Ley 905 de 2004 | B9: 38201 | C9: Por medio de la cual se modifica la Ley 590 de 2000 sobre promoción del desarrollo de la micro, pequeña y mediana empresa colombiana y se dictan otras disposiciones
A10: Ley 1106 de 2006 | B10: 39053 | C10: Por medio de la cual se prorroga la vigencia de la Ley 418 de 1997 prorrogada y modificada por las Leyes 548 de 1999 y 782 de 2002 y se modifican algunas de sus disposiciones.
A11: Ley 1150 de 2007 | B11: 39279 | C11: Por medio de la cual se introducen medidas para la eficiencia y la transparencia en la Ley 80 de 1993 y se dictan otras disposiciones generales sobre la contratación con Recursos Públicos
A12: Ley 1697 de 2013 | B12: 41628 | C12: Por la cual se crea la estampilla Pro Universidad Nacional de Colombia y demás universidades estatales de Colombia.
A13: Ley 2022 de 2020 | B13: 44034 | C13: Por la cual modifica el artículo 4 de la ley 1882 de 2018 y se dictan otras disposiciones
A14: Decreto 4170 de 2011 | B14: 40850 | C14: Por el cual se crea la Agencia Nacional de Contratación Pública –Colombia Compra Eficiente–, se determinan sus objetivos y estructura.
A15: Decreto 1510 de 2013 | B15: 41472 | C15: Por el cual se reglamenta el sistema de compras y contratación pública.
A16: Decreto1082 de 2015 | B16: 42181 | C16: Por medio del cual se expide el decreto único reglamentario del sector administrativo de planeación nacional
A17: Decreto 310 de 2021 | B17: 44280 | C17: Por el cual se reglamenta el artículo 41 de la Ley 1955 de 2019, sobre las condiciones para implementar la obligatoriedad y aplicación de los Acuerdos Marco de Precios y se modifican los artículos 2.2.1.2.1.2.7. Y 2.2.1.2.1.2.12. del Decreto 1082 de 2015, Único Reglamentario del Sector Administrativo de Planeación Nacional
A18: Decreto 399 de 2021 | B18: 44299 | C18: Por el cual se modifican los artículos 2.2.1.1.2.1.1., 2.2.1.2.1.3.2. Y 2.2.1.2.3.1.14., Y se adicionan unos parágrafos transitorios a los artículos 2.2.1.1.1.5.2., 2.2.1.1.1.5.6. Y 2.2.1.1.1.6.2. del Decreto 1082 de 2015, Único Reglamentario del Sector Administrativo de Planeación Nacional
... A23: Decreto 442 de 2022 | B23: 44648 | C23: Por el cual se modifica el Decreto 1082 de 2015, Único Reglamentario del Sector Administrativo de Planeación Nacional, con el fin de reglamentar el artículo 36 de la Ley 2069 de 2020 en lo relativo a la promoción de las compras públicas de tecnología e innovación
A25: GUÍAS Y MANUALES (Colombia Compra Eficiente)
A26: Título | C26: Ruta
A27: Guía para Determinar y Verificar la Capacidad Residual del Proponente en los Procesos de Contratación de Obra Pública | C27: https://colombiacompra.gov.co/manuales-guias-y-pliegos-tipo/manuales-y-guias/guia-para-determinar-y-verificar-la-capacidad
A28: Guía para el manejo de ofertas artificialmente bajas en Procesos de Contratación | C28: https://colombiacompra.gov.co/manuales-guias-y-pliegos-tipo/manuales-y-guias/guia-para-el-manejo-de-ofertas-artificialmente-bajas
A29: Guía para la contratación con entidades privadas sin ánimo de lucro y de reconocida idoneidad | C29: https://colombiacompra.gov.co/sites/cce_public/files/cce_documents/cce_guia_esal.pdf
A30: Guía para la Elaboración de Estudios de Sector | C30: https://www.colombiacompra.gov.co/manuales-guias-y-pliegos-tipo/manuales-y-guias/guia-para-la-elaboracion-de-estudios-de-sector
A31: Manual para determinar y verificar los requisitos habilitantes en los Procesos de Contratación | C31: https://colombiacompra.gov.co/manuales-guias-y-pliegos-tipo/manuales-y-guias/manual-para-determinar-y-verificar-los-requisitos
A32: Para acceder a todos los manuales, guías y documentos tipo de Colombia Compra Eficiente, acceder a la ruta: https://colombiacompra.gov.co/manuales-guias-y-pliegos-tipo/manuales-y-guias
A34: CONCEPTOS
A35: Entidad | B35: Fecha | C35: Tema
A36: Colombia Compra Eficiente | B36: 43935 | C36: Trabajos materiales sobre bienes inmuebles (inmuebles por adhesión) como obra pública
A37: Consejo de Estado | B37: 43348 | C37: Los contratos de prestación de servicios de mantenimiento por arreglos locativos sobre bienes inmuebles son contratos de obra
A38: Contraloría general de Medellín | B38: 43634 | C38: Posición respecto el reconocimiento y pago de los recursos establecidos como imprevistos (I) y Administración (A)
A39: DIAN | B39: 44237 | C39: Obligación de expedir factura de venta en convenios
A41: DIRECTRICES INTERNAS
A42: Radicado | B42: Fecha | C42: Tema
A43: Resolución 1202 - 16601 | B43: 40940 | C43: Procedimiento interno para la conformación de los comités asesores y evaluadores
A44: MN-FAF-01 | B44: V 17 - 09/2018 | C44: Manual de contratación
A45: 180-MEM1902-1392 | B45: 43514 | C45: Lineamientos en materia de supervisión e interventoría de contratos tipo bolsa
A46: 180-MEM1905-4400 | B46: 43613 | C46: Obligaciones a tener en cuenta en los convenios suscritos por la corporación (apertura de cuenta de ahorros y reintegro de rendimientos financieros)
A47: 180-MEM2102-888 | B47: 44237 | C47: Conocimiento y aplicación de normas que modifican actuaciones en materia de contratación estatal
A48: 180-MEM2104-2897 | B48: 44312 | C48: Socialización concepto C-150 de 2021 - Contratación directa
A49: 180-MEM2110-7038 | B49: 44483 | C49: Reconocimiento de viáticos en los contratos de prestación de servicios con personas naturales

Sheet Obra&K
B1: =Instructivo!F1 -> Sistema de Gestión Integral (SGI) Instructivo - Componente Financiero EP Código: F-PGC-21. Versión: 05 | D1: Instructivo
B2: Hoja "Información procesos de obra pública y capacidad residual (K)
A5: ¿Qué son los contratos de obra?
A6: El artículo 32 de la Ley 80 de 1993, establece, "Son contratos estatales todos los actos jurídicos generadores de obligaciones que celebren las entidades a que se refiere el presente estatuto, previstos en el derecho privado o en disposiciones especiales, o derivados del ejercicio de la autonomía de la voluntad, así como los que, a título enunciativo, se definen a continuación: 1°. Contrato de Obra. Son contratos de obra los que celebren las entidades estatales para la construcción, mantenimiento, instalación y, en general, para la realización de cualquier otro trabajo material sobre bienes inmuebles, cualquiera que sea la modalidad de ejecución y apoyo. En los contratos de obra que hayan sido celebrados como resultado de un proceso de licitación o públicos, la interventoría deberá ser contratada con una persona independiente de la entidad contratante y del contratista, quien responderá por los hechos y omisiones que le fueren imputables en los términos previstos en el artículo 53 del presente estatuto".
A7: Fuente: Ley 80 de 1993
A9: ¿Sobre qué tipos de bienes inmuebles aplican los contratos de obra pública?
A10: Los contratos de obra pública aplican sobre los siguientes tipos de bienes inmuebles,
A11: Inmuebles por naturaleza. Inmuebles o fincas o bienes raíces son las cosas que no pueden transportarse de un lugar a otro; como las tierras y minas, y las que adhieren permanentemente a ellas, como los edificios, los árboles, las casas y veredas se llaman predios o fundos.(Art. 656 Código civil)
A12: Inmuebles por adhesión. Las plantas son inmuebles, mientras adhieren al suelo por sus raíces, a menos que estén en macetas o cajones que puedan transportarse de un lugar a otro. (Art. 657 Código civil)
A13: Inmuebles por destinación. Se reputan inmuebles, aunque por su naturaleza no lo sean, las cosas que están permanentemente destinadas al uso, cultivo y beneficio de un inmueble, sin embargo, de que puedan separarse sin detrimento. Tales son, por ejemplo: Las losas de un pavimento, Los tubos de las cañerías, Los utensilios de labranza o minería, y los animales actualmente destinados al cultivo o beneficio de una finca, con tal que hayan sido puestos en ella por el dueño de la finca, Los abonos existentes en ella y destinados por el dueño de la finca a mejorarla, Las prensas, calderas, cubas, alambiques, toneles y máquinas que forman parte de un establecimiento industrial adherente al suelo y pertenecen al dueño de éste, Los animales que se guardan en conejeras, pajareras, estanques, colmenas y cualesquiera otros vivares, con tal que estos adhieran al suelo, o sean parte del suelo mismo o de un edificio. (Art. 658 Código civil)
A15: ¿La reforestación y el mantenimiento de plantaciones se consideran obra pública?
A16: El concepto de Colombia Compra Eficiente C-225 de 2020 con Radicado No: 2202013000002653, aclara en su parte motiva que la reforestación y el mantenimiento de plantaciones se consideran de obra pública por lo que una vez se siembran plantaciones, esto constituye un trabajo material sobre bien inmueble y una vez se tenga la siembra, adquiere la categoria de inmuebles por adhesion, esto según el artículo 656 y 657 del código civil.
A17: Fuente: 180-MEM2106-3887
A19: ¿Qué contribuciones especiales se dan en los contratos de obra pública?
... A37: Para determinar la capacidad residual (K) de contratación, para un proceso en especifíco, se recomienda: 1. Estudiar la guía de Colombia Compra Eficiente, dispuesta para ello, por medio de la ruta: https://colombiacompra.gov.co/manuales-guias-y-pliegos-tipo/manuales-y-guias/guia-para-determinar-y-verificar-la-capacidad 2. Utilizar el aplicativo para cálcular la capacidad residual (K) de contratación de Colombia Compra Eficiente, dispuesto para ello, el cual, se obtiene en la ruta: https://colombiacompra.gov.co/manuales-guias-y-pliegos-tipo/manuales-y-guias/aplicacion-para-establecer-la-capacidad-residual

Sheet Imp & garantías
B1: =Instructivo!F1 -> Sistema de Gestión Integral (SGI) Instructivo - Componente Financiero EP Código: F-PGC-21. Versión: 05 | D1: Instructivo
B2: Hoja "Impuestos y garantías"
A5: IMPUESTOS
A6: A continuación, se encontrará una lista enunciativa de los impuestos en los que puede incurrir el ejecutor, los cuales dependen de la especificidad del proceso. Lista de carácter informativa en caso que se emitan consultas al respecto.
A7: Base para la aplicación de los impuestos | E7: 0
A8: Ítem | B8: Descripción | C8: Porcentaje | D8: Aplica (Si/No) | E8: Valor
A9: IMPUESTOS EN CONTRATOS
A10: Impuesto sobre la Renta | B10: Aplica para contratos celebrados con contribuyentes del impuesto sobre la renta | C10: 0.032 | E10: =IF(D10="SI",C10*$E$7,0) -> 0
A11: Impuesto de ICA y complementarios | B11: Aplica para contratos celebrados donde se materialice la realización de actividades industriales, de comercio y de servicio sometidos del impuesto de industria y comercio | C11: 0.0115 | E11: =IF(D11="SI",C11*$E$7,0) -> 0
A12: GMF 4x1000 | B12: Aplica para contratos donde el GMF no se asuma con cargos a rendimientos financieros generados que pertenezcan a la entidad | C12: 0.004 | E12: =IF(D12="SI",C12*$E$7,0) -> 0
A13: Contribución Especial de obra pública | B13: Aplica para contratos de obra pública celebrados directamente por la corporación y convenios con entidades públicas que deriven en un contrato de obra pública | C13: 0.05 | E13: =IF(D13="SI",C13*$E$7,0) -> 0
A14: Estampilla Pro UNAL | B14: Aplica para contratos de obra pública y conexos celebrados directamente por la corporación y convenios con entidades públicas de orden nacional que deriven en un contrato de obra pública | C14: 0 | E14: =IF(D14="SI",C14*$E$7,0) -> 0
A15: IMPUESTOS EN CONTRATOS | E15: =SUM(E10:E14) -> 0
A16: IMPUESTOS EN CONVENIOS CON ENTIDADES DE ORDEN NACIONAL
A17: Impuesto sobre la Renta | B17: Aplica para contratos celebrados con contribuyentes del impuesto sobre la renta | C17: 0.016 | E17: =IF(D17="SI",C17*$E$7,0) -> 0
A18: Impuesto de ICA y complementarios | B18: Aplica para contratos celebrados donde se materialice la realización de actividades industriales, de comercio y de servicio sometidos del impuesto de industria y comercio | C18: 0.0115 | E18: =IF(D18="SI",C18*$E$7,0) -> 0
A19: GMF 4x1000 (contratista) | B19: Aplica para convenios con entidades de orden departamental cuya ejecución requiera la contratación de operador externo adelantada directamente por el conveniante | C19: 0.004 | E19: =IF(D19="SI",C19*$E$7,0) -> 0
A20: Contribución Especial de obra pública | B20: Aplica para contratos de obra pública celebrados directamente por la corporación y convenios con entidades públicas que deriven en un contrato de obra pública | C20: 0.05 | E20: =IF(D20="SI",C20*$E$7,0) -> 0
A21: Estampilla Pro UNAL | B21: Aplica para contratos de obra pública y conexos celebrados directamente por la corporación y convenios con entidades públicas de orden nacional que deriven en un contrato de obra pública | C21: 0 | E21: =IF(D21="SI",C21*$E$7,0) -> 0
A22: Estampilla Politécnico JIC | B22: Aplica para contratos celebrados por la corporación con personas diferentes a las entidades oficiales, Juntas de Acción Comunal, etc | C22: 0.004 | E22: =IF(D22="SI",C22*$E$7,0) -> 0
A23: IMPUESTOS EN CONVENIOS CON ENTIDADES DE ORDEN NACIONAL | E23: =SUM(E17:E22) -> 0
A24: IMPUESTOS EN CONVENIOS CON ENTIDADES DE ORDEN DEPARTAMENTAL
A25: Impuesto sobre la Renta | B25: Aplica para contratos celebrados con contribuyentes del impuesto sobre la renta | C25: 0.016 | E25: =IF(D25="SI",C25*$E$7,0) -> 0
A26: Impuesto de ICA y complementarios | B26: Aplica para contratos celebrados donde se materialice la realización de actividades industriales, de comercio y de servicio sometidos del impuesto de industria y comercio | C26: 0.0115 | E26: =IF(D26="SI",C26*$E$7,0) -> 0
A27: GMF 4x1000 (contratista) | B27: Aplica para convenios con entidades de orden departamental cuya ejecución requiera la contratación de operador externo adelantada directamente por el conveniante | C27: 0.004 | E27: =IF(D27="SI",C27*$E$7,0) -> 0
A28: Contribución Especial de obra pública | B28: Aplica para contratos de obra pública celebrados directamente por la corporación y convenios con entidades públicas que deriven en un contrato de obra pública | C28: 0.05 | E28: =IF(D28="SI",C28*$E$7,0) -> 0
A29: Estampilla Bienestar del Adulto Mayor | B29: Aplica para convenios con entidades de orden departamental cuya ejecución requiera la contratación de operador externo adelantada directamente por la entidad territorial respectiva | C29: 0.02 | E29: =IF(D29="SI",C29*$E$7,0) -> 0
A30: Estampilla Politécnico JIC | B30: Aplica para contratos celebrados por la corporación con personas diferentes a las entidades oficiales, Juntas de Acción Comunal, etc | C30: 0.004 | E30: =IF(D30="SI",C30*$E$7,0) -> 0
A31: Estampilla Pro-Desarrollo | B31: Aplica para convenios con entidades de orden departamental cuya ejecución requiera la contratación de operador externo adelantada directamente por la entidad territorial respectiva | C31: 0.006 | E31: =IF(D31="SI",C31*$E$7,0) -> 0
A32: Estampilla Pro-Hospitales Públicos | B32: Aplica para convenios con entidades de orden departamental cuya ejecución requiera la contratación de operador externo adelantada directamente por la entidad territorial respectiva | C32: 0.01 | E32: =IF(D32="SI",C32*$E$7,0) -> 0
A33: Estampilla Pro-Institución UE | B33: Aplica para convenios con entidades de orden departamental cuya ejecución requiera la contratación de operador externo adelantada directamente por la entidad territorial respectiva | C33: 0.004 | E33: =IF(D33="SI",C33*$E$7,0) -> 0
A34: Estampilla Pro-Deporte y Recreación | B34: Aplica para convenios con entidades de orden departamental cuya ejecución requiera la contratación de operador externo adelantada directamente por la entidad territorial respectiva | C34: 0 | E34: =IF(D34="SI",C34*$E$7,0) -> 0
A35: IMPUESTOS EN CONVENIOS CON ENTIDADES DE ORDEN DEPARTAMENTAL | E35: =SUM(E25:E34) -> 0
A36: IMPUESTOS EN CONVENIOS CON ENTIDADES DE ORDEN MUNICIPAL
A37: Impuesto sobre la Renta | B37: Aplica para contratos celebrados con contribuyentes del impuesto sobre la renta | C37: 0.016 | E37: =IF(D37="SI",C37*$E$7,0) -> 0
A38: Impuesto de ICA y complementarios | B38: Aplica para contratos celebrados donde se materialice la realización de actividades industriales, de comercio y de servicio sometidos del impuesto de industria y comercio | C38: 0.0115 | E38: =IF(D38="SI",C38*$E$7,0) -> 0
A39: GMF 4x1000 (contratista) | B39: Aplica para convenios con entidades de orden departamental cuya ejecución requiera la contratación de operador externo adelantada directamente por el conveniante | C39: 0.004 | E39: =IF(D39="SI",C39*$E$7,0) -> 0
A40: Contribución Especial de obra pública | B40: Aplica para contratos de obra pública celebrados directamente por la corporación y convenios con entidades públicas que deriven en un contrato de obra pública | C40: 0.05 | E40: =IF(D40="SI",C40*$E$7,0) -> 0
A41: Estampilla Procultura | B41: Aplica para convenios con entidades de orden departamental cuya ejecución requiera la contratación de operador externo adelantada directamente por la entidad territorial respectiva | C41: 0 | E41: =IF(D41="SI",C41*$E$7,0) -> 0
A42: Estampilla Bienestar del Adulto Mayor | B42: Aplica para convenios con entidades de orden departamental cuya ejecución requiera la contratación de operador externo adelantada directamente por la entidad territorial respectiva | C42: 0 | E42: =IF(D42="SI",C42*$E$7,0) -> 0
A43: Estampilla Pro-Universidad de Antioquia | B43: Aplica para convenios con entidades de orden departamental cuya ejecución requiera la contratación de operador externo adelantada directamente por la entidad territorial respectiva | C43: 0 | E43: =IF(D43="SI",C43*$E$7,0) -> 0
A44: Estampilla Pro-hospital | B44: Aplica para convenios con entidades de orden departamental cuya ejecución requiera la contratación de operador externo adelantada directamente por la entidad territorial respectiva | C44: 0 | E44: =IF(D44="SI",C44*$E$7,0) -> 0
A45: Estampilla Pro-Deporte y Recreación | B45: Aplica para convenios con entidades de orden departamental cuya ejecución requiera la contratación de operador externo adelantada directamente por la entidad territorial respectiva | C45: 0 | E45: =IF(D45="SI",C45*$E$7,0) -> 0
A46: IMPUESTOS EN CONVENIOS CON ENTIDADES DE ORDEN MUNICIPAL | E46: =SUM(E37:E45) -> 0
A49: PÓLIZAS DE GARANTÍAS
A50: A continuación, se encontrará una lista enunciativa de las pólizas de garantías en las que puede incurrir el ejecutor, las cuales dependen de la especificidad del proceso. Lista de carácter informativa en caso que se emitan consultas al respecto.
A51: Ítem | C51: Descripción
A52: Seriedad de la oferta | C52: Desde la presentación de la oferta y hasta la aprobación de la garantía de cumplimiento.
A53: Cumplimiento | C53: Debe estar vigente como mínimo hasta la liquidación del contrato.
A54: Buen manejo y correcta inversión del anticipo | C54: Hasta la liquidación del contrato o hasta la amortización del anticipo, de acuerdo con lo que determine la Entidad Estatal.
A55: Pago anticipado | C55: Hasta la liquidación del contrato o hasta que la Entidad Estatal verifique el cumplimiento de todas las actividades o la entrega de todos los bienes o servicios asociados al pago anticipado.
A56: Pagos de salarios, prestaciones sociales legales e indemnizaciones laborales | C56: Debe estar vigente por el plazo del contrato y tres años más.
A57: Estabilidad y calidad de la obra | C57: Debe estar vigente por un término no inferior a cinco años contados a partir de la fecha en la cual la Entidad Estatal recibe a satisfacción la obra.
A58: Calidad del servicio | C58: La vigencia del amparo debe ser determinada por la Entidad Estatal de acuerdo con el objeto, el valor, la naturaleza y las obligaciones contenidas en el contrato.
A59: Calidad del servicio en contratos de interventoría | C59: La vigencia debe ser igual al plazo de la garantía de estabilidad y calidad de la obra del contrato principal.
A60: Calidad de bienes | C60: La vigencia del amparo debe ser determinada por la Entidad Estatal de acuerdo con el objeto, el valor, la naturaleza y las obligaciones contenidas en el contrato, la garantía mínima y los vicios ocultos.
A61: Responsabilidad civil extracontractual | C61: La vigencia de esta garantía deberá ser igual al período de ejecución del contrato.

Sheet A&PA
B1: =Instructivo!F1 -> Sistema de Gestión Integral (SGI) Instructivo - Componente Financiero EP Código: F-PGC-21. Versión: 05 | D1: Instructivo
B2: Hoja "Información anticipos y pagos anticipados" | D2: Plan de ejecución física y de inversiones
A5: Consideración incial: La programación financiera debe ser coherente con la programación física, todo pago que no sea soportado en la ejecución física efectiva y certificada es un anticipo o pago anticipado.
A7: ¿Cuál es la diferencia entre el anticipo y el pago anticipado?
A8: El anticipo es un adelanto o avance del precio del contrato destinado a apalancar el cumplimiento de su objeto, de modo que los recursos girados por dicho concepto solo se integran al patrimonio del contratista en la medida que se cause su amortización mediante la ejecución de actividades programadas del contrato. El pago anticipado es un pago efectivo del precio de forma que los recursos se integran al patrimonio del contratista desde su desembolso.
A9: Fuente: https://colombiacompra.gov.co/ciudadanos/preguntas-frecuentes/ejecucion
A11: ¿Cuál es el manejo que se deben dar a los pagos anticipados y anticipos en la contratación estatal?
A12: Salvo casos excepcionales plenamente justificados y motivados, las entidades no pactarán pagos anticipados. Esta restricción no se aplicará al Sector de la Defensa Nacional. Para el caso de los anticipos se establece como criterio que la entrega de recursos se realice utilizando instrumentos financieros que aseguren el manejo transparente de los recursos y su destinación exclusiva al contrato. Deberá estipularse en los contratos estatales que la entidad pública contratante es la propietaria de los recursos entregados en calidad de anticipo y en consecuencia los rendimientos financieros que los mismos generen pertenecen al Tesoro.
A13: Fuente: Directiva presidencial 04 de 2003.
A15: ¿Cuál es el monto máximo en que se puede pactar el pago anticipado y la entrega del anticipo?
A16: En los contratos que celebren las entidades estatales se podrá pactar el pago anticipado y la entrega de anticipos, pero su monto no podrá exceder del cincuenta por ciento (50%) del valor del respectivo contrato. Los contratos no podrán adicionarse en más del cincuenta por ciento (50%) de su valor inicial, expresado este en salarios mínimos legales mensuales.
A17: Fuente: Parágrafo. Artículo 40°, Ley 80 de 1993.
A19: ¿Hay estipulaciones especiales para la entrega de anticipos?
A20: En los contratos de obra, concesión, salud, o los que se realicen por licitación pública, el contratista deberá constituir una fiducia o un patrimonio autónomo irrevocable para el manejo de los recursos que reciba a título de anticipo, con el fin de garantizar que dichos recursos se apliquen exclusivamente a la ejecución del contrato correspondiente, salvo que el contrato sea de menor o mínima cuantía. El costo de la comisión fiduciaria será cubierto directamente por el contratista. PARÁGRAFO . La información financiera y contable de la fiducia podrá ser consultada por los Organismos de Vigilancia y Control Fiscal.
... A25: Fuente: https://colombiacompra.gov.co/ciudadanos/preguntas-frecuentes/ejecucion

Sheet IVA
B1: =Instructivo!F1 -> Sistema de Gestión Integral (SGI) Instructivo - Componente Financiero EP Código: F-PGC-21. Versión: 05 | D1: Instructivo | E1: Memoria de cálculo opc 1 | F1: Gastos de adm
B2: Hoja "Información IVA" | D2: Presupuesto contrato | E2: Memoria de cálculo opc 2
D3: Presupuesto convenio | E3: Memoria de cálculo opc 3
A5: ¿Qué es el IVA?
A6: El impuesto sobre las ventas o Impuesto al Valor Agregado (IVA), es un impuesto de orden nacional, indirecto, de causación instantánea y de régimen general. Es un impuesto de orden nacional bajo el entendido que las reglas aplicables al impuesto se dan de forma similar en todo el territorio nacional. Es un impuesto indirecto, ya que no tiene en cuenta la capacidad económica de las personas, es decir, que no está relacionado con el poder adquisitivo de estas. El impuesto sobre las ventas es un impuesto de causación instantánea toda vez que este se genera en el momento en el que se cumple con el hecho generador; es decir, que la causación se da en el momento en que el que se realiza la operación. De manera general, grava la venta de bienes y la prestación de servicios.
A7: Fuente: Curso Fiscalización tributaria, aduanera, cambiaria e internacional - TACI, Universidad Sergio Arboleda - DIAN, 2021
A9: ¿Quiénes son responsables del IVA?
A10: Por regla general toda persona natural o jurídica que venda productos gravados con el Iva o preste servicios gravados con el Iva, es responsable del impuesto a las ventas. Si el contribuyente, persona natural o jurídica, vende productos o presta servicios que no están gravados con Iva, no son responsables del Iva. No obstante, hay excepciones estipuladas en el Art. 437 del Estatuto Tributario, el cual se cita en extenso,
A11: Art. 437. Los comerciantes y quienes realicen actos similares a los de ellos y los importadores son sujetos pasivos. Son responsables del impuesto: a. En las ventas, los comerciantes, cualquiera que sea la fase de los ciclos de producción y distribución en la que actúen y quienes sin poseer tal carácter, ejecuten habitualmente actos similares a los de aquellos. b. En las ventas de aerodinos, tanto los comerciantes como los vendedores ocasionales de éstos. c. Quienes presten servicios. d. Los importadores. e. Los contribuyentes pertenecientes al régimen común del impuesto sobre las ventas, cuando realicen compras o adquieran servicios gravados con personas pertenecientes al régimen simplificado, por el valor del impuesto retenido, sobre dichas transacciones.
A12: f. ** -Adicionado- Los contribuyentes pertenecientes al régimen común del Impuesto sobre las Ventas, por el impuesto causado en la compra o adquisición de los bienes y servicios gravados relacionados en el artículo 468-1, cuando estos sean enajenados o prestados por personas naturales no comerciantes que no se hayan inscrito en el régimen común del impuesto sobre las ventas. El impuesto causado en estas operaciones será asumido por el comprador o adquirente del régimen común, y deberá ser declarado y consignado en el mes correspondiente a la fecha del pago o abono en cuenta. El impuesto retenido podrá ser tratado como descontable en la forma prevista por los artículos 485, 485-1, 488 y 490 de este Estatuto. Sobre las operaciones previstas en este literal, cualquiera sea su cuantía, el adquirente emitirá al vendedor el documento equivalente a la factura, en los términos que señale el reglamento. Los consorcios y uniones temporales cuando en forma directa sean ellos quienes realicen actividades gravadas. La responsabilidad se extiende también a la venta de bienes corporales muebles aunque no se enajenen dentro del giro ordinario del negocio, pero respecto de cuya adquisición o importación se hubiere generado derecho al descuento.
A13: PAR. A las personas que pertenezcan al régimen simplificado, que vendan bienes o presten servicios, les esta prohibido adicionar al precio suma alguna por concepto del impuesto sobre las ventas. Si lo hicieren, deberán cumplir íntegramente con las obligaciones predicables de quienes pertenecen al régimen común.
A14: -Adionado- PARÁGRAFO 2. La Dirección de Impuestos y Aduanas Nacionales establecerá mediante resolución el procedimiento mediante el cual los prestadores de servicios desde el exterior cumplirán con sus obligaciones, entre ellas la de declarar y pagar, en su calidad de responsables cuando los servicios prestados se encuentren gravados. La Obligación aqui prevista solamente se hará exigible a partir del 1 de julio de 2018, salvo en aquellos casos previstos en el numeral 3 del artículo 437-2 de este Estatuto. Nota 1. Estas declaraciones podrán presentarse mediante un formulario, que permitirá liquidar la obligación tributaria en dólares convertida a pesos colombianos a latasa de cambio representativa de mercado –TRM del día de la declaración y pago. Las declaraciones presentadas sin pago total no producirán efecto, sin necesidad de acto administrativo que así lo declare. Los prestadores de servicios desde el exterior, sin residencia fiscal en Colombia, no estarán obligados a expedir factura o documento equivalente por laprestación de los servicios electrónicos o digitales. Lo anterior sin perjuicio de las facultades de la Dirección de Impuestos y Aduanas Nacionales -DIAN para establecer la obligación de facturar electrónicamente o de soportar las operaciones en un documento electrónico.
A15: Nota 1. PARÁGRAFO 3. Deberán registrarse como responsables del IVA quienes realicen actividades gravadas con el impuesto, con excepción de las personas naturales comerciantes y los artesanos, que sean minoristas o detallistas, los pequeños agricultores y los ganaderos, así como quienes presten servicios, siempre y cuando cumplan la totalidad de las siguientes condiciones: 1. Que en el año anterior o en el año en curso hubieren obtenido ingresos brutostotales provenientes de la actividad, inferiores a 3.500 UVT. 2. Que no tengan más de un establecimiento de comercio, oficina, sede, local onegocio donde ejerzan su actividad. 3. Que en el establecimiento de comercio, oficina, sede, local o negocio no sedesarrollen actividades bajo franquicia, concesión, regalía, autorización ocualquier otro sistema que implique la explotación de intangibles. 4. Que no sean usuarios aduaneros. 5. Que no hayan celebrado en el año inmediatamente anterior ni en el año encurso contratos de venta de bienes y/o prestación de servicios gravados porvalor individual, igual o superior a 3.500 UVT. 6. Que el monto de sus consignaciones bancarias, depósitos o inversionesfinancieras durante el año anterior o durante el respectivo año, provenientes deactividades gravadas con el impuesto sobre las ventas – IVA, no supere la sumade 3.500 UVT.
A16: Para la celebración de contratos de venta de bienes y/o de prestación deservicios gravados por cuantía individual y superior a 3.500 UVT, estas personas deberán inscribirse previamente como responsables del impuesto sobre lasventas –IVA, formalidad que deberá exigirse por el contratista para la procedencia de costos y deducciones. Lo anterior también será aplicable cuando un mismo contratista celebre varios contratos que superen la suma de 3.500 UVT. Los responsables del impuesto sólo podrán solicitar su retiro del régimen cuando demuestren que en el año fiscal anterior se cumplieron, las condiciones establecidas en la presente disposición. Cuando los no responsables realicen operaciones con los responsables del impuesto deberán registrar en el Registro Único Tributario -RUT su condición detales y entregar copia del mismo al adquirente de los bienes o servicios, en lostérminos señalados en el reglamento. Autorícese a la Dirección de Impuestos y Aduanas Nacionales –DIAN para adoptar medidas tendientes al control de la evasión, para lo cual podrá imponer obligaciones formales a los sujetos no responsables a que alude la presente disposición. De conformidad con el artículo 869 y siguientes de este Estatuto, la Dirección de Impuestos y Aduanas Nacionales –DIAN tiene la facultad de desconocer toda operación o serie de operaciones cuyo propósito sea inaplicar la presente disposición, como: (i) la cancelación injustificada de establecimientos de comercio para abrir uno nuevo con el mismo objeto o actividad y (ii) el fraccionamiento de la actividad empresarial en varios miembros de una familia para evitar la inscripción del prestador de los bienes y servicios gravados en elrégimen de responsabilidad del impuesto sobre las ventas -IVA. Para efectos de la inclusión de oficio como responsable del impuesto sobre las ventas -IVA, la Administración Tributaria también tendrá en cuenta los costos y gastos atribuibles a los bienes y servicios gravados, como arrendamientos, pagos por seguridad social y servicios públicos, y otra información que estádisponible en su sistema de información masiva y análisis de riesgo.
A17: Nota 1. Parágrafo 4. No serán responsables del impuesto sobre las ventas – IVA los contribuyentes del impuesto unificado bajo el Régimen Simple de Tributación -SIMPLE cuando únicamente desarrollen una o más actividades establecidas enel numeral 1 del artículo 908 del Estatuto Tributario. ***- Por el año 2022, tampoco serán responsables del impuesto sobre las ventas - IVA, los contribuyentes del impuesto unificado bajo el Régimen Simple de Tributación -SIMPLE cuando únicamente desarrollen actividades de expendio de comidas y bebidas de las que trata el numeral 4 del artículo 908 del Estatuto Tributario. Nota 1. Parágrafo 5. Los límites de que trata el parágrafo 3 de este artículo serán 4.000 UVT para aquellos prestadores de servicios personas naturales que derivan susingresos de contratos con el Estado.
... A100: Lo dispuesto en el presente parágrafo no aplica para las industrias de minería e hidrocarburos.

Sheet Notas PE
B1: =Instructivo!F1 -> Sistema de Gestión Integral (SGI) Instructivo - Componente Financiero EP Código: F-PGC-21. Versión: 05 | D1: Instructivo | E1: Propuesta económica Opc 1
B2: Hoja "Notas propuesta económica" | E2: Propuesta económica Opc 2
E3: Propuesta económica Opc 3
A5: A continuación, se encontrará una lista enunciativa de notas que pueden ser incluidas en el formato de propuesta económica, de acuerdo, a la especificidad del proceso. La elección de las notas es de responsabilidad del asesor(a) financiero(a), quien podrá contar con apoyo del asesor(a) técnico(a) y asesor(a) jurídico(a) del proceso, para llevar a cabo dicho cometido. En concordancia con las características del proceso, se podrán utilizar notas que no estén relacionadas en la siguiente lista enunciativa.
A7: Notas sobre diligenciamiento
A8: Nota: Este formato es inmodificable en cuanto a los ítems y las cantidades solicitadas.
A9: Nota: El proponente deberá establecer los valores unitarios de cada uno de los ítems y el valor total de conformidad con las cantidades solicitadas (espacios subrayados en gris). Será causal de rechazo no diligenciar o modificar, uno o varios de los ítems solicitados. Los valores deben estar acorde a las especificaciones técnicas de acuerdo a los Estudios previos del proceso.
A10: Nota: El proponente deberá establecer los valores unitarios, los valores totales (de conformidad con las cantidades solicitadas) y los subtotales para cada vigencia, al igual, que los valores que totalizan las vigencias (espacios subrayados en gris claro). Será causal de rechazo no diligenciar o modificar, uno o varios de los ítems solicitados. Los valores deben estar acorde a las especificaciones técnicas de acuerdo a los Estudios previos del proceso, y se deben expresar en números enteros o sin decimales.
A11: Nota: El presente formato también podrá ser diligenciado en formato Excel, en caso de presentarse la propuesta económica en ambos formatos sus cifras deberán ser coincidentes, so pena de rechazo.
A12: Nota: El formato 6 - PROPUESTA ECONÓMICA se debe presentar en archivo tipo Excel y pdf, si entre ellos existe alguna diferencia, primará el documento presentado en archivo pdf.
A13: Nota: El oferente deberá diligenciar los Valores unitarios del oferente antes de AU e IVA, para cada uno de los ítems ajustados al peso (redondear), bien sea por exceso o por defecto. Propuesta que en su formato no relacione el precio de los Valores unitarios del oferente antes de AU e IVA, será rechazada.
A14: Nota: En caso de modificaciones u omisiones por parte de los proponentes al presente formato, prevalecerá y sólo será válida la descripción y unidad que se detalla en el formato (incluidas las variaciones en atención a las modificaciones o adendas a las condiciones de contratación). En este sentido, cualquier variación en la descripción y unidad del Formato No. 6 presentado por el proponente, se entenderá como no escrita, prevaleciendo la descripción y unidad descritas en el dicho formato.
A15: Nota: El formato denominado Anexo 6 - Documento Estandarizado Propuesta Económica, es la tabla conformada por la oferta económica del proponente para xxxxxx y sus diferentes ítems, contemplados en el presupuesto oficial o Memoria de Cálculo del Formato FT-FAF-175, de la entidad para el presente proceso de contratación. Dichas actividades o ítems son las que han sido requeridas en el histórico de la entidad o en actividades previstas para la presente vigencia. La tabla esta compuesta por los siguientes capítulos, Subcapítulos y actividades: Capítulo 1. XXXXXXX (SUMA Subcapítulos A+B). Capítulo 2. - XXXXXXXX - A DEMANDA (precio no modificable por el oferente). En el caso del Capítulo 2, las actividades hacen parte de la bolsa de recursos descrita en la nota X, la cual se ejecutará A DEMANDA y cuyo valor no puede ser modificado por el oferente. Sin embargo, el oferente deberá ofertar los precios unitarios de las actividades incluidas en el formato, es decir, los ítems XX a XX del Subcapítulo X. VARIOS; y XX a XX del subcapitulo D. XXXXXXXXXXXXXXX La no presentación del valor unitario de una o varias de las actividades y costos consignados en este documento será causal de rechazo de la oferta. Igualmente cuando en la presentación de valores que, en caso de error del oferente, no se les pueda realizar una corrección aritmética sin afectar el valor de la oferta en contra de los demás oferentes. Asi mismo, será causal de rechazo cuando uno o varios de los valores unitarios ofertados de las tabla superen el X% de acuerdo con el precio establecido en el Formato FT-FAF-175, Presupuesto oficial o Memoria de Cálculo.
A17: Notas sobre estipulación de valores y porcentajes
A18: Nota: Los valores que se asignen en valores unitarios deberán sostenerse y demostrar su cumplimiento durante la ejecución del contrato.
... A40: Nota: Se habla de “AU” porque la Corporación no paga Imprevistos

Sheet CF&O
B1: =Instructivo!F1 -> Sistema de Gestión Integral (SGI) Instructivo - Componente Financiero EP Código: F-PGC-21. Versión: 05 | D1: Instructivo
B2: Hoja "Requisitos habilitantes capacidad financiera y organizacional" | D2: Verificación de requisitos habilitantes de los proponentes sobre capacidad financiera y organizacional
A5: REQUISITOS GENERALES
A7: REQUISITOS DE CAPACIDAD FINANCIERA GENERALES
A8: NOMBRE DEL INDICADOR | B8: VALORES MÍNIMOS EXIGIDOS
A9: Liquidez | B9: Debe demostrarse una liquidez MAYOR A UNO (1), expresado máximo con dos decimales, o el equivalente expresado en otra unidad.
A10: Nivel de Endeudamiento | B10: Debe demostrarse un endeudamiento MENOR O IGUAL AL SETENTA POR CIENTO (70%) expresado con dos decimales, o el equivalente expresado en otra unidad.
A11: Razón de Cobertura de Intereses | B11: Se deberá acreditar una razón de cobertura de intereses POSITIVA MAYOR O IGUAL a DOS (2), expresado con dos decimales, o el equivalente expresado en otra unidad. Nota: cuando el resultado en el RUP de indeterminado, el proponente cumple con el indicador.
A13: REQUISITOS DE CAPACIDAD ORGANIZACIONAL GENERALES
A14: NOMBRE DEL INDICADOR | B14: VALORES MÍNIMOS EXIGIDOS
A15: Rentabilidad del Patrimonio | B15: Los proponentes deberán presentar una Rentabilidad del Patrimonio MAYOR AL UNO PORCIENTO (1%), expresado con dos decimales, o el equivalente expresado en otra unidad.
A16: Rentabilidad del Activo | B16: Los proponentes deberán presentar una Rentabilidad del Activo MAYOR AL UNO PORCIENTO (1%), expresado con dos decimales, o el equivalente expresado en otra unidad.
A18: REQUISITOS DIFERENCIALES
A19: En virtud del Decreto 1082 de 2015, artículos 2.2.1.2.4.2.15. y 2.2.1.2.4.2.18, donde se estipula,
A20: ARTÍCULO 2.2.1.2.4.2.15. Criterios diferenciales para emprendimientos y empresas de mujeres en el sistema de compras públicas. En los procesos de licitación pública, selección abreviada de menor cuantía y concurso de méritos, así como en los procesos competitivos que adelanten las Entidades Estatales no sometidas al Estatuto General de Contratación de la Administración Pública, las Entidades incluirán condiciones habilitantes para incentivar los emprendimientos y empresas de mujeres con domicilio en el territorio nacional. Para el efecto, los Documentos del Proceso deberán incorporar requisitos habilitantes diferenciales relacionados con alguno o algunos de los siguientes aspectos: 1. Tiempo de experiencia. 2. Número de contratos para la acreditación de la experiencia. 3. Índices de capacidad financiera. 4. Índices de capacidad organizacional. 5. Valor de la garantía de seriedad de la oferta.
A21: Los requisitos mencionados deberán fijarse respetando las condiciones habilitantes requeridas para el cumplimiento adecuado del contrato, teniendo en cuenta el alcance de las obligaciones. En desarrollo de lo anterior, con la finalidad de beneficiar a las empresas y emprendimientos de mujeres, se establecerán condiciones más exigentes respecto a alguno o algunos de los criterios de participación antes enunciados frente a los demás proponentes que concurran al procedimiento de selección que no sean empresas o emprendimientos de mujeres. De manera que no se ponga en riesgo el cumplimiento adecuado del objeto contractual, con excepción de los procedimientos donde el menor precio ofrecido sea el único factor de evaluación, las Entidades también otorgarán un puntaje adicional de hasta el cero punto veinticinco por ciento (0.25%) del valor total de los puntos establecidos en los pliegos de condiciones o documentos equivalentes, a los proponentes que acrediten alguno de los supuestos del artículo 2.2.1.2.4.2.14 del presente Decreto. Las Entidades incluirán estos requisitos diferenciales y puntajes adicionales de acuerdo con los resultados del análisis del sector, desde la perspectiva del estudio de la oferta de las obras, bienes o servicios que requiere, sin perjuicio de los compromisos adquiridos por Colombia en los Acuerdos Comerciales vigentes.
A22: PARÁGRAFO 1. Tratándose de proponentes plurales, los criterios diferenciales y los puntajes adicionales solo se aplicarán si por lo menos uno de los integrantes acredita que es emprendimiento y empresa de mujeres bajo los criterios dispuestos en el artículo precedente y que tiene una participación igual o superior al diez por ciento (10%) en el consorcio o la unión temporal. PARÁGRAFO 2. Los incentivos contractuales para las empresas y emprendimientos de mujeres no excluyen la aplicación de los criterios diferenciales para Mipyme en el sistema de compras públicas. (Adicionado por el Art. 3 del Decreto 1860 de 2021)
A23: ARTÍCULO 2.2.1.2.4.2.18. Criterios diferenciales para Mipyme en el sistema de compras públicas. De acuerdo con el numeral 1 del artículo 12 de la Ley 590 de 2000, según los resultados del análisis del sector, las Entidades Estatales indistintamente de su régimen de contratación, los patrimonios autónomos constituidos por Entidades Estatales y los particulares que ejecuten recursos públicos establecerán condiciones habilitantes diferenciales que promuevan y faciliten la participación en los procedimientos de selección competitivos de las Mipyme domiciliadas en Colombia. Para el efecto, en función de los criterios de clasificación empresarial, los Documentos del Proceso deberán incorporar requisitos habilitantes diferenciales relacionados con alguno o algunos de los siguientes aspectos: 1. Tiempo de experiencia. 2. Número de contratos para la acreditación de la experiencia. 3. Índices de capacidad financiera. 4. Índices de capacidad organizacional. 5. Valor de la garantía de seriedad de la oferta.
A24: Los requisitos mencionados deberán fijarse respetando las condiciones habilitantes requeridas para el cumplimiento adecuado del contrato, teniendo en cuenta el alcance de las obligaciones. En desarrollo de lo anterior, con la finalidad de beneficiar a las Mipyme, se establecerán condiciones más exigentes respecto a alguno o algunos de los criterios de participación antes enunciados frente a los demás proponentes que concurran al procedimiento de selección que no sean Mipyme. Con excepción de los procedimientos de selección abreviada por subasta inversa y de mínima cuantía, las entidades sometidas al Estatuto General de Contratación de la Administración Pública, teniendo en cuenta los criterios de clasificación empresarial, podrán establecer puntajes adicionales para Mipyme. En ningún caso, estos podrán superar el cero punto veinticinco por ciento (0.25%) del total de los puntos establecidos en el pliego de condiciones.
A25: PARÁGRAFO 1. Para los efectos de este artículo, los criterios de clasificación empresarial son los definidos en el artículo 2.2.1.13.2.2 del Decreto 1074 de 2015, Único Reglamentario del Sector Comercio, Industria y Turismo, o la norma que lo modifique, derogue o sustituya. PARÁGRAFO 2. Tratándose de proponentes plurales, los criterios diferenciales y los puntajes adicionales solo se aplicarán si por lo menos uno de los integrantes acredita la calidad de Mipyme y tiene una participación igual o superior al diez por ciento (10%) en el consorcio o la unión temporal. PARÁGRAFO 3. Lo previsto en esta norma aplica sin perjuicio de lo dispuesto en los Acuerdos Comerciales suscritos por el Estado colombiano, pero no rige en las convocatorias limitadas que se realicen conforme a los artículos 2.2.1.2.4.2.2 y 2.2.1.2.4.2.3 de este Decreto." (Adicionado por el Art. 3 del Decreto 1860 de 2021)
A26: Se determinan los siguientes requisitos diferenciales, exclusivamente para las unidades económicas que cumplan con lo estipulado en los artículos 2.2.1.2.4.2.14 (Definición de emprendimientos y empresas de mujeres), 2.2.1.2.4.2.15 (Criterios diferenciales para emprendimientos y empresas de mujeres en el sistema de compras públicas) y 2.2.1.2.4.2.18 (Criterios diferenciales para Mipyme en el sistema de compras públicas) del Decreto 1082 de 2015, los demás proponentes deberán sujetarse a los requisitos generales de capacidad financiera y organizacional determinados para el proceso contractual.
A28: REQUISITOS DE CAPACIDAD FINANCIERA DIFERENCIALES
A29: NOMBRE DEL INDICADOR | B29: VALORES MÍNIMOS EXIGIDOS
A30: Liquidez | B30: Debe demostrarse una liquidez MAYOR A UNO (1), expresado máximo con dos decimales, o el equivalente expresado en otra unidad.
A31: Nivel de Endeudamiento | B31: Debe demostrarse un endeudamiento MENOR O IGUAL AL OCHENTA POR CIENTO (80%) expresado con dos decimales, o el equivalente expresado en otra unidad.
A32: Razón de Cobertura de Intereses | B32: Se deberá acreditar una razón de cobertura de intereses POSITIVA MAYOR O IGUAL a UNO PUNTO CINCO (1,50), expresado con dos decimales, o el equivalente expresado en otra unidad. Nota: cuando el resultado en el RUP de indeterminado, el proponente cumple con el indicador.
A34: REQUISITOS DE CAPACIDAD ORGANIZACIONAL DIFERENCIALES
A35: NOMBRE DEL INDICADOR | B35: VALORES MÍNIMOS EXIGIDOS
A36: Rentabilidad del Patrimonio | B36: Los proponentes deberán presentar una Rentabilidad del Patrimonio MAYOR O IGUAL AL CERO PUNTO CINCO PORCIENTO (0,50%), expresado con dos decimales, o el equivalente expresado en otra unidad.
A37: Rentabilidad del Activo | B37: Los proponentes deberán presentar una Rentabilidad del Activo MAYOR O IGUAL AL CERO PUNTO CINCO PORCIENTO (0,50%), expresado con dos decimales, o el equivalente expresado en otra unidad.
A39: VERIFICACIÓN DE REQUISITOS HABILITANTES DE CAPACIDAD FINANCIERA Y ORGANIZACIONAL CONTENIDA EN EL RUP EN FIRME
A41: Para el presente proceso de contratación los indicadores financieros y organizacionales de los PROPONENTES PLURALES se calcularán de acuerdo a lo establecido en la Opción 2, Capítulo VII del manual Colombia Compra Eficiente. La capacidad financiera y organizacional se tomará directamente del Registro Único de Proponentes – RUP. A partir del 1 de junio de 2021, para efectos de la inscripción en el Registro Único de Proponentes, el interesado reportará la información contable de que tratan los numerales 1.3 y 2.3 del artículo 1° del Decreto 579 de 2021, correspondiente a los últimos tres (3) años fiscales anteriores al respectivo acto. En aquellos eventos en que el proponente no tenga la antigüedad suficiente para aportar la información financiera correspondiente a los tres (3) años descritos en el inciso anterior, podrá acreditar dicha información desde su primer cierre fiscal. De conformidad con los parágrafos transitorios de los artículos 2.2.1.1.1.5.2. y 2.2.1.1.1.5.6., y en desarrollo del deber de análisis de las Entidades Estatales, de que trata el artículo 2.2.1.1.1.6.1. del Decreto 579 de 2021, a partir del 1 de julio de 2021 las Entidades Estatales establecerán y evaluarán los requisitos habilitantes de capacidad financiera y organizacional teniendo en cuenta la información que conste en el Registro Único de Proponentes. En todo caso, se establecerán indicadores proporcionales al procedimiento de contratación. Para ello, atendiendo a las condiciones aludidas, en relación con los indicadores de la capacidad financiera y organizacional, de los procesos de selección cuyo acto administrativo de apertura o invitación se publique a partir del 1 de julio de 2021, se tendrá en cuenta la información vigente y en firme en el RUP, por lo que las Entidades Estatales evaluarán estos indicadores, teniendo en cuenta el mejor año fiscal que se refleje en el registro de cada proponente.
A42: El resultado de la verificación de los Indicadores de capacidad financiera y organizacional de los proponentes se expresará de acuerdo a lo siguiente: CUMPLE: Si la totalidad de los indicadores presentados por el proponente en el RUP guardan correspondencia con los mínimos exigidos por la CORPORACIÓN. NO CUMPLE: Cuando al menos uno de los indicadores presentados por el proponente en el RUP no guardan correspondencia con los mínimos exigidos por la CORPORACIÓN.

Sheet Ayuda honorarios
B1: =Instructivo!F1 -> Sistema de Gestión Integral (SGI) Instructivo - Componente Financiero EP Código: F-PGC-21. Versión: 05 | D1: Instructivo
B2: Hoja "Valores de honorarios (Prestadores de servicio)
A4: Esta hoja es informativo para que el Técnico y Supervisor conozca cual sería el valor base en caso que bajo cuenta y riesgo del contratista o conveniante decida cambiar la modalidad de contratación de prestación de servicios a laboral. Que para efectos metodologicos se calcula un factor prestacional que garantice que los recursos asignados contenga las prestaciones mínimas establecidas en el regímen salarial Colombiano y por tanto se genera una base sobre la cual sería el contrato laboral que haría el ejecutor del contrato. Sin que esto solidarice a la Corporación con el vinculo que se genera entre el Contratista que suscribe el contrato con Corantioquia y el contratista del contrato derivado.
A6: AÑO VIGENTE: | B6: 2024
A7: MEMORANDO: | B7: 190-MEM2401-182
A9: Nivel Académico Requerido | B9: Valor unitario base | C9: Factor prestacional | D9: Valor mes Honorarios
A10: Bachiller | B10: 1403736 | C10: 1.71 | D10: =ROUND('Ayuda honorarios'!B10*C10,-3) -> 2400000
A11: Técnico (*) | B11: 2417749 | C11: 1.65 | D11: =ROUND('Ayuda honorarios'!B11*C11,-3) -> 3989000
A12: Tecnólogo sin experiencia | B12: 2557595 | C12: 1.58 | D12: =ROUND('Ayuda honorarios'!B12*C12,-3) -> 4041000
A13: Tecnólogo con experiencia | B13: 2966456 | C13: 1.58 | D13: =ROUND('Ayuda honorarios'!B13*C13,-3) -> 4687000
A14: Profesional sin experiencia | B14: 3162025 | C14: 1.58 | D14: =ROUND('Ayuda honorarios'!B14*C14,-3) -> 4996000
A15: Profesional con experiencia | B15: 4650000 | C15: 1.58 | D15: =ROUND('Ayuda honorarios'!B15*C15,-3) -> 7347000
A16: Coordinador de proyecto | B16: 5578481 | C16: 1.58 | D16: =ROUND('Ayuda honorarios'!B16*C16,-3) -> 8814000
A18: Nota: El factor prestacional solo se establece con fines metodológicos para establecer un valor comparativo en caso que el ejecutor del proceso contractual no realice una contratación civil, sino una contratación laboral.
A20: DISCRIMINACIÓN DEL FACTOR PRESTACIONAL
A22: AÑO VIGENTE | B22: 2024
A23: SMMLVC | B23: 1300000
A24: AUX TRANSPORTE MENSUAL | B24: 162000
A26: ÍTEM | B26: ANÁLISIS MÁS DE 2 SMMLV (%) | C26: FUNDAMENTOS LEGALES
A27: Seguridad Social
A28: Salud (EPS) - Empleador | B28: 0.085
A29: Pensión - Empleador | B29: 0.12
A30: ARL - Riesgo V | B30: 0.0696
A31: Parafiscales
A32: Caja de compensación | B32: 0.04 | C32: Ley 21 de 1982
A33: ICBF | B33: 0.03 | C33: Ley 89 de 1988
A34: Sena | B34: 0.02 | C34: Ley 119 de 1994
A35: Prestaciones sociales
A36: Cesantías | B36: 0.083333333 | C36: Artículo 249 y ss del CST
A37: Intereses de cesantías | B37: =12%*B36 -> 0.01 | C37: Artículo 249 y ss del CST
A38: Prima de servicios | B38: 0.083333333 | C38: Artículo 307 del CST
A39: Vacaciones | B39: =B36/2 -> 0.041666667 | C39: Artículo 86 del CST
A40: Total Factor Prestacional | B40: =ROUND(SUM(B28:B39),2) -> 0.58
A42: Nivel Académico Requerido | B42: Bachiller | C42: Técnico
A43: Base SMMMLV | B43: =B10/B23 -> 1.0797969 | C43: =B11/B23 -> 1.8598069
A44: Auxilio de transporte % Valor | B44: ='Ayuda honorarios'!$B$24/'Ayuda honorarios'!B10 -> 0.11540632 | C44: =B24/B11 -> 0.067004474
A45: Cesantías | B45: =B44*B36 -> 0.009617193 | C45: =C44*B36 -> 0.0055837062
A46: Intereses de cesantías | B46: =B45*12% -> 0.0011540632 | C46: =C45*12% -> 0.00067004474
A47: Prima de servicios | B47: =B45 -> 0.009617193 | C47: =C45 -> 0.0055837062
A48: Total | B48: =ROUND(SUM(B44:B47)+B40,2) -> 0.72 | C48: =ROUND(SUM(C44:C47)+B40,2) -> 0.66
A49: El auxilio de transporte y sus debidas prestaciones solo se reconocen a los trabajadores que devenguen hasta 2 SMMLVC
